Workbook
Name accion: BBDD!$C$2:$C$5
Name dependencia: [1]bd!$E$3:$E$45
Name eficacia: BBDD!$H$2:$H$3
Name ehallazgo: BBDD!$G$2:$G$3
Name estadoaccion: BBDD!$F$2:$F$5
Name hallazgo: BBDD!$B$2:$B$4
Name modifica: BBDD!$E$2:$E$3
Name Origen: BBDD!$A$2:$A$17
Name proceso: BBDD!$D$2:$D$19
Name tipo_accion: [1]bd!$F$3:$F$5
Name ubicacion_origen: [1]bd!$D$3:$D$72
Name valida: [1]bd!$H$3:$H$4

Sheet Hallazgos
A3: Cuenta de Tipo de hallazgo | B3: Etiquetas de columna
A4: Etiquetas de fila | B4: No conformidad | C4: Observación | D4: Oportunidad de Mejora | E4: Total general
A5: Auditoria Interna Gestion XXXXX 2019 | B5: 2 | E5: 2
A6: Gestión de Comunicaciones | B6: 1 | E6: 1
A7: Planeación Estratégica | B7: 1 | E7: 1
A8: Auditoria Interna Gestion 2 2019 | C8: 1 | E8: 1
A9: Gestión Análisis y mejora continua | C9: 1 | E9: 1
A10: Auditoria Interna Gestion 3 2019 | B10: 1 | D10: 1 | E10: 2
A11: Gestión de Cooperación Internacional y Alianzas Estratégicas | D11: 1 | E11: 1
A12: Gestión de atención al usuario | B12: 1 | E12: 1
A13: Total general | B13: 3 | C13: 1 | D13: 1 | E13: 5
A17: Cuenta de 1. Estado de la acción Vencida-Sin Iniciar….. | B17: Etiquetas de columna
A18: Etiquetas de fila | B18: Cumplida | C18: En Avance | D18: Sin iniciar | E18: Vencida | F18: Total general
A19: Auditoria Interna Gestion XXXXX 2019 | B19: 1 | C19: 1 | F19: 2
A20: Gestión de Comunicaciones | C20: 1 | F20: 1
A21: Planeación Estratégica | B21: 1 | F21: 1
A22: Auditoria Interna Gestion 2 2019 | E22: 1 | F22: 1
A23: Gestión Análisis y mejora continua | E23: 1 | F23: 1
A24: Auditoria Interna Gestion 3 2019 | B24: 1 | D24: 1 | F24: 2
A25: Gestión de Cooperación Internacional y Alianzas Estratégicas | D25: 1 | F25: 1
A26: Gestión de atención al usuario | B26: 1 | F26: 1
A27: Total general | B27: 2 | C27: 1 | D27: 1 | E27: 1 | F27: 5

Sheet PLAN DE MEJORAMIENTO
H1: DIRECCIÓN NACIONAL BOMBEROS COLOMBIA | BV1: CODIGO | BY1: FO-MC-02-01
H3: FORMATO FORMULACIÓN, MONITOREO, SEGUIMIENTO y EVALUACIÓN A PLANES DE MEJORAMIENTO INTERNOS Y EXTERNOS | BV3: VERSIÓN | BY3: 3
BV4: VIGENCIA | BY4: 46084
A6: FORMULACIÓN | U6: C | AI6: SEGUNDO TRIMESTRE | AY6: TERCER TRIMESTRE | BO6: CUARTO TRIMESTRE
U7: SEGUIMIENTO PRIMERA LÍNEA DE DEFENSA | X7: SEGUIMIENTO SEGUNDA LÍNEA DE DEFENSA | AB7: SEGUIMIENTO TERCERA LÍNEA DE DEFENSA | AI7: SEGUIMIENTO PRIMERA LÍNEA DE DEFENSA | AL7: SEGUIMIENTO SEGUNDA LÍNEA DE DEFENSA | AP7: SEGUIMIENTO TERCERA LÍNEA DE DEFENSA | AY7: SEGUIMIENTO PRIMERA LÍNEA DE DEFENSA | BB7: SEGUIMIENTO SEGUNDA LÍNEA DE DEFENSA | BF7: SEGUIMIENTO TERCERA LÍNEA DE DEFENSA | BO7: SEGUIMIENTO PRIMERA LÍNEA DE DEFENSA | BR7: SEGUIMIENTO SEGUNDA LÍNEA DE DEFENSA | BV7: SEGUIMIENTO TERCERA LÍNEA DE DEFENSA
A8: NÚMERO DE HALLAZGOS | B8: TIPO DE AUDITORIA | C8: VIGENCIA | D8: DEPENDENCIA | E8: TEMA | F8: CÓDIGO DE HALLAZGO | G8: DESCRIPCIÓN DEL HALLAZGO | H8: POLÍTICA MIPG IMPACTADA | I8: ANALISIS DE CAUSAS | J8: CAUSA RAÍZ DEL HALLAZGO | K8: acción correctiva | L8: COD ACTIVIDAD | M8: ACTIVIDADES/DESCRIPCIÓN | N8: UNIDAD DE MEDIDA | O8: CANTIDAD / UNIDAD DE MEDIDA | P8: FECHA DE INICIO | Q8: FECHA DE FINALIZACIÓN | R8: ACTIVIDADES/PLAZO EN SEMANAS | S8: RESPONSABLE / PROCESO | T8: OBSERVACIONES | U8: 1. Avance físico de ejecución | V8: 1. Descripción de evidencias o soportes ejecución | W8: 1. Evidencias LINK | X8: 2. Fecha del seguimiento | Y8: 2. Descripción seguimiento evidencia | Z8: 2. % Avance | AA8: 2. EFICACIA | AB8: 3. Fecha de Seguimiento | AC8: 3. Avance físico de ejecución | AD8: 3. Observaciones | AE8: 3. Estado de Oportunidad | AF8: EFECTIVIDAD | AG8: ESTADO | AH8: OBSERVACIONES | AI8: 1. Avance físico de ejecución | AJ8: 1. Descripción de evidencias o soportes ejecución | AK8: 1. Evidencias LINK | AL8: 2. Fecha del seguimiento | AM8: 2. Descripción seguimiento evidencia | AN8: 2. % Avance | AO8: 2. EFICACIA | AP8: 3. Fecha de Seguimiento | AQ8: 3. Avance físico de ejecución | AR8: 3. Observaciones | AS8: 3. Estado de Oportunidad | AT8: EFECTIVIDAD | AU8: ESTADO | AW8: OBSERVACIONES | AY8: 1. Avance físico de ejecución | AZ8: 1. Descripción de evidencias o soportes ejecución | BA8: 1. Evidencias LINK | BB8: 2. Fecha del seguimiento | BC8: 2. Descripción seguimiento evidencia | BD8: 2. % Avance | BE8: 2. EFICACIA | BF8: 3. Fecha de Seguimiento | BG8: 3. Avance físico de ejecución | BH8: 3. Observaciones | BI8: 3. Estado de Oportunidad | BJ8: EFECTIVIDAD | BK8: ESTADO | BM8: OBSERVACIONES | BO8: 1. Avance físico de ejecución | BP8: 1. Descripción de evidencias o soportes ejecución | BQ8: 1. Evidencias LINK | BR8: 2. Fecha del seguimiento | BS8: 2. Descripción seguimiento evidencia | BT8: 2. % Avance | BU8: 2. EFICACIA | BV8: 3. Fecha de Seguimiento | BW8: 3. Avance físico de ejecución | BX8: 3. Observaciones | BY8: 3. Estado de Oportunidad | BZ8: EFECTIVIDAD | CA8: ESTADO | CC8: OBSERVACIONES
A9: 1 | B9: Auditoría interna | C9: 2018 | D9: Subdirección Administrativa y Financiera | F9: 2018_GA_H1 | G9: A pesar de establecer un sistema de control en la información de los inventarios a través del Excel, se encontró que no se cuenta con mecanismos de control necesario como es (Software de inventarios) que garanticen la contabilización y confiabilidad de la información recibida y generada, para el ingreso, entrega y actualización de inventario. Se evidencia que se estableció la Compra de Software de inventario, el en el Plan Anual de Adquisiciones de este año, por valor de $ 80.000.000, el cual a la fecha no se ha comprado por falta de recursos en la DNBC. Teniendo en cuenta lo anterior, el proceso de gestión administrativa, afirma que personal encargado del almacén diseñó una base de datos que permite la contabilización de la información recibida y generada, para el ingreso, entrega y actualización de inventario, así mismo informan que el día 14 de octubre de 2016 se actualizó el Plan Anual de Adquisiciones y se retiró del mismo la adquisición del Software de inventarios ya que no se cuenta con presupuesto disponible para su compra. No se posee un Programa Sistemático de Inventarios, que lleve un adecuado control, tanto de entradas como salidas de elementos. Asimismo, que permita de manera inmediata reflejar cantidades, valores unitarios, totales y el centro de costo (ubicación) del bien. | I9: 1er Por qué: Por el tiempo que lleva de creada la institución no se requería de un software para este tipo de control. 2do Por qué: No se tenía una gran cantidad de inventarios para administrar. 3er Por qué: No se habían asignado recursos para la adquisición de este software, porque debido a las medidas de sostenibilidad fiscal, se recortaron recursos a las entidades del Estado. | J9: La institución era pequeña y no se había evidenciado la necesidad de esta adquisición. | K9: Acción correctiva | L9: GA_AC01 | M9: Implementación modulo de Inventario de SIIF Nación | N9: Modulo Implementado | O9: 1 | P9: 46082 | Q9: 46387 | R9: =DAYS360(P9,Q9)/360*54 -> 45 | S9: 14. Gestión Administrativa / 13. Gestión Financiera | T9: Revisar Tema con Financiera | U9: =+IFERROR(VLOOKUP($L9,ACTIVIDADES!$B$9:$X$493,10,0),"") -> 1 | V9: =+IFERROR(VLOOKUP($L9,ACTIVIDADES!$B$9:$X$493,11,0)," ") -> Se esta manejando una prueba piloto SIIF NACIÓN | W9: =+IFERROR(VLOOKUP($L9,ACTIVIDADES!$B$9:$X$493,12,0),"") -> https://dnbcgovco-my.sharepoint.com/:f:/g/personal/planeacion_dnbc_gov_co/IgCKsvM4H_KTR6xnllTYAW4KAYnPCAelO_DLpgStTfwUj-M?e=KcFs8q | X9: =+IFERROR(VLOOKUP($L9,ACTIVIDADES!$B$9:$X$493,13,0),"") -> 46153 | Y9: =+IFERROR(VLOOKUP($L9,ACTIVIDADES!$B$9:$X$493,14,0),"") -> Se evidencia respuesta de MinHacienda para uso piloto de sistema Siif Nación - Modulo Recursos Fisicos | Z9: =+IFERROR(VLOOKUP($L9,ACTIVIDADES!$B$9:$X$493,15,0),"") -> 0.1 | AA9: =+IFERROR(VLOOKUP($L9,ACTIVIDADES!$B$9:$X$493,16,0),"") -> EJECUCIÓN | AB9: 46171 | AC9: 0.1 | AD9: Se evidenció correo electronioco de fecha 03/02/2026 donde gestion financiera solicita al ministerio de hecienda y credito publico un modulo de gestion de recursos fisicos, y mediante el cual se recibe respueta con fecha 20/02/2026 para iniciar una prueba piloto | AE9: C. EXTRATEMPORANEAMENTE | AF9: No aplica | AG9: No aplica | AH9: No aplica | AO9: EJECUCIÓN | AS9: SIN INICIAR | AT9: EFECTIVO | AU9: ABIERTO | BE9: EJECUCIÓN | BI9: SIN INICIAR | BJ9: EFECTIVO | BK9: ABIERTO | BU9: EJECUCIÓN | BY9: SIN INICIAR | BZ9: EFECTIVO | CA9: ABIERTO
A10: =+A9+1 -> 2 | B10: Auditoría interna | C10: 2019 | D10: Subdirección Administrativa y Financiera | F10: 2019_AD_H1 | G10: Aunque se han diseñado programas de mantenimiento preventivo para instalaciones, equipos y vehículos, éstos no se han ejecutado a la fecha, incumpliendo lo establecido en el ítem Mantenimiento periódico de instalaciones, equipos, máquinas, herramientas, del Artículo 16, Resolución 312 de 2019, además corriendo el riesgo de daño de los vehículos, entre otros y conllevando a mantenimientos correctivos, lo cual podría generar un incremento en los costos para la DNBC. | I10: Dificultades en el establecimiento oportuno de contratación de los programas de mantenimiento y personal para ejecución de los mismos. Pues estos dependen de la aprobación de recursos y programas en JNB, para su posterior ejecución presupuestal y contratación. | J10: Dificultades en el establecimiento oportuno de contratación de los programas de mantenimiento y personal para ejecución de los mismos. Pues estos dependen de la aprobación de recursos y programas en JNB, para su posterior ejecución presupuestal y contratación. | K10: Acción correctiva | L10: GA_AC02 | M10: Elaborar manual o instructivo o procedimiento sobre las actividades que se deben desarrollar para el mantenimiento preventivo y correctivo de los bienes a cargo de la entidad | N10: Documento elaborado | O10: 1 | P10: 46143 | Q10: 46295 | R10: =DAYS360(P10,Q10)/360*54 -> 22.35 | S10: 14. Gestión Administrativa | U10: =+IFERROR(VLOOKUP($L10,ACTIVIDADES!$B$9:$X$493,10,0),"") -> 0 | V10: =+IFERROR(VLOOKUP($L10,ACTIVIDADES!$B$9:$X$493,11,0)," ") -> En proceso de elaboración | W10: =+IFERROR(VLOOKUP($L10,ACTIVIDADES!$B$9:$X$493,12,0),"") -> https://dnbcgovco-my.sharepoint.com/:f:/g/personal/planeacion_dnbc_gov_co/IgD_grekOtWqQqtlM5-uKNzKAXw_t2tystb5VgPWhpKqINg?e=7IgzFu | X10: =+IFERROR(VLOOKUP($L10,ACTIVIDADES!$B$9:$X$493,13,0),"") -> 46153 | Y10: =+IFERROR(VLOOKUP($L10,ACTIVIDADES!$B$9:$X$493,14,0),"") -> No se evidencia avance para el periodo | Z10: =+IFERROR(VLOOKUP($L10,ACTIVIDADES!$B$9:$X$493,15,0),"") -> 0 | AA10: =+IFERROR(VLOOKUP($L10,ACTIVIDADES!$B$9:$X$493,16,0),"") -> EJECUCIÓN | AB10: 46170 | AC10: 0 | AD10: No fue posible identificar evidencias para el presente período de análisis | AE10: SIN INICIAR | AF10: No aplica | AG10: No aplica | AH10: No aplica
A11: =+A10+1 -> 3 | B11: Auditoría interna | C11: 2019 | D11: Subdirección Administrativa y Financiera | F11: 2019_AD_H1 | G11: Aunque se han diseñado programas de mantenimiento preventivo para instalaciones, equipos y vehículos, éstos no se han ejecutado a la fecha, incumpliendo lo establecido en el ítem Mantenimiento periódico de instalaciones, equipos, máquinas, herramientas, del Artículo 16, Resolución 312 de 2019, además corriendo el riesgo de daño de los vehículos, entre otros y conllevando a mantenimientos correctivos, lo cual podría generar un incremento en los costos para la DNBC. | I11: Dificultades en el establecimiento oportuno de contratación de los programas de mantenimiento y personal para ejecución de los mismos. Pues estos dependen de la aprobación de recursos y programas en JNB, para su posterior ejecución presupuestal y contratación. | J11: Dificultades en el establecimiento oportuno de contratación de los programas de mantenimiento y personal para ejecución de los mismos. Pues estos dependen de la aprobación de recursos y programas en JNB, para su posterior ejecución presupuestal y contratación. | K11: Acción correctiva | L11: GA_AC03 | M11: Elaborar y Ejecutar plan o programa de mantenimiento exigidos por la norma. | N11: Plan o programa de mantenimiento ejecutado | O11: 1 | P11: 46143 | Q11: 46387 | R11: =DAYS360(P11,Q11)/360*54 -> 36 | S11: 14. Gestión Administrativa | U11: =+IFERROR(VLOOKUP($L11,ACTIVIDADES!$B$9:$X$493,10,0),"") -> 0 | V11: =+IFERROR(VLOOKUP($L11,ACTIVIDADES!$B$9:$X$493,11,0)," ") -> En proceso de elaboración | W11: =+IFERROR(VLOOKUP($L11,ACTIVIDADES!$B$9:$X$493,12,0),"") -> https://dnbcgovco-my.sharepoint.com/:f:/g/personal/planeacion_dnbc_gov_co/IgCHix03hdsORJdFzXwbKzzkAYCwKvT-WMSbymO7s_ZNdBo?e=tzOHt9 | X11: =+IFERROR(VLOOKUP($L11,ACTIVIDADES!$B$9:$X$493,13,0),"") -> 46153 | Y11: =+IFERROR(VLOOKUP($L11,ACTIVIDADES!$B$9:$X$493,14,0),"") -> No se evidencia avance para el periodo | Z11: =+IFERROR(VLOOKUP($L11,ACTIVIDADES!$B$9:$X$493,15,0),"") -> 0 | AA11: =+IFERROR(VLOOKUP($L11,ACTIVIDADES!$B$9:$X$493,16,0),"") -> EJECUCIÓN | AB11: 46170 | AC11: 0 | AD11: No fue posible identificar evidencias para el presente período de análisis | AE11: SIN INICIAR | AF11: No aplica | AG11: No aplica | AH11: No aplica
A12: =+A11+1 -> 4 | B12: Auditoría interna | C12: 2019 | D12: Subdirección Administrativa y Financiera | F12: 2019_CO_H1 | G12: El proceso de Gestión Contractual presenta incumplimiento en los tiempos y debilidades en los controles establecidos actualmente, lo cual va en contravía a lo establecido en el actual Manual de Contratación institucional el cual determina que: “5. PLANEACIÓN DE LA GESTIÓN CONTRACTUAL La planeación será el pilar de los todos los procesos contractuales que adelante la Dirección Nacional de Bomberos. La aplicación de este principio implicara contar con un plan que consolide y priorice las adquisiciones de la dirección, teniendo en cuenta las necesidades diagnosticadas, la realización de estudios y análisis antes de iniciar un procedimiento de selección...” dicha priorización no se evidencia en los instrumentos actuales de la gestión contractual, por lo cual se estructura la presente No Conformidad. | H12: GESTIÓN PRESUPUESTAL Y EFICIENCIA DEL GASTO PÚBLICO | I12: Incumplimiento de los procesos de la entidad en la presentación oportuna de los estudios previos, análisis del sector, estudios de mercado y demás soportes requeridos para la contratación que se solicite. Falta de atención por parte de las áreas usuarias en la presentación integral y oportuna de la información soporte del proceso contractual. | J12: Falta de atención por parte de las áreas usuarias en la presentación integral y oportuna de la información soporte del proceso contractual. | K12: Acción correctiva | L12: GC_AC1 | M12: Seguimiento al Plan de adquisiciones realizados y validación con el cargue de información con SECOP | N12: Seguimientos realizados | O12: 9 | P12: 46113 | Q12: 46387 | R12: =DAYS360(P12,Q12)/360*54 -> 40.5 | S12: 15. Gestión Contractual | T12: En mesa de trabajo se actualización | U12: =+IFERROR(VLOOKUP($L12,ACTIVIDADES!$B$9:$X$493,10,0),"") -> 1 | V12: =+IFERROR(VLOOKUP($L12,ACTIVIDADES!$B$9:$X$493,11,0)," ") -> Se informa que ya se realizaron los ajustes correspondientes en la página principal del sitio web de la Entidad, conforme a lo establecido en el Anexo 2 de la Resolución 1519 de 2020. En este sentido, se implementó la sección “Transparencia y acceso a la información pública”, así como la inclusión del footer (pie de página) GOV.CO y el nuevo menú de Atención y Servicios a la Ciudadanía y Participa. | W12: =+IFERROR(VLOOKUP($L12,ACTIVIDADES!$B$9:$X$493,12,0),"") -> https://dnbc.gov.co/transparencia-y-acceso-a-la-informacion-publica/ | X12: =+IFERROR(VLOOKUP($L12,ACTIVIDADES!$B$9:$X$493,13,0),"") -> 46153 | Y12: =+IFERROR(VLOOKUP($L12,ACTIVIDADES!$B$9:$X$493,14,0),"") -> Se adjunta pabtallazo de pagina web donde se evidencia la creación del portal de transparencia | Z12: =+IFERROR(VLOOKUP($L12,ACTIVIDADES!$B$9:$X$493,15,0),"") -> 1 | AA12: =+IFERROR(VLOOKUP($L12,ACTIVIDADES!$B$9:$X$493,16,0),"") -> CUMPLIDO | AB12: 46157 | AC12: 0.5 | AD12: Se evidencio que la accion formulada carece de soportes que permitan verificar el cumplimiento de la actividad, toda vez que los documentos reportados no incluyen segumientos al plan anual de adquisiciones. | AE12: EN EJECUCIÓN | AF12: No aplica | AG12: No aplica | AH12: No aplica
A13: =+A12+1 -> 5 | B13: Auditoría interna | C13: 2019 | D13: Subdirección Administrativa y Financiera | F13: 2019_CO_H2 | G13: Se evidenció que la “Constancia de idoneidad y experiencia” en los contratós de Prestación de servicios profesionales No. 014, 022, 087 y 089 del 2018, y en el documento “Verificación de los documentos de la propuesta” de los contratós de prestación de servicios No. 006, 014, 081, 087, 088 y 089 de 2018 expedidos y suscritos por el Subdirector Administrativo y Financiero de la DNBC, registraron información que no fue fidedigna a la aportada por el contratista, situación que denota que los controles presentaron debilidades al generarse documentos oficiales con inconsistencias, incumpliendo lo establecido en el MIPG - Dimensión 3 Gestión con valores para resultados - cuando señala: “... los aspectos mínimos que una entidad debe tener en cuenta para trabajar por procesos son los siguientes: …- Documentar y formalizar los procesos para identificar el aporte que cada uno hace a la prestación del servicio y la adecuada gestión, - Definir los responsables del proceso y sus obligaciones, -Identificar los riesgos del proceso, así como establecer los controles correspondientes. - Definir los controles de medición y seguimiento correspondientes”. | H13: COMPRAS Y CONTRATACIÓN PÚBLICA | I13: Debilidad en la ejecución de los controles para la elaboración de los documentos propios del Proceso Gestión contractual. | J13: Debilidad en la ejecución de los controles para la elaboración de los documentos propios del Proceso Gestión contractual. | K13: Acción correctiva | L13: GC_AC2 | M13: Realizar la revisión de los documentos "Constancia de idoneidad y experiencia" y "verificación de los documentos de la propuesta" por parte de un profesional diferente al profesional que proyectó el respectivo documento a fin de verificar la consistencia de la información. | N13: N° de documentos con revisión / N° de documentos expedidos (Constancia de idoneidad y experiencia y verificación de los documentos de la propuesta) | O13: 1 | P13: 43832 | Q13: 44012 | R13: =DAYS360(P13,Q13)/360*54 -> 26.7 | S13: 15. Gestión Contractual | T13: En mesa de trabajo se determina que se debe es reportar seguimiento | U13: =+IFERROR(VLOOKUP($L13,ACTIVIDADES!$B$9:$X$493,10,0),"") -> 1 | V13: =+IFERROR(VLOOKUP($L13,ACTIVIDADES!$B$9:$X$493,11,0)," ") -> Se informa que la socialización esta planmteada para el día martes 28 de abril | W13: =+IFERROR(VLOOKUP($L13,ACTIVIDADES!$B$9:$X$493,12,0),"") -> 0 | X13: =+IFERROR(VLOOKUP($L13,ACTIVIDADES!$B$9:$X$493,13,0),"") -> 46153 | Y13: =+IFERROR(VLOOKUP($L13,ACTIVIDADES!$B$9:$X$493,14,0),"") -> Se evidencia socialización el día 28 de abril | Z13: 1 | AA13: =+IFERROR(VLOOKUP($L13,ACTIVIDADES!$B$9:$X$493,16,0),"") -> CUMPLIDO | AB13: 46157 | AC13: 0 | AD13: Se evidencio que la accion formulada carece de soportes que permitan verificar el cumplimiento de la actividad, toda vez que los documentos reportados no subsanan el hallazgo fotmulado | AE13: VENCIDA | AF13: No aplica | AG13: No aplica | AH13: No aplica
A14: =+A13+1 -> 6 | B14: Auditoría interna | C14: 2019 | D14: Subdirección Administrativa y Financiera | F14: 2019_CO_H2 | G14: Se evidenció que la “Constancia de idoneidad y experiencia” en los contratós de Prestación de servicios profesionales No. 014, 022, 087 y 089 del 2018, y en el documento “Verificación de los documentos de la propuesta” de los contratós de prestación de servicios No. 006, 014, 081, 087, 088 y 089 de 2018 expedidos y suscritos por el Subdirector Administrativo y Financiero de la DNBC, registraron información que no fue fidedigna a la aportada por el contratista, situación que denota que los controles presentaron debilidades al generarse documentos oficiales con inconsistencias, incumpliendo lo establecido en el MIPG - Dimensión 3 Gestión con valores para resultados - cuando señala: “... los aspectos mínimos que una entidad debe tener en cuenta para trabajar por procesos son los siguientes: …- Documentar y formalizar los procesos para identificar el aporte que cada uno hace a la prestación del servicio y la adecuada gestión, - Definir los responsables del proceso y sus obligaciones, -Identificar los riesgos del proceso, así como establecer los controles correspondientes. - Definir los controles de medición y seguimiento correspondientes”. | H14: COMPRAS Y CONTRATACIÓN PÚBLICA | I14: Debilidad en la ejecución de los controles para la elaboración de los documentos propios del Proceso Gestión contractual. | J14: Debilidad en la ejecución de los controles para la elaboración de los documentos propios del Proceso Gestión contractual. | K14: Acción correctiva | L14: GC_AC3 | M14: Incluir en el Procedimiento Gestión Contractual el control para la revisión de los documentos "Hoja de vida DAFP", "Constancia de idoneidad y experiencia" y "verificación de los documentos de la propuesta". | N14: Procedimiento Gestión Contractual actualizado con controles para la revisión de los documentos "Hoja de Vida DAFP", "Constancia de idoneidad y experiencia" y "verificación de los documentos de la propuesta", publicados en la carpeta del SIGEC | O14: 1 | P14: 43808 | Q14: 43917 | R14: =DAYS360(P14,Q14)/360*54 -> 16.2 | S14: 15. Gestión Contractual | T14: En mesa de trabajo se determina que se debe es reportar seguimiento | U14: =+IFERROR(VLOOKUP($L14,ACTIVIDADES!$B$9:$X$493,10,0),"") -> 1 | V14: =+IFERROR(VLOOKUP($L14,ACTIVIDADES!$B$9:$X$493,11,0)," ") -> Se informa que ya se encuentra el link de procesos y procedimientos en el menu de transparencia y acceso a la información. | W14: =+IFERROR(VLOOKUP($L14,ACTIVIDADES!$B$9:$X$493,12,0),"") -> https://dnbc.gov.co/transparencia-y-acceso-a-la-informacion-publica/ - https://dnbcgovco-my.sharepoint.com/personal/planeacion_dnbc_gov_co/_layouts/15/onedrive.aspx?id=%2Fpersonal%2Fplaneacion%5Fdnbc%5Fgov%5Fco%2FDocuments%2FDocumentos%20SIGE%2F2%2E%20Procesos&ga=1 | X14: =+IFERROR(VLOOKUP($L14,ACTIVIDADES!$B$9:$X$493,13,0),"") -> 46153 | Y14: =+IFERROR(VLOOKUP($L14,ACTIVIDADES!$B$9:$X$493,14,0),"") -> Se evidencia pantallazo de transparencia dodne en el numeral 1.9 se da link a documentos del sistema de gestión de la entidad | Z14: =+IFERROR(VLOOKUP($L14,ACTIVIDADES!$B$9:$X$493,15,0),"") -> 1 | AA14: =+IFERROR(VLOOKUP($L14,ACTIVIDADES!$B$9:$X$493,16,0),"") -> CUMPLIDO | AB14: 46157 | AC14: 1 | AD14: Se evidencio pantallazo de la pagina web de la entidad en la cual se puede realizar o verificar los procdimientos de cada uno de los proceos de la DNBC | AE14: C. EXTRATEMPORANEAMENTE | AF14: No aplica | AG14: ABIERTO | AH14: De acuerdo con el procedimiento "Formulación, monitoreo y seguimiento a planes de mejoramiento internos y externos, V06 del 20/055/2026", se realizará la evaluación de la efectividad, cuando pasado un (1) año de su cumplimiento (31//03/2026), Control Interno establecerá si, las acciones propuestas o planeadas eliminaron o subsanaron la causa que generó el hallazgo, o se han modificado los supuestos de hecho o de derecho que dieron origen al mismo.
A15: =+A14+1 -> 7 | B15: Auditoría interna | C15: 2019 | D15: Subdirección Administrativa y Financiera | F15: 2019_TI_H5 | G15: Se evidencia que a la fecha no se cuenta con el nivel de adopción de los lineamientos de planeación estratégica que permitan la implementación de la política de Gobierno Digital de acuerdo con lo establecido en MANUAL DE GOBIERNO DIGITAL, Implementación de la Política de Gobierno Digital Decreto 1008 de 2018 (Compilado en el Decreto 1078 de 2015, capítulo 1, título 9, parte 2, libro 2). | I15: 1. Por qué: Desconocimiento de los los lineamientos, estándares y acciones a ejecutar que conforman la política de Gobierno Digital. | J15: Desconocimiento de los lineamientos, estándares y acciones a ejecutar que conforman la política de Gobierno Digital. | K15: Acción correctiva | L15: TI_AC1 | M15: Implementar el proyecto de estabilizacion de Servicios Tecnológicos que pretende habilitar los elementos transversales de Seguridad de la Información y Servicios Ciudadanos Digitales | N15: N.º de actividades programadas / N.º de actividades realizadas | O15: 1 | P15: 46113 | Q15: 46387 | R15: =DAYS360(P15,Q15)/360*54 -> 40.5 | S15: 18. Gestión de Tecnología e Informática | U15: =+IFERROR(VLOOKUP($L15,ACTIVIDADES!$B$9:$X$493,10,0),"") -> 0.3 | V15: =+IFERROR(VLOOKUP($L15,ACTIVIDADES!$B$9:$X$493,11,0)," ") -> Se aporta como evidencia el formato de necesidad RUE 2.0, que soporta la implementación y fortalecimiento de los servicios tecnológicos institucionales. | W15: =+IFERROR(VLOOKUP($L15,ACTIVIDADES!$B$9:$X$493,12,0),"") -> https://dnbcgovco-my.sharepoint.com/:f:/g/personal/planeacion_dnbc_gov_co/IgBrVWPM042YTo_4iT2tkw4QAfir0p78OawR0odu1yhtmJU?e=xX7mWf | X15: =+IFERROR(VLOOKUP($L15,ACTIVIDADES!$B$9:$X$493,13,0),"") -> 46153 | Y15: =+IFERROR(VLOOKUP($L15,ACTIVIDADES!$B$9:$X$493,14,0),"") -> Se evidencia formato de necesidad para proceso contractual | Z15: =+IFERROR(VLOOKUP($L15,ACTIVIDADES!$B$9:$X$493,15,0),"") -> 0.3 | AA15: =+IFERROR(VLOOKUP($L15,ACTIVIDADES!$B$9:$X$493,16,0),"") -> EJECUCIÓN | AB15: 46178 | AC15: 0.3 | AD15: Se evidenció como soporte el formato de necesidad correspondiente al bien o servicio solicitado denominado "Desarrollo e implementación de la versión RUE 2.0 para la Dirección Nacional de Bomberos", con fecha del 10 de febrero de 2016. No obstante, la evidencia aportada corresponde únicamente a la identificación de una necesidad específica relacionada con el RUE 2.0 y no demuestra de manera suficiente la implementación del proyecto de estabilizacion de Servicios Tecnológicos que pretende habilitar los elementos transversales de Seguridad de la Información y Servicios Ciudadanos Digitales definidada como la acción correctiva a desarrollar. En consecuencia, la tercera línea de defensa recomienda identificar e implementar acciones adicionales orientadas a la apropiación, el diagnóstico, la planificación y el seguimiento de la Política de Gobierno Digital, conforme a los lineamientos del Ministerio TIC. Asimismo, se recomienda subsanar la causa raíz del hallazgo identificado, con el fin de asegurar la efectividad de la acción de correctiva y prevenir su recurrencia. | AE15: EN EJECUCIÓN | AF15: No aplica | AG15: No aplica | AH15: No aplica
A16: =+A15+1 -> 8 | B16: Auditoría interna | C16: 2019 | D16: Subdirección Administrativa y Financiera | F16: 2019_TI_H5 | G16: Se evidencia que a la fecha no se cuenta con el nivel de adopción de los lineamientos de planeación estratégica que permitan la implementación de la política de Gobierno Digital de acuerdo con lo establecido en MANUAL DE GOBIERNO DIGITAL, Implementación de la Política de Gobierno Digital Decreto 1008 de 2018 (Compilado en el Decreto 1078 de 2015, capítulo 1, título 9, parte 2, libro 2). | I16: 1º Por qué: Desconocimiento de los lineamientos, estándares y acciones a ejecutar que conforman la política de Gobierno Digital. | J16: Desconocimiento de los lineamientos, estándares y acciones a ejecutar que conforman la política de Gobierno Digital. | K16: Acción correctiva | L16: TI_AC2 | M16: Implementación del protocolo de internet IPv6 de acuerdo a la Resolución 2710 de 2017. | N16: Implementacion del protocolo de internet IPV6 | O16: 1 | P16: 46113 | Q16: 46387 | R16: =DAYS360(P16,Q16)/360*54 -> 40.5 | S16: 18. Gestión de Tecnología e Informática | U16: =+IFERROR(VLOOKUP($L16,ACTIVIDADES!$B$9:$X$493,10,0),"") -> 0.1 | V16: =+IFERROR(VLOOKUP($L16,ACTIVIDADES!$B$9:$X$493,11,0)," ") -> A la fecha no existe proceso formal de implementación de IPv6; se identifica la necesidad dentro del PETI 2026 para definir hoja de ruta y acciones de cumplimiento. | W16: =+IFERROR(VLOOKUP($L16,ACTIVIDADES!$B$9:$X$493,12,0),"") -> 0 | X16: =+IFERROR(VLOOKUP($L16,ACTIVIDADES!$B$9:$X$493,13,0),"") -> 46153 | Y16: =+IFERROR(VLOOKUP($L16,ACTIVIDADES!$B$9:$X$493,14,0),"") -> El PETI se encuentra en proceso de actualización | Z16: =+IFERROR(VLOOKUP($L16,ACTIVIDADES!$B$9:$X$493,15,0),"") -> 0 | AA16: =+IFERROR(VLOOKUP($L16,ACTIVIDADES!$B$9:$X$493,16,0),"") -> EJECUCIÓN | AB16: 46181 | AC16: 0 | AD16: No fue posible identificar evidencias para el presente período de análisis | AE16: SIN INICIAR | AF16: No aplica | AG16: No aplica | AH16: No aplica
A17: =+A16+1 -> 9 | B17: Auditoría interna | C17: 2019 | D17: Subdirección Administrativa y Financiera | F17: 2019_TI_H4 | G17: Se evidencia debilidad en la documentación (Caracterización del proceso) y ejecución del proceso por cuanto no se han implementado los procedimientos requeridos para ejecutar de manera estandarizada y soportada las actividades propias de proceso, incumpliendo lo establecido en el MIPG, 3.2.1.1 Política de Fortalecimiento organizacional y simplificación de procesos. | I17: 1. Por qué; El grupo de gestión tecnológica no cuenta con el personal suficiente que permita realizar verificación o actualización de los procesos de la Gestión de TI 2. Por qué: El área de Gestión Tecnológica no tiene metodologías definidas para atender los requerimientos e incidentes por lo irregular de los elementos que componen de la red corporativa de la entidad. 3. Por que; No se tienen claramente identificados los factores críticos o de éxito del proceso. | J17: No se tienen claramente identificados los factores críticos o de éxito del proceso. | K17: Acción correctiva | L17: TI_AC3 | M17: Realizar la caracterización del proceso definiendo los factores críticos y de exitico del proceso. | N17: Metodologias definidas en el proceso de Gestión de Tecnología | O17: 1 | P17: 46023 | Q17: 46142 | R17: =DAYS360(P17,Q17)/360*54 -> 17.85 | S17: 18. Gestión de Tecnología e Informática | T17: Reportar seguimiento | U17: =+IFERROR(VLOOKUP($L17,ACTIVIDADES!$B$9:$X$493,10,0),"") -> 1 | V17: =+IFERROR(VLOOKUP($L17,ACTIVIDADES!$B$9:$X$493,11,0)," ") -> Se aporta como evidencia la Caracterización CT-TI versión 04 aprobada, que contiene la definición de factores críticos y de éxito del proceso. | W17: =+IFERROR(VLOOKUP($L17,ACTIVIDADES!$B$9:$X$493,12,0),"") -> https://dnbcgovco-my.sharepoint.com/:f:/g/personal/planeacion_dnbc_gov_co/IgB5ud7b1mvzR6LEuE_muVtIAXnMfndxc-qfhTxTextcGU4?e=aHpPFN | X17: =+IFERROR(VLOOKUP($L17,ACTIVIDADES!$B$9:$X$493,13,0),"") -> 46153 | Y17: =+IFERROR(VLOOKUP($L17,ACTIVIDADES!$B$9:$X$493,14,0),"") -> Se adjunta caracterizaicón del proceso en su versión 4 disponible desde marzo 2026 | Z17: =+IFERROR(VLOOKUP($L17,ACTIVIDADES!$B$9:$X$493,15,0),"") -> 1 | AA17: =+IFERROR(VLOOKUP($L17,ACTIVIDADES!$B$9:$X$493,16,0),"") -> CUMPLIDO | AB17: 46181 | AC17: 1 | AD17: Se evidencia la actualización y aprobación de la Caracterización del Proceso Gestión de Tecnología e Informática, versión 04, vigente desde el 31 de marzo de 2026, documento mediante el cual se fortalecen el objetivo, alcance, actividades, riesgos, indicadores y demás elementos del proceso, en concordancia con los lineamientos institucionales y el MIPG. En consecuencia, la evidencia permite validar la ejecución y cumplimiento de la acción correctiva formulada para subsanar el hallazgo identificado. | AE17: C. OPORTUNAMENTE | AF17: No aplica | AG17: ABIERTO | AH17: De acuerdo con el procedimiento "Formulación, monitoreo y seguimiento a planes de mejoramiento internos y externos, V06 del 20/055/2026", se realizará la evaluación de la efectividad, cuando pasado un (1) año de su cumplimiento (31//03/2026), Control Interno establecerá si, las acciones propuestas o planeadas eliminaron o subsanaron la causa que generó el hallazgo, o se han modificado los supuestos de hecho o de derecho que dieron origen al mismo.
A18: =+A17+1 -> 10 | B18: Auditoría interna | C18: 2019 | D18: Subdirección Administrativa y Financiera | F18: 2019_TI_H2 | G18: Se deben generar los documentos en el SIGEC, necesarios para la puesta en marcha del Sistema de Gestión Documental ORFEO actualizado, en desarrollo del contrato 078 de 2019, de igual forma realizar las respectivas jornadas de capacitación al personal de la entidad. | I18: 1º Por qué; Los servidores públicos que recibieron a satisfacción el resultado esperado de la ejecución del contrato 078 de 2019 no continua en la entidad, lo que no permitió garantizar la seguridad de la información para la puesta en marcha del sistema de Gestión documental ORFEO | J18: Los servidores públicos que recibieron a satisfacción el resultado esperado de la ejecución del contrato 078 de 2019 no continúan en la entidad, lo que genero que no se lograra garantizar. La seguridad de la información para la puesta en marcha del sistema de Gestión documental ORFEO | K18: Acción correctiva | L18: TI_AC4 | M18: Realizar cronograma de mesas de trabajo y definir las actividades pendientes de ejecución | N18: N.º de mesas de trabajo programadas / Nº de mesas de trabajo realizadas *100 | O18: 1 | P18: 46023 | Q18: 46142 | R18: =DAYS360(P18,Q18)/360*54 -> 17.85 | S18: 18. Gestión de Tecnología e Informática | T18: Reportar seguimiento | U18: =+IFERROR(VLOOKUP($L18,ACTIVIDADES!$B$9:$X$493,10,0),"") -> 0.5 | V18: =+IFERROR(VLOOKUP($L18,ACTIVIDADES!$B$9:$X$493,11,0)," ") -> Se adjunta cronograma de mesas de trabajo, Plan de Acción Consolidado 2026, tablero de indicadores y PETI 2026 como evidencia de ejecución, donde se definieron actividades pendientes, responsables, seguimiento y ruta de cumplimiento. | W18: =+IFERROR(VLOOKUP($L18,ACTIVIDADES!$B$9:$X$493,12,0),"") -> https://dnbcgovco-my.sharepoint.com/:f:/g/personal/planeacion_dnbc_gov_co/IgDmXlHU6zXTQK9x9jp7Bf17AYtyFsp_fzNFqXJ4TC8E0I4?e=UeixIY | X18: =+IFERROR(VLOOKUP($L18,ACTIVIDADES!$B$9:$X$493,13,0),"") -> 46153 | Y18: =+IFERROR(VLOOKUP($L18,ACTIVIDADES!$B$9:$X$493,14,0),"") -> Se incluye información de plan de acción y borrador de actualización de PETI 2026 | Z18: =+IFERROR(VLOOKUP($L18,ACTIVIDADES!$B$9:$X$493,15,0),"") -> 0.5 | AA18: =+IFERROR(VLOOKUP($L18,ACTIVIDADES!$B$9:$X$493,16,0),"") -> EJECUCIÓN | AB18: 46181 | AC18: 0.5 | AD18: Se presenta como evidencia del cumplimiento de la acción, el Plan Estratégico de Tecnologías de la Información (PETI) 2026 en su versión final y aprobada, junto con el cronograma de mesas de trabajo (primer trimestre 2026), el Plan de Acción de TI del primer trimestre de 2026 y el Tablero de Indicadores debidamente diligenciados. La evidencia demuestra un avance parcial de la acción correctiva; no obstante, se recomienda continuar con su implementación, formalizar los documentos en construcción y documentar los resultados para garantizar el cumplimiento integral de la acción. | AE18: EN EJECUCIÓN | AF18: No aplica | AG18: No aplica | AH18: No aplica
A19: =+A18+1 -> 11 | B19: Auditoría interna | C19: 2018 | D19: Subdirección Administrativa y Financiera | F19: 2018_TH_H1 | G19: De los incumplimientos evidenciados en el horario de trabajo, registro de biométrico, inconsistencia de novedades, etc, no se evidencian acciones disciplinarias que conlleven al cumplimiento de los compromisos laborales, cumplimientos de los objetivos institucionales y adecuada prestación del servicio público al que está abocada la entidad. | I19: Porque no existe una directriz del manejo del Biométrico y responsabilidad de cada funcionario frente a su cumplimiento. | J19: Porque no existe una directriz del manejo del Biométrico y responsabilidad de cada funcionario frente a su cumplimiento. | K19: Acción correctiva | L19: TH_AC1 | M19: Se elaborará una directriz en la que se incluyan los horarios y las jornadas de trabajo, la trazabilidad de las novedades, manejo del Biométrico, la responsabilidad de cada funcionario frente a su cumplimiento y las acciones disciplinarias a que haya lugar. | N19: Directriz frente al horario laboral, novedades y biométrico | O19: 1 | P19: 43467 | Q19: 43524 | R19: =DAYS360(P19,Q19)/360*54 -> 8.4 | S19: 11. Gestión del Talento Humano | T19: Presentar seguimiento en el rpimer trimestre | U19: =+IFERROR(VLOOKUP($L19,ACTIVIDADES!$B$9:$X$493,10,0),"") -> 1 | V19: =+IFERROR(VLOOKUP($L19,ACTIVIDADES!$B$9:$X$493,11,0)," ") -> Se aportan registro de biometrico y permisos, en los cuales se ve reflejados los ingresos de los funcionarios. | W19: =+IFERROR(VLOOKUP($L19,ACTIVIDADES!$B$9:$X$493,12,0),"") -> TH_AC1 | X19: =+IFERROR(VLOOKUP($L19,ACTIVIDADES!$B$9:$X$493,13,0),"") -> 46153 | Y19: =+IFERROR(VLOOKUP($L19,ACTIVIDADES!$B$9:$X$493,14,0),"") -> Incluyen reportes de biometricos (incompleto) y de permisos. No obstantes, no dan cuenta de la directriz planteada | Z19: =+IFERROR(VLOOKUP($L19,ACTIVIDADES!$B$9:$X$493,15,0),"") -> 0 | AA19: =+IFERROR(VLOOKUP($L19,ACTIVIDADES!$B$9:$X$493,16,0),"") -> VENCIDO | AB19: 46157 | AC19: 0 | AD19: No fue posible identificar evidencias para el presente período de análisis | AE19: VENCIDA | AF19: No aplica | AG19: No aplica | AH19: No aplica
A20: =+A19+1 -> 12 | B20: Auditoría interna | C20: 2018 | D20: Dirección General | F20: 2018_TH_H1 | G20: De los incumplimientos evidenciados en el horario de trabajo, registro de biométrico, inconsistencia de novedades, etc, no se evidencian acciones disciplinarias que conlleven al cumplimiento de los compromisos laborales, cumplimientos de los objetivos institucionales y adecuada prestación del servicio público al que está abocada la entidad. | H20: INTEGRIDAD | I20: Porque no existe una directriz del manejo del Biométrico y responsabilidad de cada funcionario frente a su cumplimiento. | J20: Porque no existe una directriz del manejo del Biométrico y responsabilidad de cada funcionario frente a su cumplimiento. | K20: Acción correctiva | L20: DI_AC1 | M20: Adelantar las acciones disciplinarias a que haya lugar por el incumplimiento de la directriz en cuanto a horario laboral. | N20: (# Procesos disciplinarios iniciados a los funcionarios de planta de la DNBC/# Procesos disciplinarios identificados relacionados por el incumplimiento de la directriz en cuanto a horario laboral | O20: 1 | P20: 43525 | Q20: 44353 | R20: =DAYS360(P20,Q20)/360*54 -> 122.25 | S20: 12. Gestión de Asuntos Disciplinarios | U20: =+IFERROR(VLOOKUP($L20,ACTIVIDADES!$B$9:$X$493,10,0),"") -> 1 | V20: =+IFERROR(VLOOKUP($L20,ACTIVIDADES!$B$9:$X$493,11,0)," ") -> Existen dos procedimientos dentro del proceso de gestión de asuntos disciplinarios a saber: Asuntos Disciplinarios y Prevención Disciplinaria. Dentro de las actividades que puede desplegar el proceso se han adelantado una investigación disciplinaria con pliego de cargos formulado y debidamente notificado, el cual fue trasladado para la etapa de juzgamiento el 6 de agosto de 2024, existen dos indagaciones previas, una de las cuales se encuentra en recaudo probatorio y respecto de la otra se adelantó función preventiva, sobre esta última, se están adelantando las acciones con el proceso de talento humano para posterior socialización. Se anexa como evidencias el oficio remisorio de la Investigación Disciplinaria, el auto de apertura de la Indagación Previa y la Función preventiva junto con el correo de asignación de fechas de socialización de la misma. Todas estas actividades se encuentran enmarcadas en relación con el hallazgo descrito y direccionadas de acuerdo con las actuaciones disciplinarias consagradas para el efecto. Anexo las evidencias respectivas. | W20: =+IFERROR(VLOOKUP($L20,ACTIVIDADES!$B$9:$X$493,12,0),"") -> https://dnbcgovco-my.sharepoint.com/:f:/g/personal/planeacion_dnbc_gov_co/IgCjzhi-q60BSZdTYwtOAbllAX-OMwaJIqn8vbOEj5i5oe8?e=8mKB0J | X20: =+IFERROR(VLOOKUP($L20,ACTIVIDADES!$B$9:$X$493,13,0),"") -> 46153 | Y20: =+IFERROR(VLOOKUP($L20,ACTIVIDADES!$B$9:$X$493,14,0),"") -> Se evidencia en el respectivo hallazgo, que se realizó la apertura de la acción disciplinaria IP 006-2024, relacionado con el incumplimiento de la directriz en cuanto a horario laboral | Z20: =+IFERROR(VLOOKUP($L20,ACTIVIDADES!$B$9:$X$493,15,0),"") -> 1 | AA20: =+IFERROR(VLOOKUP($L20,ACTIVIDADES!$B$9:$X$493,16,0),"") -> CUMPLIDO | AB20: 46157 | AC20: 1 | AD20: Se presenta como evidencia el auto de apertura de la actuación disciplinaria IP 006-2024, que incluye el auto de apertura de investigación disciplinaria (del 25 de junio de 2024) por presunto incumplimiento del horario laboral, el respectivo auto de archivo por prevención y los correos de socialización. La trazabilidad de estos registros permite validar la ejecución y el cumplimiento total de la acción correctiva dentro del plazo establecido | AE20: C. EXTRATEMPORANEAMENTE | AF20: No aplica | AG20: ABIERTO | AH20: De acuerdo con el procedimiento "Formulación, monitoreo y seguimiento a planes de mejoramiento internos y externos, V06 del 20/055/2026", se realizará la evaluación de la efectividad, cuando pasado un (1) año de su cumplimiento (31//03/2026), Control Interno establecerá si, las acciones propuestas o planeadas eliminaron o subsanaron la causa que generó el hallazgo, o se han modificado los supuestos de hecho o de derecho que dieron origen al mismo.
A21: =+A20+1 -> 13 | B21: Auditoría interna | C21: 2018 | D21: Subdirección Administrativa y Financiera | F21: 2018_TH_H1 | G21: De los incumplimientos evidenciados en el horario de trabajo, registro de biométrico, inconsistencia de novedades, etc, no se evidencian acciones disciplinarias que conlleven al cumplimiento de los compromisos laborales, cumplimientos de los objetivos institucionales y adecuada prestación del servicio público al que está abocada la entidad. | I21: Porque no existe una directriz del manejo del Biométrico y responsabilidad de cada funcionario frente a su cumplimiento. | J21: Porque no existe una directriz del manejo del Biométrico y responsabilidad de cada funcionario frente a su cumplimiento. | K21: Acción correctiva | L21: TH_AC2 | M21: Realizar informe mensual de los funcionarios que incumplen las directrises en cuanto a horario laboral. | N21: Informes Realizados | O21: 12 | P21: 46023 | Q21: 46387 | R21: =DAYS360(P21,Q21)/360*54 -> 54 | S21: 11. Gestión del Talento Humano | U21: =+IFERROR(VLOOKUP($L21,ACTIVIDADES!$B$9:$X$493,10,0),"") -> 0 | V21: =+IFERROR(VLOOKUP($L21,ACTIVIDADES!$B$9:$X$493,11,0)," ") -> 0 | W21: =+IFERROR(VLOOKUP($L21,ACTIVIDADES!$B$9:$X$493,12,0),"") -> 0 | X21: =+IFERROR(VLOOKUP($L21,ACTIVIDADES!$B$9:$X$493,13,0),"") -> 46153 | Y21: =+IFERROR(VLOOKUP($L21,ACTIVIDADES!$B$9:$X$493,14,0),"") -> No se evidencia seguimiento | Z21: =+IFERROR(VLOOKUP($L21,ACTIVIDADES!$B$9:$X$493,15,0),"") -> 0 | AA21: =+IFERROR(VLOOKUP($L21,ACTIVIDADES!$B$9:$X$493,16,0),"") -> EJECUCIÓN | AB21: 46157 | AC21: 0 | AD21: No fue posible identificar evidencias para el presente período de análisis | AE21: SIN INICIAR | AF21: No aplica | AG21: No aplica | AH21: No aplica
A22: =+A21+1 -> 14 | B22: Auditoría interna | C22: 2018 | D22: Subdirección Administrativa y Financiera | F22: 2018_AD_H1 | G22: Se evidenció que no se han establecido los requisitos ambientales para la compra de productos y servicios. Aunque Gestión Administrativa, ha identificado los requisitos ambientales para la adquisición de insumos y servicios al interior de la entidad, dichos requisitos no han sido establecidos formalmente en el proceso de Gestión Contractual (Compras verdes). Dicha observación ha sido recurrente ya que se había evidenciado en la auditoría de la vigencia 2016. | I22: 1er Por qué: Porque los programas ambientales están en fase de actualización y perfeccionamiento 2do Por qué: Se tenia presente que era un asunto netamente contractual. 3er Por qué: Falta de asesoría en el tema. | J22: Falta de asesoría en el tema | K22: Acción correctiva | L22: GA_AC04 | M22: Establecer los requisitos ambientales para la compra de productos y servicios para entregarlos al proceso de gestión de contractual. | N22: Documento con los requisitos ambientales para la compra de productos y servicios entregado al proceso de gestión de contractual enviado a gestión de contratación con el fin de que modificación el manual de contratación. | O22: 1 | P22: 46143 | Q22: 46387 | R22: =DAYS360(P22,Q22)/360*54 -> 36 | S22: 14. Gestión Administrativa | U22: =+IFERROR(VLOOKUP($L22,ACTIVIDADES!$B$9:$X$493,10,0),"") -> 0 | V22: =+IFERROR(VLOOKUP($L22,ACTIVIDADES!$B$9:$X$493,11,0)," ") -> Ya se realizó En espera de subida Manual de Contratacion a Documentos SIGE | W22: =+IFERROR(VLOOKUP($L22,ACTIVIDADES!$B$9:$X$493,12,0),"") -> https://dnbcgovco-my.sharepoint.com/:f:/g/personal/planeacion_dnbc_gov_co/IgB19ESilxpMSJfUKtVjxhE4AQSL_eXP18BVUzcXbHzBwRY?e=kudfXg | X22: =+IFERROR(VLOOKUP($L22,ACTIVIDADES!$B$9:$X$493,13,0),"") -> 46153 | Y22: =+IFERROR(VLOOKUP($L22,ACTIVIDADES!$B$9:$X$493,14,0),"") -> En el mes de abril el proceso presentó solicitud de actualización de manual de contratación con información ambiental | Z22: =+IFERROR(VLOOKUP($L22,ACTIVIDADES!$B$9:$X$493,15,0),"") -> 0 | AA22: =+IFERROR(VLOOKUP($L22,ACTIVIDADES!$B$9:$X$493,16,0),"") -> EJECUCIÓN | AB22: 46170 | AC22: 0 | AD22: No fue posible identificar evidencias para el presente período de análisis | AE22: SIN INICIAR | AF22: No aplica | AG22: No aplica | AH22: No aplica
A23: =+A22+1 -> 15 | B23: Auditoría interna | C23: 2018 | D23: Subdirección Administrativa y Financiera | F23: 2018_AD_H1 | G23: Se evidenció que no se han establecido los requisitos ambientales para la compra de productos y servicios. Aunque Gestión Administrativa, ha identificado los requisitos ambientales para la adquisición de insumos y servicios al interior de la entidad, dichos requisitos no han sido establecidos formalmente en el proceso de Gestión Contractual (Compras verdes). Dicha observación ha sido recurrente ya que se había evidenciado en la auditoría de la vigencia 2016. | I23: 1er Por qué: Porque los programas ambientales están en fase de actualización y perfeccionamiento 2do Por qué: Se tenia presente que era un asunto netamente contractual. 3er Por qué: Falta de asesoría en el tema. | J23: Falta de asesoría en el tema | K23: Acción correctiva | L23: GA_AC05 | M23: Manual de Contratación actualizado con la inclusión de requisitos ambientales para los procesos para compras verdes | N23: Actualizacion de los lineamientos de compras verdes en el manual de contratación | O23: 1 | P23: 46143 | Q23: 46387 | R23: =DAYS360(P23,Q23)/360*54 -> 36 | S23: 15. Gestión Contractual / 14. Gestión Administrativa | U23: =+IFERROR(VLOOKUP($L23,ACTIVIDADES!$B$9:$X$493,10,0),"") -> 0 | V23: =+IFERROR(VLOOKUP($L23,ACTIVIDADES!$B$9:$X$493,11,0)," ") -> Ya se realizó En espera de subida Manual de Contratacion a Documentos SIGE | W23: =+IFERROR(VLOOKUP($L23,ACTIVIDADES!$B$9:$X$493,12,0),"") -> https://dnbcgovco-my.sharepoint.com/:f:/g/personal/planeacion_dnbc_gov_co/IgBEsOvBeuHoSL1Q9PbjaoRmAb1anr6mohw0RTZZ8zLfMTs?e=XsAe2Q | X23: =+IFERROR(VLOOKUP($L23,ACTIVIDADES!$B$9:$X$493,13,0),"") -> 46153 | Y23: =+IFERROR(VLOOKUP($L23,ACTIVIDADES!$B$9:$X$493,14,0),"") -> En el mes de abril el proceso presentó solicitud de actualización de manual de contratación con información ambiental | Z23: =+IFERROR(VLOOKUP($L23,ACTIVIDADES!$B$9:$X$493,15,0),"") -> 0 | AA23: =+IFERROR(VLOOKUP($L23,ACTIVIDADES!$B$9:$X$493,16,0),"") -> EJECUCIÓN | AB23: 46157 | AC23: 0 | AD23: No fue posible identificar evidencias para el presente período de análisis | AE23: SIN INICIAR | AF23: No aplica | AG23: No aplica | AH23: No aplica
A24: =+A23+1 -> 16 | B24: Auditoría interna | C24: 2019 | D24: Subdirección Administrativa y Financiera | F24: 2019_TI_H1 | G24: No se realizó un adecuado diseño de los indicadores de gestión del proceso Gestión de Tecnología e Informática, por cuanto no se está midiendo el cumplimiento del objetivo del proceso. | I24: 1º Por qué; Falta de personal para el seguimiento y verificación del cumplimiento de los indicadores en la ejecucion del soporte técnico de los equipos de la entidad. 2º Por qué; No se tienen los recursos económicos necesarios para el cumplimiento del soporte Técnico. 3º Por qué; No se aplican las políticas, procedimientos y seguimiento de atención de soporte Técnico. | J24: No se aplican las políticas, procedimientos y seguimiento de atención de soporte Técnico. | K24: Acción correctiva | L24: TI_AC5 | M24: Realizar e implementar un formulario en linea que permita medir la oportunidad en tiempo real del soporte técnico, para la realización de los indicadores de gestión. | N24: Formato ejecutado de control de mantenimiento a los equipos de computo de la DNBC. | O24: 1 | P24: 46023 | Q24: 46142 | R24: =DAYS360(P24,Q24)/360*54 -> 17.85 | S24: 18. Gestión de Tecnología e Informática | T24: Reportar seguimiento | U24: =+IFERROR(VLOOKUP($L24,ACTIVIDADES!$B$9:$X$493,10,0),"") -> 0.5 | V24: =+IFERROR(VLOOKUP($L24,ACTIVIDADES!$B$9:$X$493,11,0)," ") -> Se adjunta Plan de Mantenimiento 2026 como evidencia de avance, incluyendo cronograma, seguimiento y mecanismos de evaluación para medición del soporte técnico. | W24: =+IFERROR(VLOOKUP($L24,ACTIVIDADES!$B$9:$X$493,12,0),"") -> https://dnbcgovco-my.sharepoint.com/:f:/g/personal/planeacion_dnbc_gov_co/IgAkffJz8RHCSoYwUGVrNivMARn_03lGJ2j6OJKB6h4Tx_Q?e=PyfV3P | X24: =+IFERROR(VLOOKUP($L24,ACTIVIDADES!$B$9:$X$493,13,0),"") -> 46153 | Y24: =+IFERROR(VLOOKUP($L24,ACTIVIDADES!$B$9:$X$493,14,0),"") -> No se evidencia actividades relacionadas con el formulario en linea | Z24: =+IFERROR(VLOOKUP($L24,ACTIVIDADES!$B$9:$X$493,15,0),"") -> 0 | AA24: =+IFERROR(VLOOKUP($L24,ACTIVIDADES!$B$9:$X$493,16,0),"") -> EJECUCIÓN | AB24: 46181 | AC24: 0.25 | AD24: Se evidencia la presentación del Plan de Mantenimiento Preventivo y Correctivo de los Equipos de Cómputo 2026 como soporte de avance; sin embargo, la evidencia aportada no permite verificar la realización e implementación de un formulario en línea que permita medir la oportunidad del soporte técnico en tiempo real para la generación y medición de los indicadores de gestión. En consecuencia, desde la tercera línea de defensa no es posible validar el cumplimiento de la acción correctiva formulada. Se recomienda implementar el formulario definido, establecer los mecanismos para la captura y análisis de la información generada y aportar los soportes que evidencien su funcionamiento y utilización en la medición de los indicadores de gestión. | AE24: EN EJECUCIÓN | AF24: No aplica | AG24: No aplica | AH24: No aplica
A25: =+A24+1 -> 17 | B25: Auditoría interna | C25: 2019 | D25: Subdirección Administrativa y Financiera | F25: 2019_TI_H1 | G25: No se realizó un adecuado diseño de los indicadores de gestión del proceso Gestión de Tecnología e Informática, por cuanto no se está midiendo el cumplimiento del objetivo del proceso. | I25: 1º Por qué; Falta de personal para el seguimiento y verificación del cumplimiento de los indicadores, soporte técnico y capacitación al personal en el manejo del Google Drive. 2º Por qué; No se cuenta con las herramientas tecnológicas necesarias para brindar soporte y mantenimiento a los equipos de la DNBC. 3º Por qué; La obsolescencia en la plataforma tecnológica de la entidad ocasiona el aumento del numero de incidencias tecnológicas. 4º Por qué; No se han verificado los indicadores del área de gestión de TI y solicitado los recursos necesarios para poder ejecutar las acciones y medir los indicadores" | J25: Falta de personal y recursos economicos para el seguimiento y verificación del cumplimiento de los indicadores. | K25: Acción correctiva | L25: TI_AC6 | M25: Verificar la validez de los indicadores que permiten realizar seguimiento y evaluación periódica de los procesos de TI | N25: "N.º Total de indicadores / N.º total de indicadores Verificados * 100 | O25: 1 | P25: 46023 | Q25: 46142 | R25: =DAYS360(P25,Q25)/360*54 -> 17.85 | S25: 18. Gestión de Tecnología e Informática | T25: Reportar seguimiento | U25: =+IFERROR(VLOOKUP($L25,ACTIVIDADES!$B$9:$X$493,10,0),"") -> 1 | V25: =+IFERROR(VLOOKUP($L25,ACTIVIDADES!$B$9:$X$493,11,0)," ") -> Se aporta como evidencia el Tablero de Indicadores y Fichas Técnicas Gestión TI V4, en el que se verificaron definición, fórmula, periodicidad, meta y mecanismos de seguimiento y evaluación de los indicadores del proceso. | W25: =+IFERROR(VLOOKUP($L25,ACTIVIDADES!$B$9:$X$493,12,0),"") -> https://dnbcgovco-my.sharepoint.com/:f:/g/personal/planeacion_dnbc_gov_co/IgDf_bpELDOIR7zFIV5Lm8t-AWYhJoKta_hK3z5dyahHYDc?e=S0dGWc | X25: =+IFERROR(VLOOKUP($L25,ACTIVIDADES!$B$9:$X$493,13,0),"") -> 46153 | Y25: =+IFERROR(VLOOKUP($L25,ACTIVIDADES!$B$9:$X$493,14,0),"") -> Se incluye matriz de indicadores de gestión TI. No obstante, no se evidencia análisis sobre su necesidad o no de actualización | Z25: =+IFERROR(VLOOKUP($L25,ACTIVIDADES!$B$9:$X$493,15,0),"") -> 0.5 | AA25: =+IFERROR(VLOOKUP($L25,ACTIVIDADES!$B$9:$X$493,16,0),"") -> EJECUCIÓN | AB25: 46181 | AC25: 0.5 | AD25: Mediante la revisión del Tablero de Indicadores y las Fichas Técnicas del proceso de Gestión de Tecnología e Informática, primer tirimestre de 2026, se evidencia la definición de parámetros como objetivos, fórmulas, periodicidad, fuentes y mecanismos de seguimiento. Este soporte demuestra un avance parcial de la acción correctiva; no obstante, el equipo no aporta un registro o análisis documentado que permita validar la pertinencia, utilidad técnica o la necesidad de actualización de los indicadores propuestos En consecuencia, desde la tercera línea de defensa se recomienda complementar la actividad con la evaluación formal de los indicadores existentes y documentar los resultados obtenidos, con el fin de sustentar su mantenimiento, ajuste o eliminación según corresponda. | AE25: EN EJECUCIÓN | AF25: No aplica | AG25: No aplica | AH25: No aplica
A26: =+A25+1 -> 18 | B26: Auditoría interna | C26: 2019 | D26: Subdirección Administrativa y Financiera | F26: 2019_TI_H6 | G26: Se evidencia que la construcción del Plan Estratégico de Tecnologías de la información y las comunicaciones, no se ajustan a las necesidades de la entidad en materia de TI, lo cual dificulta la realización de la planificación de mediano y largo plazo en materia de infraestructura de TIC lo cual incumple lo establecido en la estructura definida por el Ministerio de Tecnologías de la Información y las Comunicaciones a través del documento “G.ES.06 Guía para la construcción del PETI” | I26: 1. Por qué: Porque no se identificaron adecuadamente los factores internos y externos que permitieran identificar las necesidades de la DNBC 2. Por qué: Desconocimiento de la adecuada aplicación del PETI con base a los lineamientos de la entidad, teniendo en cuenta la guía y soporte emitido por el ministerio de las TICs 3. Por qué: El grupo de gestión tecnológica no cuenta con el personal para la planeación y ejecución del plan. | J26: Desconocimiento de la adecuada aplicación del PETI con base a los lineamientos de la entidad, teniendo en cuenta la guía y soporte emitido por el ministerio de las TICs | K26: Acción correctiva | L26: TI_AC7 | M26: Actualizar el Plan Estratégico de Tecnologías de la Información y Comunicaciones de la DNBC con el proyecto actual de estabilización de Servicios Tecnológicos y definición del marco de seguridad y privacidad de la información y de los sistemas de información. | N26: Proceso de PETIC actualizado y verificado. | O26: 1 | P26: 46023 | Q26: 46173 | R26: =DAYS360(P26,Q26)/360*54 -> 22.5 | S26: 18. Gestión de Tecnología e Informática | T26: Reportar seguimiento | U26: =+IFERROR(VLOOKUP($L26,ACTIVIDADES!$B$9:$X$493,10,0),"") -> 0.9 | V26: =+IFERROR(VLOOKUP($L26,ACTIVIDADES!$B$9:$X$493,11,0)," ") -> Se adjunta PETI 2026 actualizado como evidencia de avance, incorporando proyecto de estabilización de servicios tecnológicos, componentes de seguridad y privacidad de la información; documento pendiente de aprobación ante Comité Ejecutivo para su cierre definitivo. | W26: =+IFERROR(VLOOKUP($L26,ACTIVIDADES!$B$9:$X$493,12,0),"") -> https://dnbcgovco-my.sharepoint.com/:f:/g/personal/planeacion_dnbc_gov_co/IgByxAMzp3aqQ5HOb0vu_2CmAa3iwxui5gO6Vlq6RRmJ5SE?e=311D2c | X26: =+IFERROR(VLOOKUP($L26,ACTIVIDADES!$B$9:$X$493,13,0),"") -> 46153 | Y26: =+IFERROR(VLOOKUP($L26,ACTIVIDADES!$B$9:$X$493,14,0),"") -> Se incluye documnto borrador de PETI que debe ser sometido a aprobación del Comité directivo | Z26: =+IFERROR(VLOOKUP($L26,ACTIVIDADES!$B$9:$X$493,15,0),"") -> 0.5 | AA26: =+IFERROR(VLOOKUP($L26,ACTIVIDADES!$B$9:$X$493,16,0),"") -> EJECUCIÓN | AB26: 46181 | AC26: 0.5 | AD26: Se presenta como evidencia un borrador de la actualización del Plan Estratégico de Tecnologías de la Información (PETI) 2026, incorporando componentes relacionados con el diagnóstico tecnológico institucional, la estrategia y el gobierno de TI, la gestión de riesgos, así como aspectos de seguridad y privacidad de la información. Si bien este soporte permite verificar avances significativos en la ejecución de la acción correctiva, se encuentra pendiente de aprobación por la instancia competente. En consecuencia, desde la tercera línea de defensa se determina un cumplimiento parcial, recomendando adelantar su oficialización y generar los registros correspondientes para validar el cierre definitivo del hallazgo. | AE26: EN EJECUCIÓN | AF26: No aplica | AG26: No aplica | AH26: No aplica
A27: =+A26+1 -> 19 | B27: Auditoría interna | C27: 2019 | D27: Subdirección Administrativa y Financiera | F27: 2019_TI_H3 | G27: Se evidencia debilidad en el diseño y ejecución del procedimiento gestión y atención de soporte técnico, por cuanto no se está dando han establecido los lineamientos para cumplir con la política de operación relacionada con las copias de seguridad, así como no es clara la política relacionada con la mesa de servicio. De igual manera, no se cuenta con el personal establecido para dar cumplimiento a los tres niveles de atención de soporte incumpliendo lo establecido en el procedimiento gestión y atención de soporte técnico PC-TI-01, V2 | I27: 1. Por qué: Porque no se identificaron adecuadamente los factores internos y externos que permitieran identificar las necesidades de la DNBC 2. Por qué: Desconocimiento de la adecuada aplicación del PETI con base a los lineamientos de la entidad, teniendo en cuenta la guía y soporte emitido por el ministerio de las TICs 3. Por qué; El área de Gestión tecnológica no dispone de una herramienta corporativa que automatice el respaldo, almacénamiento y recuperacion de la información. | J27: Desconocimiento de la adecuada aplicación del PETI con base a los lineamientos de la entidad, teniendo en cuenta la guía y soporte emitido por el ministerio de las TICs | K27: Acción correctiva | L27: TI_AC8 | M27: Verificar y ajustar el flujo de la ejecucion del procedimiento PC-TI-01 Gestión y Atención de Soporte Técnico al estado actual de la entidad. | N27: Actualización del flujo de la ejecución de Gestión de Tecnología informática y Gestión y atención de soporte Técnico. | O27: 1 | P27: 46023 | Q27: 46173 | R27: =DAYS360(P27,Q27)/360*54 -> 22.5 | S27: 18. Gestión de Tecnología e Informática | T27: Reportar seguimiento | U27: =+IFERROR(VLOOKUP($L27,ACTIVIDADES!$B$9:$X$493,10,0),"") -> 1 | V27: =+IFERROR(VLOOKUP($L27,ACTIVIDADES!$B$9:$X$493,11,0)," ") -> Se adjunta procedimiento PC-TI-01 versión 02 actualizado y aprobado, como soporte de la verificación y ajuste del flujo de ejecución del proceso de soporte técnico conforme al estado actual de la Entidad. | W27: =+IFERROR(VLOOKUP($L27,ACTIVIDADES!$B$9:$X$493,12,0),"") -> https://dnbcgovco-my.sharepoint.com/:f:/g/personal/planeacion_dnbc_gov_co/IgCir8k3P8BgRZmofCbzcQlrAf1c0UuOVr2o522eV4Ri-aU?e=Bvugel | X27: =+IFERROR(VLOOKUP($L27,ACTIVIDADES!$B$9:$X$493,13,0),"") -> 46153 | Y27: =+IFERROR(VLOOKUP($L27,ACTIVIDADES!$B$9:$X$493,14,0),"") -> Se incluye procedimiento vigente desde el mes de novimebre de 2025 | Z27: =+IFERROR(VLOOKUP($L27,ACTIVIDADES!$B$9:$X$493,15,0),"") -> 1 | AA27: =+IFERROR(VLOOKUP($L27,ACTIVIDADES!$B$9:$X$493,16,0),"") -> CUMPLIDO | AB27: 46181 | AC27: 1 | AD27: Se presenta como evidencia la actualización y aprobación del procedimiento PC-TI-01 Gestión y Atención de Soporte Técnico, versión 02, vigente desde el 19 de noviembre de 2025, mediante el cual se ajustó el flujo de ejecución del proceso conforme al estado actual de la Entidad. Así mismo, se incorporan lineamientos para la atención de requerimientos a través de la Mesa de Ayuda DNBC, la definición de los niveles de atención (primer, segundo y tercer nivel), los criterios de escalamiento, las responsabilidades de los actores involucrados y los mecanismos de seguimiento y control. En consecuencia, la evidencia aportada permite validar el cumplimiento de la acción correctiva formulada y la atención de las debilidades identificadas en el hallazgo. | AE27: C. EXTRATEMPORANEAMENTE | AF27: No aplica | AG27: ABIERTO | AH27: De acuerdo con el procedimiento "Formulación, monitoreo y seguimiento a planes de mejoramiento internos y externos, V06 del 20/055/2026", se realizará la evaluación de la efectividad, cuando pasado un (1) año de su cumplimiento (31//03/2026), Control Interno establecerá si, las acciones propuestas o planeadas eliminaron o subsanaron la causa que generó el hallazgo, o se han modificado los supuestos de hecho o de derecho que dieron origen al mismo.
A28: =+A27+1 -> 20 | B28: Auditoría interna | C28: 2019 | D28: Subdirección Administrativa y Financiera | F28: 2019_TI_H3 | G28: Se evidencia debilidad en el diseño y ejecución del procedimiento gestión y atención de soporte técnico, por cuanto no se está dando han establecido los lineamientos para cumplir con la política de operación relacionada con las copias de seguridad, así como no es clara la política relacionada con la mesa de servicio. De igual manera, no se cuenta con el personal establecido para dar cumplimiento a los tres niveles de atención de soporte incumpliendo lo establecido en el procedimiento gestión y atención de soporte técnico PC-TI-01, V2 | I28: 1. Por qué: No se identificaron adecuadamente los factores internos y externos que permitieran identificar las necesidades de la DNBC 2. Por qué: Desconocimiento de la adecuada aplicación del PETI con base a los lineamientos de la entidad, teniendo en cuenta la guía y soporte emitido por el ministerio de las TICs 3. Por qué; El área de Gestión tecnológica no dispone de una herramienta corporativa que automatice el respaldo, almacenamiento y recuperacion de la información. | J28: Desconocimiento de la adecuada aplicación del PETI con base a los lineamientos de la entidad, teniendo en cuenta la guía y soporte emitido por el ministerio de las TICs | K28: Acción correctiva | L28: TI_AC9 | M28: Promover por medio de campañas el uso de la Nube Digital y herramientas digitales, como herramienta de respaldo de la información y gestión de información. | N28: Socializaicones realizadas | O28: 2 | P28: 46023 | Q28: 46203 | R28: =DAYS360(P28,Q28)/360*54 -> 26.85 | S28: 18. Gestión de Tecnología e Informática | U28: =+IFERROR(VLOOKUP($L28,ACTIVIDADES!$B$9:$X$493,10,0),"") -> 0.5 | V28: =+IFERROR(VLOOKUP($L28,ACTIVIDADES!$B$9:$X$493,11,0)," ") -> Se aporta como evidencia campaña de socialización mediante correo institucional sobre uso de herramientas digitales y lineamientos de seguridad y respaldo de información, en cumplimiento de acciones de sensibilización para promover la nube digital y gestión de la información. | W28: =+IFERROR(VLOOKUP($L28,ACTIVIDADES!$B$9:$X$493,12,0),"") -> https://dnbcgovco-my.sharepoint.com/:f:/g/personal/planeacion_dnbc_gov_co/IgB2Hc7rjc5cSLW6JDNWnxtoAX0gibH-Pue_6-22TKuiQwE?e=5G5LKI | X28: =+IFERROR(VLOOKUP($L28,ACTIVIDADES!$B$9:$X$493,13,0),"") -> 46153 | Y28: =+IFERROR(VLOOKUP($L28,ACTIVIDADES!$B$9:$X$493,14,0),"") -> Se incluyen correos de socializaicón sobre Manual de Seguridad de la Información. No obstante, no se ve fomento del uso de la nube pública | Z28: =+IFERROR(VLOOKUP($L28,ACTIVIDADES!$B$9:$X$493,15,0),"") -> 0.5 | AA28: =+IFERROR(VLOOKUP($L28,ACTIVIDADES!$B$9:$X$493,16,0),"") -> EJECUCIÓN | AB28: 46181 | AC28: 0.5 | AD28: Se presentan como evidencia dos (2) correos electrónicos mediante los cuales se recuerda la importancia de revisar y aplicar el Manual de la Política de Seguridad y Privacidad de la Información (Versión 2). Sin embargo, estos soportes se centran en lineamientos generales y no permiten verificar de manera suficiente la ejecución de actividades específicas de promoción, apropiación o capacitación sobre el uso de la Nube Digital y mecanismos de respaldo, tal como lo exige la acción correctiva. En consecuencia, se determina un cumplimiento parcial. Se recomienda complementar estas acciones con campañas específicas sobre almacenamiento seguro y herramientas colaborativas, conservando los registros que demuestren el alcance, la participación y el impacto real en los usuarios. | AE28: EN EJECUCIÓN | AF28: No aplica | AG28: No aplica | AH28: No aplica
A29: =+A28+1 -> 21 | B29: Auditoría interna | C29: 2019 | D29: Subdirección Administrativa y Financiera | F29: 2019_TI_H3 | G29: Se evidencia debilidad en el diseño y ejecución del procedimiento gestión y atención de soporte técnico, por cuanto no se está dando han establecido los lineamientos para cumplir con la política de operación relacionada con las copias de seguridad, así como no es clara la política relacionada con la mesa de servicio. De igual manera, no se cuenta con el personal establecido para dar cumplimiento a los tres niveles de atención de soporte incumpliendo lo establecido en el procedimiento gestión y atención de soporte técnico PC-TI-01, V2 | I29: 1. Por qué: No se identificaron adecuadamente los factores internos y externos que permitieran identificar las necesidades de la DNBC 2. Por qué: Desconocimiento de la adecuada aplicación del PETI con base a los lineamientos de la entidad, teniendo en cuenta la guía y soporte emitido por el ministerio de las TICs 3. Por qué; El área de Gestión tecnológica no dispone de una herramienta corporativa que automatice el respaldo, almacénamiento y recuperacion de la información. | J29: Desconocimiento de la adecuada aplicación del PETI con base a los lineamientos de la entidad, teniendo en cuenta la guía y soporte emitido por el ministerio de las TICs | K29: Acción correctiva | L29: TI_AC10 | M29: Documentar procesos de Backup de funciones y contratistas en los documentos SIGE | N29: Socializaicones realizadas | O29: 1 | P29: 46023 | Q29: 46295 | R29: =DAYS360(P29,Q29)/360*54 -> 40.35 | S29: 18. Gestión de Tecnología e Informática | U29: =+IFERROR(VLOOKUP($L29,ACTIVIDADES!$B$9:$X$493,10,0),"") -> 0.5 | V29: =+IFERROR(VLOOKUP($L29,ACTIVIDADES!$B$9:$X$493,11,0)," ") -> Se adjunta Manual de la Política de Seguridad y Privacidad de la Información MN-TI-01 V2 como evidencia de documentación de mecanismos de back-up funcional para funcionarios y contratistas, incluyendo lineamientos de continuidad operativa, custodia de información, respaldo de accesos y transferencia de conocimiento. | W29: =+IFERROR(VLOOKUP($L29,ACTIVIDADES!$B$9:$X$493,12,0),"") -> https://dnbcgovco-my.sharepoint.com/:f:/g/personal/planeacion_dnbc_gov_co/IgDYKYtbSJHqRKKxnYGlnkqjASuDR0B5TfnyCatgEXvJ4L0?e=MPsND8 | X29: =+IFERROR(VLOOKUP($L29,ACTIVIDADES!$B$9:$X$493,13,0),"") -> 46153 | Y29: =+IFERROR(VLOOKUP($L29,ACTIVIDADES!$B$9:$X$493,14,0),"") -> Se incluye manual vigente desde 2022. Se requiere su revisión y actualización | Z29: =+IFERROR(VLOOKUP($L29,ACTIVIDADES!$B$9:$X$493,15,0),"") -> 0.5 | AA29: =+IFERROR(VLOOKUP($L29,ACTIVIDADES!$B$9:$X$493,16,0),"") -> EJECUCIÓN | AB29: 46181 | AC29: 0.5 | AD29: Como soporte de la acción se remitió el Manual de la Política de Seguridad y Privacidad de la Información (MN-TI-01 v.02), vigente desde el 30 de junio de 2022. Si bien el documento contiene lineamientos generales sobre copias de respaldo, es insuficiente para cerrar el hallazgo, ya que omite el requerimiento específico de documentar los procesos de backup para funcionarios y contratistas en el SIGE. Adicionalmente, no se adjuntan registros que demuestren su actualización, socialización e implementación durante la vigencia evaluada. En consecuencia, se recomienda actualizar el Manual incorporando los procedimientos y responsabilidades de respaldo faltantes, y remitir los registros de aprobación, divulgación y aplicación que certifiquen la efectividad de la mejora. | AE29: EN EJECUCIÓN | AF29: No aplica | AG29: No aplica | AH29: No aplica
A30: =+A29+1 -> 22 | B30: Auditoría interna | C30: 2016 | D30: Subdirección Administrativa y Financiera | F30: 2016_GD_H2 | G30: Se evidenció que no se han incorporado los criterios de SST en el manual de contratación tanto de personal (Conductores) como compras de productos, tales como los productos químicos en los que no se está exigiendo el envío de la hoja de seguridad de los productos. | I30: 1er Por qué: Porque el proceso de gestión contractual no ha abierto el espacio para modificar el manual de contratación. 2do Por qué: Por alto volumen de trabajo, desinterés o desinformación. 3er Por qué: Por desconocimiento del Decreto 1072. | J30: Por desconocimiento del Decreto 1072. | K30: Acción correctiva | L30: GC_AC9 | M30: Incluir en el Manual de supervisión la definición de una responsabilidad del supervisor la cual quedaría así: Verificar que el contratista realice la inducción en sst antes de iniciar con la ejecución del contrato | N30: Manual de supervisión actualizado | O30: 1 | P30: 44959 | Q30: 45107 | R30: =DAYS360(P30,Q30)/360*54 -> 22.2 | S30: 15. Gestión Contractual | T30: Curso de seguridadd | U30: =+IFERROR(VLOOKUP($L30,ACTIVIDADES!$B$9:$X$493,10,0),"") -> 0 | V30: =+IFERROR(VLOOKUP($L30,ACTIVIDADES!$B$9:$X$493,11,0)," ") -> La actividad se encuentra en proceso de construcción; actualmente se trabaja en la actualización del Manual de Supervisión para incluir como responsabilidad del supervisor la verificación de la inducción en SST previa al inicio de la ejecución contractual. | W30: =+IFERROR(VLOOKUP($L30,ACTIVIDADES!$B$9:$X$493,12,0),"") -> 0 | X30: =+IFERROR(VLOOKUP($L30,ACTIVIDADES!$B$9:$X$493,13,0),"") -> 46153 | Y30: =+IFERROR(VLOOKUP($L30,ACTIVIDADES!$B$9:$X$493,14,0),"") -> Sin avance en la actividad | Z30: =+IFERROR(VLOOKUP($L30,ACTIVIDADES!$B$9:$X$493,15,0),"") -> 0 | AA30: =+IFERROR(VLOOKUP($L30,ACTIVIDADES!$B$9:$X$493,16,0),"") -> VENCIDO | AB30: 46157 | AC30: 0 | AD30: Se evidencio que la accion formulada carece de soportes que permitan verificar el cumplimiento de la actividad, toda vez que la accion no fue ejecuta dentro del plazo establecido | AE30: VENCIDA | AF30: No aplica | AG30: No aplica | AH30: No aplica
A31: =+A30+1 -> 23 | B31: Auditoría interna | C31: 2016 | D31: Subdirección Administrativa y Financiera | F31: 2016_GD_H1 | G31: No cuenta con un mecanismo establecido para los riesgos de perdida de información en soporte físico | H31: GESTIÓN DOCUMENTAL | I31: N/A | J31: N/A | K31: Acción correctiva | L31: GD_AC1 | M31: Realizar un estudio para la implementación de un mecanismo (SOFTWARE SGEA) para la digitalización y almacenamiento de la información fisica. | N31: Estudio software realizado y aprobado | O31: 1 | P31: 46023 | Q31: 46174 | R31: =DAYS360(P31,Q31)/360*54 -> 22.5 | S31: 17. Gestión Documental | U31: =+IFERROR(VLOOKUP($L31,ACTIVIDADES!$B$9:$X$493,10,0),"") -> 0 | V31: =+IFERROR(VLOOKUP($L31,ACTIVIDADES!$B$9:$X$493,11,0)," ") -> 0 | W31: =+IFERROR(VLOOKUP($L31,ACTIVIDADES!$B$9:$X$493,12,0),"") -> 0 | X31: =+IFERROR(VLOOKUP($L31,ACTIVIDADES!$B$9:$X$493,13,0),"") -> 46153 | Y31: =+IFERROR(VLOOKUP($L31,ACTIVIDADES!$B$9:$X$493,14,0),"") -> Se recibió información antigua por parte del proceso y no se evidencian soportes en la carpeta compartida por planeación | Z31: =+IFERROR(VLOOKUP($L31,ACTIVIDADES!$B$9:$X$493,15,0),"") -> 0 | AA31: =+IFERROR(VLOOKUP($L31,ACTIVIDADES!$B$9:$X$493,16,0),"") -> EJECUCIÓN | AB31: 46157 | AC31: 0 | AD31: La primera línea de defensa no reporta avances ni aporta evidencias que permitan verificar la ejecución de la acción correctiva formulada. De igual forma, la segunda línea de defensa informa que la información suministrada por el proceso corresponde a documentación histórica y que no se evidencian soportes en la carpeta compartida por Planeación. Es así que, para la tercera línea de defensa no es posible validar el cumplimiento de la acción correctiva ni evidenciar avances frente al hallazgo identificado. Se recomienda dar inicio a la implementación de las actividades definidas en el plan de mejoramiento, establecer un cronograma con responsables y fechas de cumplimiento, y remitir oportunamente los soportes que permitan demostrar su ejecución y efectividad para subsanar el hallazgo. | AE31: SIN INICIAR | AF31: No aplica | AG31: No aplica | AH31: No aplica
A32: =+A31+1 -> 24 | B32: Auditoría interna | C32: 2020 | D32: Subdirección Administrativa y Financiera | F32: 2020_CO_H1 | G32: No se están siguiendo los linemientos conforme lo establece el capitulo VI. Seguimiento a la ejecución contractual En el SECOP II, de la Guia para Hacer la Gestión Contractual en el SECOP II; por cuanto, se evidenció que en los contratos 116,124,126,131,142,172,195, 205 y 207, los supervisores no confirmaron las entregas, los contratistas no ingresaron los Documentos de Supervisión del Contrato, y el Proceso de Gestión Financiera no Aprobó las facturas ni las marco como pagas. | H32: COMPRAS Y CONTRATACIÓN PÚBLICA | I32: 1º Por que; Falta de desconocimiento de la guia para Hacer la Gestión Contractual en el SECOP II 2ºPor que; No se realiza la aplicación de la Guia. 3. Por que; Falta de seguimiento de los supervisores a los contratos de presunción de servicios. | J32: Falta de seguimiento de los supervisores a los contratos de prestación de servicios. | K32: Acción correctiva | L32: GC_AC4 | M32: Realizar jornadas de socializacion sobre supervisión de contratos y construcción de formato de necesidades | N32: Socializaciones realizadas | O32: 4 | P32: 46023 | Q32: 46387 | R32: =DAYS360(P32,Q32)/360*54 -> 54 | S32: 15. Gestión Contractual | U32: =+IFERROR(VLOOKUP($L32,ACTIVIDADES!$B$9:$X$493,10,0),"") -> 0 | V32: =+IFERROR(VLOOKUP($L32,ACTIVIDADES!$B$9:$X$493,11,0)," ") -> Se informa que esta en etapa de elaboración | W32: =+IFERROR(VLOOKUP($L32,ACTIVIDADES!$B$9:$X$493,12,0),"") -> 0 | X32: =+IFERROR(VLOOKUP($L32,ACTIVIDADES!$B$9:$X$493,13,0),"") -> 46153 | Y32: =+IFERROR(VLOOKUP($L32,ACTIVIDADES!$B$9:$X$493,14,0),"") -> No ha dado inicio a la ejecución | Z32: =+IFERROR(VLOOKUP($L32,ACTIVIDADES!$B$9:$X$493,15,0),"") -> 0 | AA32: =+IFERROR(VLOOKUP($L32,ACTIVIDADES!$B$9:$X$493,16,0),"") -> EJECUCIÓN | AB32: 46157 | AC32: 0 | AD32: No fue posible identificar evidencias para el presente período de análisis | AE32: SIN INICIAR | AF32: No aplica | AG32: No aplica | AH32: No aplica
A33: =+A32+1 -> 25 | B33: Auditoría interna | C33: 2020 | D33: Subdirección Administrativa y Financiera | F33: 2020_TI_H1 | G33: Actividades de control 11.2 La DNBC, no tiene documentado dentro de la entidad el desarrollo de actividades de control para la adquisición y prestación de servicios de tecnología. | I33: El proceso no ha generado documentación formal del desarrollo de sus actividades conforme lo define el SIGEC | J33: El proceso no ha generado documentación formal del desarrollo de sus actividades conforme lo define el SIGEC | K33: Acción correctiva | L33: TI_AC11 | M33: Formular un estrategia de Arquitetura Empresarial para la definición e implementación de necesidades tecnologicas en prestación de servicios | N33: Estrategia Formulada e implementada | O33: 1 | P33: 46143 | Q33: 46387 | R33: =DAYS360(P33,Q33)/360*54 -> 36 | S33: 18. Gestión de Tecnología e Informática | U33: =+IFERROR(VLOOKUP($L33,ACTIVIDADES!$B$9:$X$493,10,0),"") -> 0.7 | V33: =+IFERROR(VLOOKUP($L33,ACTIVIDADES!$B$9:$X$493,11,0)," ") -> Se adjunta como evidencia el PETI 2026 y la formulación del proyecto RUE 2.0, los cuales incorporan elementos de Arquitectura Empresarial asociados a arquitectura de negocio, información, aplicaciones y tecnología, definiendo capacidades, componentes, interoperabilidad y ruta de implementación para atender necesidades tecnológicas en la prestación de servicios institucionales. | W33: =+IFERROR(VLOOKUP($L33,ACTIVIDADES!$B$9:$X$493,12,0),"") -> https://dnbcgovco-my.sharepoint.com/:f:/g/personal/planeacion_dnbc_gov_co/IgC3xOsSNj8IRIL11vaiFWcgAUu6Fkz2uB8R8KlqPRMkdhk?e=pJDNvr | X33: =+IFERROR(VLOOKUP($L33,ACTIVIDADES!$B$9:$X$493,13,0),"") -> 46153 | Y33: =+IFERROR(VLOOKUP($L33,ACTIVIDADES!$B$9:$X$493,14,0),"") -> Se incluye documento de necesidad RUE y borrador de actualización del PETI | Z33: =+IFERROR(VLOOKUP($L33,ACTIVIDADES!$B$9:$X$493,15,0),"") -> 0.5 | AA33: =+IFERROR(VLOOKUP($L33,ACTIVIDADES!$B$9:$X$493,16,0),"") -> EJECUCIÓN | AB33: 46181 | AC33: 0.5 | AD33: Se aportaron como soportes el borrador del PETI 2026 y el formato de necesidad para el proyecto 'RUE 2.0' , con fecha 10/02/2016. Aunque estos documentos definen la arquitectura y capacidades tecnológicas, corresponden netamente a la fase de planeación. Al carecer de una estrategia de Arquitectura Empresarial formalizada y ejecutada, la acción presenta un avance parcial. Para su cierre, se recomienda oficializar la estrategia, definir su hoja de ruta y aportar registros que demuestren su implementación y seguimiento. | AE33: EN EJECUCIÓN | AF33: No aplica | AG33: No aplica | AH33: No aplica
A34: =+A33+1 -> 26 | B34: Auditoría interna | C34: 2020 | D34: Subdirección Administrativa y Financiera | F34: 2020_TI_H3 | G34: Actividades de control 11.3 Aunque la DNBC, cuenta con contratistas que apoyan la ejecución de los procesos, al interior de la entidad no se posee la matriz de roles y usuarios, siguiendo los principios de segregación de funciones. | I34: El proceso no ha generado documentación formal del desarrollo de sus actividades conforme lo define el SIGEC y requisitos de normatividad y de lineamientos en la materia | J34: El proceso no ha generado documentación formal del desarrollo de sus actividades conforme lo define el SIGEC y requisitos de normatividad y de lineamientos en la materia | K34: Acción correctiva | L34: TI_AC12 | M34: Documentar la matriz de roles y usuarios siguiendo los principios de segregación de funciones | N34: -Mesas de trabajo para pa creacion de las matrices de roles de usuarios - herramienta centralizada para el cargue de la información. | O34: 1 | P34: 46023 | Q34: 46142 | R34: =DAYS360(P34,Q34)/360*54 -> 17.85 | S34: 18. Gestión de Tecnología e Informática | T34: Reportar seguimiento | U34: =+IFERROR(VLOOKUP($L34,ACTIVIDADES!$B$9:$X$493,10,0),"") -> 0 | V34: =+IFERROR(VLOOKUP($L34,ACTIVIDADES!$B$9:$X$493,11,0)," ") -> 0 | W34: =+IFERROR(VLOOKUP($L34,ACTIVIDADES!$B$9:$X$493,12,0),"") -> 0 | X34: =+IFERROR(VLOOKUP($L34,ACTIVIDADES!$B$9:$X$493,13,0),"") -> 46153 | Y34: =+IFERROR(VLOOKUP($L34,ACTIVIDADES!$B$9:$X$493,14,0),"") -> No se evidencia seguimiento | Z34: =+IFERROR(VLOOKUP($L34,ACTIVIDADES!$B$9:$X$493,15,0),"") -> 0 | AA34: =+IFERROR(VLOOKUP($L34,ACTIVIDADES!$B$9:$X$493,16,0),"") -> EJECUCIÓN | AB34: 46181 | AC34: 0.5 | AD34: Se presenta como evidencia el borrador del Plan Estratégico de Tecnologías de la Información (PETI) 2026 y el documento de necesidad para la implementación del RUE 2.0. Si bien estos documentos evidencian avances en la planeación de capacidades tecnológicas y en la definición de herramientas de apoyo, no permiten subsanar el hallazgo relacionado con la ausencia de una matriz de roles y usuarios que garantice la adecuada segregación de funciones. Adicionalmente, no se aportaron registros de las mesas de trabajo ni la matriz de roles formalmente estructurada, por lo que la evidencia presentada resulta insuficiente para demostrar la implementación de la acción correctiva. Para el cierre del hallazgo será necesario remitir la matriz de roles debidamente documentada y aportar evidencia de su parametrización o cargue en la herramienta centralizada definida.. | AE34: EN EJECUCIÓN | AF34: No aplica | AG34: No aplica | AH34: No aplica
A35: =+A34+1 -> 27 | B35: Auditoría interna | C35: 2020 | D35: Dirección General | F35: 2020_MC_H1 | G35: Actividades de control 12.4 La oficina de Control Interno de la DNBC, ha informado de manera reiterativa al Comité Institucional de Coordinación de Control Interno, por medio de los seguimientos y auditorías que los responsables de los procesos no están ejecutando los controles establecidos, tal y como se evidencia en los informes de austeridad en el gasto, auditoría de gestión de comunicaciones, seguimiento al PAAC, etc. Por lo tanto, la primera ni la segunda línea defensa realizan verificación del diseño de controles y monitoreo oportuno de la implementación de los controles | H35: FORTALECIMIENTO ORGANIZACIONAL Y SIMPLIFICACIÓN DE PROCESOS | I35: Debil monitoreo a los procedimientos por parte de lideres y gestores de procesos | J35: Debil monitoreo a los procedimientos por parte de lideres y gestores de procesos | K35: Acción correctiva | L35: MC_AC1 | M35: Realizar el acompañamiento metodológico a cada uno de los enlaces de proceso para la actualización de los procedimientos de su proceso. | N35: No de acompañamientos realizados/ sobre numero de procesos de la DNBC*100 | O35: 1 | P35: 46023 | Q35: 46203 | R35: =DAYS360(P35,Q35)/360*54 -> 26.85 | S35: 03. Gestión de Análisis y Mejora Continua | T35: Acción Cumplida Pendiente evaluación tercera Linea | U35: =+IFERROR(VLOOKUP($L35,ACTIVIDADES!$B$9:$X$493,10,0),"") -> 1 | V35: =+IFERROR(VLOOKUP($L35,ACTIVIDADES!$B$9:$X$493,11,0)," ") -> Se realizó mesa de trabajo de acompañamientos con los procesos en temas de Indicadores, Riesgos de Gestión, Documentación SIGE, Plan de mejora, PAAC, Referentes Estratégicos, Plan de Acción | W35: =+IFERROR(VLOOKUP($L35,ACTIVIDADES!$B$9:$X$493,12,0),"") -> https://dnbcgovco-my.sharepoint.com/:f:/g/personal/planeacion_dnbc_gov_co/IgDYe2GS_ayPSIaWtvQYv0qbAc8IxdnR2DbMxEMLmfk0p8A?e=smqHjg | X35: =+IFERROR(VLOOKUP($L35,ACTIVIDADES!$B$9:$X$493,13,0),"") -> 46153 | Y35: =+IFERROR(VLOOKUP($L35,ACTIVIDADES!$B$9:$X$493,14,0),"") -> Se adjuntan actas de acompañamiento primer trimestre | Z35: =+IFERROR(VLOOKUP($L35,ACTIVIDADES!$B$9:$X$493,15,0),"") -> 1 | AA35: =+IFERROR(VLOOKUP($L35,ACTIVIDADES!$B$9:$X$493,16,0),"") -> CUMPLIDO | AB35: 46181 | AC35: 0.333 | AD35: Se presentan como evidencias los listados de asistencia de las jornadas realizadas el 30 de enero y el 23 de febrero de 2026. No obstante, los soportes aportados no permiten verificar las temáticas desarrolladas durante las mesas de trabajo ni evidenciar que estas correspondan a los temas definidos en la acción correctiva formulada (indicadores, riesgos de gestión, documentación SIGE, plan de mejoramiento, PAAC, referentes estratégicos y plan de acción). En consecuencia, la evidencia resulta insuficiente para verificar el cumplimiento integral de la acción correctiva. | AE35: EN EJECUCIÓN | AF35: No aplica | AG35: No aplica | AH35: No aplica
A36: =+A35+1 -> 28 | B36: Auditoría interna | C36: 2020 | D36: Dirección General | F36: 2020_MC_H3 | G36: Monitoreo y Supervisión 17.3 Los responsables de los procesos, Funcionarios y Contratistas de acuerdo con lo establecido en las políticas de operación del Procedimiento Accciones correctivas, preventivas y de mejora, tienen la posibilidad de reportar al Jefe Inmediato cualquier deficiencia del Sistema de Control Interno para la toma de decisiones. No obstante, no se han formulado planes de mejoramiento producto de autoevaluaciones realizadas por los líderes del proceso. | H36: FORTALECIMIENTO ORGANIZACIONAL Y SIMPLIFICACIÓN DE PROCESOS | I36: Débil interiorización del mecanismo que se tienen para implementar acciones de mejora resultado de procesos de autoevaluación | J36: Débil interiorización del mecanismo que se tienen para implementar acciones de mejora resultado de procesos de autoevaluación | K36: Acción correctiva | L36: MC_AC2 | M36: Socializar Políticas de operación del procedimiento de Planes de Mejora para implementación | N36: Socialización del procedimiento | O36: 1 | P36: 46023 | Q36: 46112 | R36: =DAYS360(P36,Q36)/360*54 -> 13.5 | S36: 03. Gestión de Análisis y Mejora Continua | T36: Acción Cumplida Pendiente evaluación tercera Linea | U36: =+IFERROR(VLOOKUP($L36,ACTIVIDADES!$B$9:$X$493,10,0),"") -> 1 | V36: =+IFERROR(VLOOKUP($L36,ACTIVIDADES!$B$9:$X$493,11,0)," ") -> Durante el primer trimestre de la vigencia 2026 se actualizó el procedimiento y se socializó | W36: =+IFERROR(VLOOKUP($L36,ACTIVIDADES!$B$9:$X$493,12,0),"") -> https://dnbcgovco-my.sharepoint.com/:f:/g/personal/planeacion_dnbc_gov_co/IgDYe2GS_ayPSIaWtvQYv0qbAc8IxdnR2DbMxEMLmfk0p8A?e=smqHjg | X36: =+IFERROR(VLOOKUP($L36,ACTIVIDADES!$B$9:$X$493,13,0),"") -> 46153 | Y36: =+IFERROR(VLOOKUP($L36,ACTIVIDADES!$B$9:$X$493,14,0),"") -> Se evidencia socialización del 6 de marzo de 2026 | Z36: =+IFERROR(VLOOKUP($L36,ACTIVIDADES!$B$9:$X$493,15,0),"") -> 1 | AA36: =+IFERROR(VLOOKUP($L36,ACTIVIDADES!$B$9:$X$493,16,0),"") -> CUMPLIDO | AB36: 46177 | AC36: 1 | AD36: Se evidencia que se presentan dos documentos soporte correspondientes a listas de asistencia de los acompañamientos metodológicos realizados durante los meses de enero y febrero de 2026 por el proceso de Análisis y Mejora Continua. La evidencia permite verificar la ejecución de actividades de socialización, orientación y fortalecimiento de diferentes procesos institucionales; no obstante, se recomienda complementar los soportes con evidencias que permitan demostrar los resultados obtenidos y la efectividad de la acción correctiva implementada. Desde la tercera línea de defensa, se recomienda fortalecer la trazabilidad de las actividades ejecutadas mediante la incorporación de informes de resultados, compromisos adquiridos, acciones implementadas y mecanismos de seguimiento que permitan evidenciar la contribución de la acción correctiva al cierre de las causas que dieron origen al hallazgo. | AE36: C. EXTRATEMPORANEAMENTE | AF36: No aplica | AG36: ABIERTO | AH36: De acuerdo con el procedimiento "Formulación, monitoreo y seguimiento a planes de mejoramiento internos y externos, V06 del 20/055/2026", se realizará la evaluación de la efectividad, cuando pasado un (1) año de su cumplimiento (31//03/2026), Control Interno establecerá si, las acciones propuestas o planeadas eliminaron o subsanaron la causa que generó el hallazgo, o se han modificado los supuestos de hecho o de derecho que dieron origen al mismo.
A37: =+A36+1 -> 29 | B37: Auditoría interna | C37: 2020 | D37: Dirección General | F37: 2020_MC_H3 | G37: Monitoreo y Supervisión 17.3 Los responsables de los procesos, Funcionarios y Contratistas de acuerdo con lo establecido en las políticas de operación del Procedimiento Accciones correctivas, preventivas y de mejora, tienen la posibilidad de reportar al Jefe Inmediato cualquier deficiencia del Sistema de Control Interno para la toma de decisiones. No obstante, no se han formulado planes de mejoramiento producto de autoevaluaciones realizadas por los líderes del proceso. | H37: FORTALECIMIENTO ORGANIZACIONAL Y SIMPLIFICACIÓN DE PROCESOS | I37: No se realiza monitoreo a los resultados de las autoevaluaciones realizadas por los lideres de proce | J37: No se realiza monitoreo a los resultados de las autoevaluaciones realizadas por los lideres de proce | K37: Acción correctiva | L37: MC_AC3 | M37: Presentar informess de autoevaluación semestrales acotrde con Plan de acción | N37: Informe semestral | O37: 2 | P37: 46023 | Q37: 46387 | R37: =DAYS360(P37,Q37)/360*54 -> 54 | S37: 03. Gestión de Análisis y Mejora Continua | T37: Acción Cumplida Pendiente evaluación tercera Linea | U37: =+IFERROR(VLOOKUP($L37,ACTIVIDADES!$B$9:$X$493,10,0),"") -> 0 | V37: =+IFERROR(VLOOKUP($L37,ACTIVIDADES!$B$9:$X$493,11,0)," ") -> Actividad reformulada con periodicidad semestral | W37: =+IFERROR(VLOOKUP($L37,ACTIVIDADES!$B$9:$X$493,12,0),"") -> 0 | X37: =+IFERROR(VLOOKUP($L37,ACTIVIDADES!$B$9:$X$493,13,0),"") -> 46153 | Y37: =+IFERROR(VLOOKUP($L37,ACTIVIDADES!$B$9:$X$493,14,0),"") -> Pendiente de inicio de ejecución | Z37: =+IFERROR(VLOOKUP($L37,ACTIVIDADES!$B$9:$X$493,15,0),"") -> 0 | AA37: =+IFERROR(VLOOKUP($L37,ACTIVIDADES!$B$9:$X$493,16,0),"") -> EJECUCIÓN | AB37: 46177 | AC37: 0 | AD37: No fue posible identificar evidencias para el presente período de análisis | AE37: SIN INICIAR | AF37: No aplica | AG37: No aplica | AH37: No aplica
A38: =+A37+1 -> 30 | B38: Auditoría interna | C38: 2020 | D38: Dirección General | F38: 2020_MC_H4 | G38: Monitoreo y Supervisión 17.7 Debido a la no existencia de Planes de Mejoramiento producto de las autoevaluaciones realizadas por los líderes del proceso, no se ha realizado la verificación y avance del respectivo cumplimiento. | H38: FORTALECIMIENTO ORGANIZACIONAL Y SIMPLIFICACIÓN DE PROCESOS | I38: No se han formulado planes de mejora resultado de ejercicios de autoevaluación | J38: No se han formmulado planes de mejora resultado de ejercicios de autoevaluación | K38: Acción correctiva | L38: MC_AC3 | M38: Presentar informess de autoevaluación semestrales acotrde con Plan de acción | N38: Informe semestral | O38: 2 | P38: 46023 | Q38: 46387 | R38: =DAYS360(P38,Q38)/360*54 -> 54 | S38: 03. Gestión de Análisis y Mejora Continua | T38: Acción Cumplida Pendiente evaluación tercera Linea | U38: =+IFERROR(VLOOKUP($L38,ACTIVIDADES!$B$9:$X$493,10,0),"") -> 0 | V38: =+IFERROR(VLOOKUP($L38,ACTIVIDADES!$B$9:$X$493,11,0)," ") -> Actividad reformulada con periodicidad semestral | W38: =+IFERROR(VLOOKUP($L38,ACTIVIDADES!$B$9:$X$493,12,0),"") -> 0 | X38: =+IFERROR(VLOOKUP($L38,ACTIVIDADES!$B$9:$X$493,13,0),"") -> 46153 | Y38: =+IFERROR(VLOOKUP($L38,ACTIVIDADES!$B$9:$X$493,14,0),"") -> Pendiente de inicio de ejecución | Z38: =+IFERROR(VLOOKUP($L38,ACTIVIDADES!$B$9:$X$493,15,0),"") -> 0 | AA38: =+IFERROR(VLOOKUP($L38,ACTIVIDADES!$B$9:$X$493,16,0),"") -> EJECUCIÓN | AB38: 46177 | AC38: 0 | AD38: No fue posible identificar evidencias para el presente período de análisis | AE38: SIN INICIAR | AF38: No aplica | AG38: No aplica | AH38: No aplica
A39: =+A38+1 -> 31 | B39: Auditoría interna | C39: 2020 | D39: Subdirección Administrativa y Financiera | F39: 2020_GF_H3 | G39: Desactualización de los saldos reflejados en el Rubro “Cuentas por Cobrar Incapacidades” por valor de $32.678.407 ya que este valor no fue actualizado con las incapacidades registradas en el primer y segundo trimestre de 2020, ni se realizaron los respectivos cruces de información entre los Procesos de Gestión del Talento Humano y Gestión Financiera, contraviniendo lo establecido en en el numeral 2.2.1 Reconocimiento y a las Políticas de Operación de Procedimiento de Control Interno Contable emitido por la Contaduría General de la Nación. Esta situación fue informada en el seguimiento de austeridad en el gasto realizado en el primer trimestre de 2020, sin que a la fecha se hayan tomado las acciones a que haya lugar para dar cumplimiento a las directrices establecidas por la Contaduría General de la Nación. | I39: 1. Porque; El proceso de Gestión de talento humano no reporta a tiempo las novedades de incapacidad al área de Gestión Financiera de manera oportuna. 2. Porque; No se realizó las conciliaciones entre talento humano y financiera en las licencias de incapacidades. 3. Porque; Falta de seguimiento y control por parte de la Gestión de talento humano y financiera | J39: Falta de seguimiento y control por parte de la Gestión de talento humano y financiera | K39: Acción correctiva | L39: GF_AC1 | M39: Formulación del procedimiento Conciliaciones contables donde se cruza la información de incapacidades | N39: Procedimiento formulado | O39: 1 | P39: 46023 | Q39: 46112 | R39: =DAYS360(P39,Q39)/360*54 -> 13.5 | S39: 13. Gestión Financiera | U39: =+IFERROR(VLOOKUP($L39,ACTIVIDADES!$B$9:$X$493,10,0),"") -> 1 | V39: =+IFERROR(VLOOKUP($L39,ACTIVIDADES!$B$9:$X$493,11,0)," ") -> Como evidencia se cuenta con la Formulación del procedimiento Conciliaciones contables donde se cruza la información de incapacidades | W39: =+IFERROR(VLOOKUP($L39,ACTIVIDADES!$B$9:$X$493,12,0),"") -> https://dnbcgovco-my.sharepoint.com/:f:/g/personal/planeacion_dnbc_gov_co/IgAKPZEalRp3T7O44VwZjBLlARF86VpmllJA36VR9-2qDG8?e=W6XaGX | X39: =+IFERROR(VLOOKUP($L39,ACTIVIDADES!$B$9:$X$493,13,0),"") -> 46153 | Y39: =+IFERROR(VLOOKUP($L39,ACTIVIDADES!$B$9:$X$493,14,0),"") -> Se evidencia procedimiento formulado en la vigencia 2025 | Z39: =+IFERROR(VLOOKUP($L39,ACTIVIDADES!$B$9:$X$493,15,0),"") -> 1 | AA39: =+IFERROR(VLOOKUP($L39,ACTIVIDADES!$B$9:$X$493,16,0),"") -> CUMPLIDO | AB39: 46177 | AC39: 1 | AD39: Se evidencia procedimiento conciliaciones contables PC-GF-16 y formato PC-GF-16-01 vigencia 2025, lo que permite verificar el cumplimiento de la actividad dentro del plazo establecido | AE39: C. OPORTUNAMENTE | AF39: No aplica | AG39: ABIERTO | AH39: De acuerdo con el procedimiento "Formulación, monitoreo y seguimiento a planes de mejoramiento internos y externos, V06 del 20/055/2026", se realizará la evaluación de la efectividad, cuando pasado un (1) año de su cumplimiento (31//03/2026), Control Interno establecerá si, las acciones propuestas o planeadas eliminaron o subsanaron la causa que generó el hallazgo, o se han modificado los supuestos de hecho o de derecho que dieron origen al mismo.
A40: =+A39+1 -> 32 | B40: Auditoría interna | C40: 2020 | D40: Subdirección Administrativa y Financiera | F40: 2020_GF_H5 | G40: Incumplimiento a lo señalado en el parágrafo 3° del Art. 2° de la Ley 901 de 2004, numeral 5° del Art. 2° de la Ley 1066 de 2006 y la Resolución 037 del 5 de Febrero de 2018 de la Contaduría General de la Nación - CGN; con respecto a la transmisión del Boletín de Deudores Morosos del Estado - BDME a través del CHIP , en relación a las deudas de las Personas Naturales y Jurídicas a favor de la DNBC superiores a 5 SMMLV ($4.388.515 para el año 2020) y más de 6 meses de mora, conforme a lo enunciado por el Proceso de Gestión del Talento Humano, sin que al 30 de junio, hayan sido conciliadas ni reportadas en el Boletín de Deudores Morosos así: ARL POSITIVA $4.921.280 SANITAS $21.629.404 | I40: 1. Porque; No se tiene actualizada las cifras de manera mensual por parte del proceso de Gestion de talento humano 2. Porque; No se tenia la persona idonea del proceso para realizar el seguimiento de las novedades de incapacidades y el cobro de las mismas 3. Porque; la informacion que actualmente tiene el area financiera con respecto a las novedades de incapacidades no están conciliadas. | J40: No se tenia la persona idonea del proceso para realizar el seguimiento de las novedades de incapacidades y el cobro de las mismas | K40: Acción correctiva | L40: GF_AC1 | M40: Formulación del procedimiento Conciliaciones contables donde se cruza la información de incapacidades | N40: Procedimiento formulado | O40: 1 | P40: 46023 | Q40: 46112 | R40: =DAYS360(P40,Q40)/360*54 -> 13.5 | S40: 13. Gestión Financiera | U40: =+IFERROR(VLOOKUP($L40,ACTIVIDADES!$B$9:$X$493,10,0),"") -> 1 | V40: =+IFERROR(VLOOKUP($L40,ACTIVIDADES!$B$9:$X$493,11,0)," ") -> Como evidencia se cuenta con la Formulación del procedimiento Conciliaciones contables donde se cruza la información de incapacidades | W40: =+IFERROR(VLOOKUP($L40,ACTIVIDADES!$B$9:$X$493,12,0),"") -> https://dnbcgovco-my.sharepoint.com/:f:/g/personal/planeacion_dnbc_gov_co/IgAKPZEalRp3T7O44VwZjBLlARF86VpmllJA36VR9-2qDG8?e=W6XaGX | X40: =+IFERROR(VLOOKUP($L40,ACTIVIDADES!$B$9:$X$493,13,0),"") -> 46153 | Y40: =+IFERROR(VLOOKUP($L40,ACTIVIDADES!$B$9:$X$493,14,0),"") -> Se evidencia procedimiento formulado en la vigencia 2025 | Z40: =+IFERROR(VLOOKUP($L40,ACTIVIDADES!$B$9:$X$493,15,0),"") -> 1 | AA40: =+IFERROR(VLOOKUP($L40,ACTIVIDADES!$B$9:$X$493,16,0),"") -> CUMPLIDO | AB40: 46170 | AC40: 1 | AD40: Se evidencia procedimiento conciliaciones contables PC-GF-16 y formato PC-GF-16-01 vigencia 2025, lo que permite verificar el cumplimiento de la actividad dentro del plazo establecido | AE40: C. OPORTUNAMENTE | AF40: No aplica | AG40: ABIERTO | AH40: De acuerdo con el procedimiento "Formulación, monitoreo y seguimiento a planes de mejoramiento internos y externos, V06 del 20/055/2026", se realizará la evaluación de la efectividad, cuando pasado un (1) año de su cumplimiento (31//03/2026), Control Interno establecerá si, las acciones propuestas o planeadas eliminaron o subsanaron la causa que generó el hallazgo, o se han modificado los supuestos de hecho o de derecho que dieron origen al mismo.
A41: =+A40+1 -> 33 | B41: Auditoría interna | C41: 2020 | D41: Subdirección Administrativa y Financiera | F41: 2020_GF_H5 | G41: Incumplimiento a lo señalado en el parágrafo 3° del Art. 2° de la Ley 901 de 2004, numeral 5° del Art. 2° de la Ley 1066 de 2006 y la Resolución 037 del 5 de Febrero de 2018 de la Contaduría General de la Nación - CGN; con respecto a la transmisión del Boletín de Deudores Morosos del Estado - BDME a través del CHIP , en relación a las deudas de las Personas Naturales y Jurídicas a favor de la DNBC superiores a 5 SMMLV ($4.388.515 para el año 2020) y más de 6 meses de mora, conforme a lo enunciado por el Proceso de Gestión del Talento Humano, sin que al 30 de junio, hayan sido conciliadas ni reportadas en el Boletín de Deudores Morosos así: ARL POSITIVA $4.921.280 SANITAS $21.629.404 | I41: 1. Porque; No se tiene actualizada las cifras de manera mensual por parte del proceso de Gestion de talento humano 2. Porque; No se tenia la persona idonea del proceso para realizar el seguimiento de las novedades de incapacidades y el cobro de las mismas 3. Porque; la informacion que actualmente tiene el area financiera con respecto a las novedades de incapacidades no están conciliadas. | J41: No se tenia la persona idonea del proceso para realizar el seguimiento de las novedades de incapacidades y el cobro de las mismas | K41: Acción correctiva | L41: GF_AC2 | M41: Reportar En el Boletín de Deudores Morosos, los saldos por Cobrar por concepto de Incapacidades dentro de los plazos establecidos por la CGN | N41: Boletín de Deudores morosos | O41: 1 | P41: 46023 | Q41: 46112 | R41: =DAYS360(P41,Q41)/360*54 -> 13.5 | S41: 13. Gestión Financiera | U41: =+IFERROR(VLOOKUP($L41,ACTIVIDADES!$B$9:$X$493,10,0),"") -> 1 | V41: =+IFERROR(VLOOKUP($L41,ACTIVIDADES!$B$9:$X$493,11,0)," ") -> Se deja en evidencia e boletinde deudores morosos del mes de noviembre de 2025 | W41: =+IFERROR(VLOOKUP($L41,ACTIVIDADES!$B$9:$X$493,12,0),"") -> https://dnbcgovco-my.sharepoint.com/:f:/g/personal/planeacion_dnbc_gov_co/IgAKPZEalRp3T7O44VwZjBLlARF86VpmllJA36VR9-2qDG8?e=W6XaGX | X41: =+IFERROR(VLOOKUP($L41,ACTIVIDADES!$B$9:$X$493,13,0),"") -> 46153 | Y41: =+IFERROR(VLOOKUP($L41,ACTIVIDADES!$B$9:$X$493,14,0),"") -> Se incluye información de deudores morosos del mes de noviembre de 2025. El proximo reporte se realiza en el mes de junio | Z41: =+IFERROR(VLOOKUP($L41,ACTIVIDADES!$B$9:$X$493,15,0),"") -> 1 | AA41: =+IFERROR(VLOOKUP($L41,ACTIVIDADES!$B$9:$X$493,16,0),"") -> CUMPLIDO | AB41: 46170 | AC41: 1 | AD41: Se evidencia correo electronico de fecha 04/012/2025 en el cual se hace el reporte de deudores morosos y el envio del informe a trev es del CHIP correspondiente la mes de Noviembre 2025 | AE41: C. OPORTUNAMENTE | AF41: No aplica | AG41: ABIERTO | AH41: De acuerdo con el procedimiento "Formulación, monitoreo y seguimiento a planes de mejoramiento internos y externos, V06 del 20/055/2026", se realizará la evaluación de la efectividad, cuando pasado un (1) año de su cumplimiento (31//03/2026), Control Interno establecerá si, las acciones propuestas o planeadas eliminaron o subsanaron la causa que generó el hallazgo, o se han modificado los supuestos de hecho o de derecho que dieron origen al mismo.
A42: =+A41+1 -> 34 | B42: Auditoría interna | C42: 2020 | D42: Subdirección Administrativa y Financiera | F42: 2020_TI_H2 | G42: Actividades de control 11.2 La entidad, no tiene documentado dentro de la entidad el desarrollo de actividades de control sobre las actividades realizadas por el proveedor de servicios de tecnología. | I42: Teniendo en cuenta que es un númeral nuevo dentro de la norma, no se tenia contemplado dentro del proceso y no se generó documentación formal para el desarrollo de esta actividad. | J42: Teniendo en cuenta que es un númeral nuevo dentro de la norma, no se tenia contemplado dentro del proceso y no se generó documentación formal para el desarrollo de esta actividad. | K42: Acción correctiva | L42: TI_AC11 | M42: Formular un estrategia de Arquitetura Empresarial para la definición e implementación de necesidades tecnologicas en prestación de servicios | N42: Estrategia Formulada e implementada | O42: 1 | P42: 46143 | Q42: 46387 | R42: =DAYS360(P42,Q42)/360*54 -> 36 | S42: 18. Gestión de Tecnología e Informática | U42: =+IFERROR(VLOOKUP($L42,ACTIVIDADES!$B$9:$X$493,10,0),"") -> 0.7 | V42: =+IFERROR(VLOOKUP($L42,ACTIVIDADES!$B$9:$X$493,11,0)," ") -> Se adjunta como evidencia el PETI 2026 y la formulación del proyecto RUE 2.0, los cuales incorporan elementos de Arquitectura Empresarial asociados a arquitectura de negocio, información, aplicaciones y tecnología, definiendo capacidades, componentes, interoperabilidad y ruta de implementación para atender necesidades tecnológicas en la prestación de servicios institucionales. | W42: =+IFERROR(VLOOKUP($L42,ACTIVIDADES!$B$9:$X$493,12,0),"") -> https://dnbcgovco-my.sharepoint.com/:f:/g/personal/planeacion_dnbc_gov_co/IgC3xOsSNj8IRIL11vaiFWcgAUu6Fkz2uB8R8KlqPRMkdhk?e=pJDNvr | X42: =+IFERROR(VLOOKUP($L42,ACTIVIDADES!$B$9:$X$493,13,0),"") -> 46153 | Y42: =+IFERROR(VLOOKUP($L42,ACTIVIDADES!$B$9:$X$493,14,0),"") -> Se incluye documento de necesidad RUE y borrador de actualización del PETI | Z42: =+IFERROR(VLOOKUP($L42,ACTIVIDADES!$B$9:$X$493,15,0),"") -> 0.5 | AA42: =+IFERROR(VLOOKUP($L42,ACTIVIDADES!$B$9:$X$493,16,0),"") -> EJECUCIÓN | AB42: 46181 | AC42: 0.5 | AD42: Se evidencia como soporte el borrador del Plan Estratégico de Tecnologías de la Información (PETI) 2026 y el documento de necesidad del proyecto RUE 2.0, los cuales reflejan avances en la planeación de la estrategia de Arquitectura Empresarial. No obstante, la evidencia corresponde a documentos de formulación, por lo que aún no permite verificar su implementación efectiva ni la materialización de los componentes definidos. En consecuencia, se evidencia un avance parcial en la acción correctiva y se recomienda continuar con su ejecución y aportar los soportes que demuestren su implementación. | AE42: EN EJECUCIÓN | AF42: No aplica | AG42: No aplica | AH42: No aplica
A43: =+A42+1 -> 35 | B43: Auditoría interna | C43: 2020 | D43: Subdirección Administrativa y Financiera | F43: 2020_TI_H4 | G43: Infor y Comunicación 13.2 La entidad posee el registro de activos de la información, el cual se encuentra desactualizado desde el 2019. | I43: Con el proceso de renovación tecnológica se hace necesaria la actualización de la información contenida en los activos de información, por lo cual se espero a culminar el proceso para dar inicio a la actualización de la información y debido a la multiplicidad de tareas a cargo del proceso, no se logró realizar la actualización. | J43: Con el proceso de renovación tecnológica se hace necesaria la actualización de la información contenida en los activos de información, por lo cual se espero a culminar el proceso para dar inicio a la actualización de la información y debido a la multiplicidad de tareas a cargo del proceso, no se logró realizar la actualización. | K43: Acción correctiva | L43: TI_AC13 | M43: Actualización matriz de activos de información | N43: Matriz actualizada | O43: 1 | P43: 46023 | Q43: 46173 | R43: =DAYS360(P43,Q43)/360*54 -> 22.5 | S43: 18. Gestión de Tecnología e Informática | U43: =+IFERROR(VLOOKUP($L43,ACTIVIDADES!$B$9:$X$493,10,0),"") -> 0 | V43: =+IFERROR(VLOOKUP($L43,ACTIVIDADES!$B$9:$X$493,11,0)," ") -> 0 | W43: =+IFERROR(VLOOKUP($L43,ACTIVIDADES!$B$9:$X$493,12,0),"") -> 0 | X43: =+IFERROR(VLOOKUP($L43,ACTIVIDADES!$B$9:$X$493,13,0),"") -> 46153 | Y43: =+IFERROR(VLOOKUP($L43,ACTIVIDADES!$B$9:$X$493,14,0),"") -> No se evidencia seguimiento | Z43: =+IFERROR(VLOOKUP($L43,ACTIVIDADES!$B$9:$X$493,15,0),"") -> 0 | AA43: =+IFERROR(VLOOKUP($L43,ACTIVIDADES!$B$9:$X$493,16,0),"") -> EJECUCIÓN | AB43: 46181 | AC43: 0 | AD43: No fue posible identificar evidencias para el presente período de análisis | AE43: SIN INICIAR | AF43: No aplica | AG43: No aplica | AH43: No aplica
A44: =+A43+1 -> 36 | B44: Auditoría interna | C44: 2020 | D44: Subdirección Administrativa y Financiera | F44: 2020_AU_H1 | G44: Infor y Comunicación 15.3 La DNBC, posee el Procedimiento de recepción, distribución, seguimiento y salida de Peticiones, Quejas, Reclamos, Sugerencias y Denuncias; sin embargo, se presentan respuestas extemporáneas con base en la información publicada en la página web así: Julio (9), agosto (3), septiembre (29), octubre (27) y noviembre (2) | H44: SERVICIO AL CIUDADANO | I44: No se inician las acciones a que haya lugar por el incumplimiento | J44: No se inician las acciones a que haya lugar por el incumplimiento Falta de seguimiento y control en los procesos | K44: Acción correctiva | L44: AU_AC1 | M44: Reportar de manera periodica a los lideres del proceso las PQRSD con su respectivo estado, con el fin de que estos inicien las acciones pertinentes con funcionarios y contratistas | N44: Reportes de control a líderes de proceso | O44: 12 | P44: 46023 | Q44: 46357 | R44: =DAYS360(P44,Q44)/360*54 -> 49.5 | S44: 05. Gestión de Atención al Usuario | U44: =+IFERROR(VLOOKUP($L44,ACTIVIDADES!$B$9:$X$493,10,0),"") -> 0 | V44: =+IFERROR(VLOOKUP($L44,ACTIVIDADES!$B$9:$X$493,11,0)," ") -> Se informaron alertas mensuales a través de correo electrónico a los líderes de procesos | W44: =+IFERROR(VLOOKUP($L44,ACTIVIDADES!$B$9:$X$493,12,0),"") -> https://dnbcgovco-my.sharepoint.com/my?id=%2Fpersonal%2Fplaneacion%5Fdnbc%5Fgov%5Fco%2FDocuments%2FDocumentos%20SIGE%2F6%2E%20Planes%2FPLAN%20DE%20MEJORA%2F2026%2F01%2E%20Seguimiento%20Primer%20Trimestre%2F05%2E%20Gesti%C3%B3n%20de%20Atenci%C3%B3n%20al%20Usuario&viewid=efb70791%2Db8ab%2D49e7%2Db552%2Dd3d4cbe976b9 | X44: =+IFERROR(VLOOKUP($L44,ACTIVIDADES!$B$9:$X$493,13,0),"") -> 46153 | Y44: =+IFERROR(VLOOKUP($L44,ACTIVIDADES!$B$9:$X$493,14,0),"") -> Se evidencian reportes del primer trimestre del año | Z44: =+IFERROR(VLOOKUP($L44,ACTIVIDADES!$B$9:$X$493,15,0),"") -> 0.25 | AA44: =+IFERROR(VLOOKUP($L44,ACTIVIDADES!$B$9:$X$493,16,0),"") -> EJECUCIÓN | AB44: 46157 | AC44: 0.25 | AD44: Se evidencian informes de PQRSD de enero, febrero y marzo, como tambien soportes de correos de alertas por parte de atencion al ciudadano con fecha 24/02/2026, 13/03/2026 y 09/04/2026 | AE44: EN EJECUCIÓN | AF44: No aplica | AG44: No aplica | AH44: No aplica
A45: =+A44+1 -> 37 | B45: Auditoría interna | C45: 2020 | D45: Subdirección Administrativa y Financiera | F45: 2020_AU_H1 | G45: Infor y Comunicación 15.3 La DNBC, posee el Procedimiento de recepción, distribución, seguimiento y salida de Peticiones, Quejas, Reclamos, Sugerencias y Denuncias; sin embargo, se presentan respuestas extemporáneas con base en la información publicada en la página web así: Julio (9), agosto (3), septiembre (29), octubre (27) y noviembre (2) | H45: SERVICIO AL CIUDADANO | I45: Falta de seguimiento y control en los procesos | J45: No se inician las acciones a que haya lugar por el incumplimiento Falta de seguimiento y control en los procesos | K45: Acción correctiva | L45: AU_AC2 | M45: Requerir a los contratistas o funcionarios que tienen PQRSD por responder para que realicen la respuesta oportuna dentro de los tiempos de ley y que cuenten con la respectiva evidencia. | N45: Captura cierre especifico ORFEO | O45: 1 | P45: 46082 | Q45: 46357 | R45: =DAYS360(P45,Q45)/360*54 -> 40.5 | S45: 05. Gestión de Atención al Usuario | T45: Revisar | U45: =+IFERROR(VLOOKUP($L45,ACTIVIDADES!$B$9:$X$493,10,0),"") -> 0 | V45: =+IFERROR(VLOOKUP($L45,ACTIVIDADES!$B$9:$X$493,11,0)," ") -> Esta actividad debe realizarse por parte de los líderes de procesos, no por GAU, ya que no tiene competencia. Se solicita evaluar sí se deben solicitar los pantallazos mensuales previo al pago de la cuenta de cobro, teniendo en cuenta que se hayan respondido las PQRSD del mes anterior. | W45: =+IFERROR(VLOOKUP($L45,ACTIVIDADES!$B$9:$X$493,12,0),"") -> 0 | X45: =+IFERROR(VLOOKUP($L45,ACTIVIDADES!$B$9:$X$493,13,0),"") -> 46153 | Y45: =+IFERROR(VLOOKUP($L45,ACTIVIDADES!$B$9:$X$493,14,0),"") -> Se debe revisar la ejecución de está actividad con los lideres de proceso acorde con la observación del proceso | Z45: =+IFERROR(VLOOKUP($L45,ACTIVIDADES!$B$9:$X$493,15,0),"") -> 0 | AA45: =+IFERROR(VLOOKUP($L45,ACTIVIDADES!$B$9:$X$493,16,0),"") -> EJECUCIÓN | AB45: 46157 | AC45: 0 | AD45: No fue posible identificar evidencias para el presente período de análisis | AE45: SIN INICIAR | AF45: No aplica | AG45: No aplica | AH45: No aplica
A46: =+A45+1 -> 38 | B46: Auditoría interna | C46: 2020 | D46: Dirección General | F46: 2020_MC_H2 | G46: Monitoreo y Supervisión 17.3 La DNBC, tiene implementado el Procedimiento de acciones, correctivas, preventivas y de mejora, donde señala que responsables de los procesos, funcionarios y contratistas tienen la posibilidad de reportar al Jefe Inmediato, las deficiencias del Sistema de Control Interno, para la toma de decisiones. Sin embargo, no se han formulado planes de mejoramiento producto de autoevaluaciones realizadas por los líderes del proceso de acuerdo con lo establecido en las políticas de operación. | H46: FORTALECIMIENTO ORGANIZACIONAL Y SIMPLIFICACIÓN DE PROCESOS | I46: Las procesos no dan aplicabilidad a la actividad contemplada el en procedimiento de acciones correctivas, preventivas y de mejora, que tratan de autoevaluaciones. No se ahonda en la temática de autoevaluaciones continuamente. | J46: Las procesos no dan aplicabilidad a la actividad contemplada el en procedimiento de acciones correctivas, preventivas y de mejora, que tratan de autoevaluaciones. No se ahonda en la temática de autoevaluaciones continuamente. | K46: Acción correctiva | L46: MC_AC2 | M46: Socializar Políticas de operación del procedimiento de Planes de Mejora para implementación | N46: Socialización del procedimiento | O46: 1 | P46: 46023 | Q46: 46112 | R46: =DAYS360(P46,Q46)/360*54 -> 13.5 | S46: 03. Gestión de Análisis y Mejora Continua | T46: Acción Cumplida Pendiente evaluación tercera Linea | U46: =+IFERROR(VLOOKUP($L46,ACTIVIDADES!$B$9:$X$493,10,0),"") -> 1 | V46: =+IFERROR(VLOOKUP($L46,ACTIVIDADES!$B$9:$X$493,11,0)," ") -> Durante el primer trimestre de la vigencia 2026 se actualizó el procedimiento y se socializó | W46: =+IFERROR(VLOOKUP($L46,ACTIVIDADES!$B$9:$X$493,12,0),"") -> https://dnbcgovco-my.sharepoint.com/:f:/g/personal/planeacion_dnbc_gov_co/IgDYe2GS_ayPSIaWtvQYv0qbAc8IxdnR2DbMxEMLmfk0p8A?e=smqHjg | X46: =+IFERROR(VLOOKUP($L46,ACTIVIDADES!$B$9:$X$493,13,0),"") -> 46153 | Y46: =+IFERROR(VLOOKUP($L46,ACTIVIDADES!$B$9:$X$493,14,0),"") -> Se evidencia socialización del 6 de marzo de 2026 | Z46: =+IFERROR(VLOOKUP($L46,ACTIVIDADES!$B$9:$X$493,15,0),"") -> 1 | AA46: =+IFERROR(VLOOKUP($L46,ACTIVIDADES!$B$9:$X$493,16,0),"") -> CUMPLIDO | AB46: 46177 | AC46: 1 | AD46: Se evidencia que durante el primer trimestre de la vigencia 2026 se actualizó y socializó el Procedimiento de Formulación, Monitoreo y Seguimiento a Planes de Mejoramiento Internos y Externos, actividad soportada mediante listado de asistencia de fecha 6 de marzo de 2026. En consecuencia, desde la tercera línea de defensa se valida la ejecución de la acción correctiva relacionada con la socialización de las políticas de operación para su implementación. No obstante, se recomienda realizar seguimiento a la apropiación y aplicación del procedimiento por parte de los procesos, con el fin de verificar su efectividad frente a la causa que originó el hallazgo | AE46: C. OPORTUNAMENTE | AF46: No aplica | AG46: ABIERTO | AH46: De acuerdo con el procedimiento "Formulación, monitoreo y seguimiento a planes de mejoramiento internos y externos, V06 del 20/055/2026", se realizará la evaluación de la efectividad, cuando pasado un (1) año de su cumplimiento (31//03/2026), Control Interno establecerá si, las acciones propuestas o planeadas eliminaron o subsanaron la causa que generó el hallazgo, o se han modificado los supuestos de hecho o de derecho que dieron origen al mismo.
A47: =+A46+1 -> 39 | B47: Auditoría interna | C47: 2020 | D47: Dirección General | F47: 2020_MC_H2 | G47: Monitoreo y Supervisión 17.3 La DNBC, tiene implementado el Procedimiento de acciones, correctivas, preventivas y de mejora, donde señala que responsables de los procesos, funcionarios y contratistas tienen la posibilidad de reportar al Jefe Inmediato, las deficiencias del Sistema de Control Interno, para la toma de decisiones. Sin embargo, no se han formulado planes de mejoramiento producto de autoevaluaciones realizadas por los líderes del proceso de acuerdo con lo establecido en las políticas de operación. | H47: FORTALECIMIENTO ORGANIZACIONAL Y SIMPLIFICACIÓN DE PROCESOS | I47: Las procesos no dan aplicabilidad a la actividad contemplada el en procedimiento de acciones correctivas, preventivas y de mejora, que tratan de autoevaluaciones. No se realiza seguimiento continuamente en la generacion de autoevaluaciones | J47: Las procesos no dan aplicabilidad a la actividad contemplada el en procedimiento de acciones correctivas, preventivas y de mejora, que tratan de autoevaluaciones. No se realiza seguimiento continuamente en la generacion de autoevaluaciones | K47: Acción correctiva | L47: MC_AC3 | M47: Presentar informess de autoevaluación semestrales acotrde con Plan de acción | N47: Informe semestral | O47: 2 | P47: 46023 | Q47: 46387 | R47: =DAYS360(P47,Q47)/360*54 -> 54 | S47: 03. Gestión de Análisis y Mejora Continua | T47: Acción Cumplida Pendiente evaluación tercera Linea | U47: =+IFERROR(VLOOKUP($L47,ACTIVIDADES!$B$9:$X$493,10,0),"") -> 0 | V47: =+IFERROR(VLOOKUP($L47,ACTIVIDADES!$B$9:$X$493,11,0)," ") -> Actividad reformulada con periodicidad semestral | W47: =+IFERROR(VLOOKUP($L47,ACTIVIDADES!$B$9:$X$493,12,0),"") -> 0 | X47: =+IFERROR(VLOOKUP($L47,ACTIVIDADES!$B$9:$X$493,13,0),"") -> 46153 | Y47: =+IFERROR(VLOOKUP($L47,ACTIVIDADES!$B$9:$X$493,14,0),"") -> Pendiente de inicio de ejecución | Z47: =+IFERROR(VLOOKUP($L47,ACTIVIDADES!$B$9:$X$493,15,0),"") -> 0 | AA47: =+IFERROR(VLOOKUP($L47,ACTIVIDADES!$B$9:$X$493,16,0),"") -> EJECUCIÓN | AB47: 46177 | AC47: 0 | AD47: No fue posible identificar evidencias para el presente período de análisis | AE47: SIN INICIAR | AF47: No aplica | AG47: No aplica | AH47: No aplica
A48: =+A47+1 -> 40 | B48: Auditoría interna | C48: 2020 | D48: Dirección General | F48: 2020_MC_H5 | G48: Monitoreo y Supervisión 17.7 No se evidenciar por parte de la Segunda Línea de Defensa, la verificación del avance y cumplimiento de las acciones incluidas en los planes de mejoramiento producto de las autoevaluaciones, por cuanto los mismos no se han suscrito. | H48: FORTALECIMIENTO ORGANIZACIONAL Y SIMPLIFICACIÓN DE PROCESOS | I48: Las procesos no dan aplicabilidad a la actividad contemplada el en procedimiento de acciones correctivas, preventivas y de mejora, que tratan de autoevaluaciones. No se realiza seguimiento continuamente en la generacion de autoevaluaciones | J48: Las procesos no dan aplicabilidad a la actividad contemplada el en procedimiento de acciones correctivas, preventivas y de mejora, que tratan de autoevaluaciones. No se realiza seguimiento continuamente en la generacion de autoevaluaciones | K48: Acción correctiva | L48: MC_AC3 | M48: Presentar informess de autoevaluación semestrales acotrde con Plan de acción | N48: Informe semestral | O48: 2 | P48: 46023 | Q48: 46387 | R48: =DAYS360(P48,Q48)/360*54 -> 54 | S48: 03. Gestión de Análisis y Mejora Continua | T48: Acción Cumplida Pendiente evaluación tercera Linea | U48: =+IFERROR(VLOOKUP($L48,ACTIVIDADES!$B$9:$X$493,10,0),"") -> 0 | V48: =+IFERROR(VLOOKUP($L48,ACTIVIDADES!$B$9:$X$493,11,0)," ") -> Actividad reformulada con periodicidad semestral | W48: =+IFERROR(VLOOKUP($L48,ACTIVIDADES!$B$9:$X$493,12,0),"") -> 0 | X48: =+IFERROR(VLOOKUP($L48,ACTIVIDADES!$B$9:$X$493,13,0),"") -> 46153 | Y48: =+IFERROR(VLOOKUP($L48,ACTIVIDADES!$B$9:$X$493,14,0),"") -> Pendiente de inicio de ejecución | Z48: =+IFERROR(VLOOKUP($L48,ACTIVIDADES!$B$9:$X$493,15,0),"") -> 0 | AA48: =+IFERROR(VLOOKUP($L48,ACTIVIDADES!$B$9:$X$493,16,0),"") -> EJECUCIÓN | AB48: 46177 | AC48: 0 | AD48: No fue posible identificar evidencias para el presente período de análisis | AE48: SIN INICIAR | AF48: No aplica | AG48: No aplica | AH48: No aplica
A49: =+A48+1 -> 41 | B49: Auditoría interna | C49: 2020 | D49: Subdirección Administrativa y Financiera | F49: 2020_MC_H6 | G49: Se encontró que el Proceso Gestión Financiera no esta realizando el respectivo monitoreo a la formulación y ejecución de las acciones de mejora derivadas de la evaluación al Control Interno Contable,ya que no se establecieron acciones de mejora para algunos items del presente cuestionario, que quedaron por ejecutar en la vigencia 2019. | I49: Por contar con un sin numero de tareas no se comtemplo la realizacion de esta accion de mejora. | J49: Por contar con un sin numero de tareas no se comtemplo la realizacion de esta accion de mejora. | K49: Acción correctiva | L49: MC_AC9 | M49: Monitorear la formulación y ejecución de las acciones derivadas de los planes de mejora | N49: Informes de monitoreos | O49: 4 | P49: 46023 | Q49: 46387 | R49: =DAYS360(P49,Q49)/360*54 -> 54 | S49: 03. Gestión de Análisis y Mejora Continua | U49: =+IFERROR(VLOOKUP($L49,ACTIVIDADES!$B$9:$X$493,10,0),"") -> 0.25 | V49: =+IFERROR(VLOOKUP($L49,ACTIVIDADES!$B$9:$X$493,11,0)," ") -> Se realiza durante el mes de abril el primer monitoreo de planes de mejora, así como la aprobación de su reformulación en Comité de Control Interno | W49: =+IFERROR(VLOOKUP($L49,ACTIVIDADES!$B$9:$X$493,12,0),"") -> https://dnbcgovco-my.sharepoint.com/:f:/g/personal/planeacion_dnbc_gov_co/IgDKtjIGM6TQRZiRK4q944amAfUlNwm8Q9aLRceFhhl58t8?e=gvQ8Yn | X49: =+IFERROR(VLOOKUP($L49,ACTIVIDADES!$B$9:$X$493,13,0),"") -> 46153 | Y49: =+IFERROR(VLOOKUP($L49,ACTIVIDADES!$B$9:$X$493,14,0),"") -> Se realiza durante el mes de abril el primer monitoreo de planes de mejora, así como la aprobación de su reformulación en Comité de Control Interno | Z49: =+IFERROR(VLOOKUP($L49,ACTIVIDADES!$B$9:$X$493,15,0),"") -> 0.25 | AA49: =+IFERROR(VLOOKUP($L49,ACTIVIDADES!$B$9:$X$493,16,0),"") -> EJECUCIÓN | AB49: 46177 | AC49: 0.25 | AD49: Se evidencia la realización del primer monitoreo a los planes de mejoramiento durante la vigencia 2026, así como la remisión de seguimientos preliminares y la reformulación de acciones aprobada en Comité de Control Interno. La evidencia permite verificar avances en la ejecución de la acción correctiva relacionada con el monitoreo de la formulación y ejecución de las acciones derivadas de los planes de mejora. No obstante, desde la tercera línea de defensa no es posible concluir el cierre definitivo del hallazgo, toda vez que no se aportan soportes que permitan verificar que la totalidad de las acciones derivadas de la evaluación de Control Interno Contable fueron formuladas, ejecutadas y monitoreadas hasta su cierre efectivo. | AE49: EN EJECUCIÓN | AF49: No aplica | AG49: No aplica | AH49: No aplica
A50: =+A49+1 -> 42 | B50: Auditoría interna | C50: 2020 | D50: Subdirección Administrativa y Financiera | F50: Pendiente | I50: A pesar de realizar conciliaciones entre las Areas y Financiera, no existe una Politica Contable que establezca conciliaciones de las partidas más relevantes. Desconocimiento de la obligatoriedad de incorporar cruces de partidas relevantes. | J50: A pesar de realizar conciliaciones entre las Areas y Financiera, no existe una Politica Contable que establezca conciliaciones de las partidas más relevantes. | K50: Acción correctiva | L50: GF_AC1 | M50: Formulación del procedimiento Conciliaciones contables donde se cruza la información de incapacidades | N50: Procedimiento formulado | O50: 1 | P50: 46023 | Q50: 46112 | R50: =DAYS360(P50,Q50)/360*54 -> 13.5 | S50: 13. Gestión Financiera | U50: =+IFERROR(VLOOKUP($L50,ACTIVIDADES!$B$9:$X$493,10,0),"") -> 1 | V50: =+IFERROR(VLOOKUP($L50,ACTIVIDADES!$B$9:$X$493,11,0)," ") -> Como evidencia se cuenta con la Formulación del procedimiento Conciliaciones contables donde se cruza la información de incapacidades | W50: =+IFERROR(VLOOKUP($L50,ACTIVIDADES!$B$9:$X$493,12,0),"") -> https://dnbcgovco-my.sharepoint.com/:f:/g/personal/planeacion_dnbc_gov_co/IgAKPZEalRp3T7O44VwZjBLlARF86VpmllJA36VR9-2qDG8?e=W6XaGX | X50: =+IFERROR(VLOOKUP($L50,ACTIVIDADES!$B$9:$X$493,13,0),"") -> 46153 | Y50: =+IFERROR(VLOOKUP($L50,ACTIVIDADES!$B$9:$X$493,14,0),"") -> Se evidencia procedimiento formulado en la vigencia 2025 | Z50: =+IFERROR(VLOOKUP($L50,ACTIVIDADES!$B$9:$X$493,15,0),"") -> 1 | AA50: =+IFERROR(VLOOKUP($L50,ACTIVIDADES!$B$9:$X$493,16,0),"") -> CUMPLIDO | AB50: 46170 | AC50: 1 | AD50: Se evidencia procedimiento conciliaciones contables PC-GF-16 y formato PC-GF-16-01 vigencia 2025, lo que permite verificar el cumplimiento de la actividad dentro del plazo establecido | AE50: C. OPORTUNAMENTE | AF50: No aplica | AG50: ABIERTO | AH50: De acuerdo con el procedimiento "Formulación, monitoreo y seguimiento a planes de mejoramiento internos y externos, V06 del 20/055/2026", se realizará la evaluación de la efectividad, cuando pasado un (1) año de su cumplimiento (31//03/2026), Control Interno establecerá si, las acciones propuestas o planeadas eliminaron o subsanaron la causa que generó el hallazgo, o se han modificado los supuestos de hecho o de derecho que dieron origen al mismo.
A51: =+A50+1 -> 43 | B51: Auditoría interna | C51: 2020 | D51: Subdirección Administrativa y Financiera | F51: 2020_GF_H6 | G51: Las cuentas del Pasivo, no están siendo conciliadas con las diferentes areas al interior de la entidad, al igual que No existen procedimientos ni lineamientos para estos cruces de Información. De igual forma, requiere de socialización. | I51: A pesar de realizar conciliaciones entre las Areas y Financiera, no existe en las Politicas Contables de la entidad un Capitulo sobre los cruces de informacion de las Cuentas por Pagar por parte de los Supervisores de los Contratos. Desconocimiento de la obligatoriedad de incorporar conciliaciones en las cuentas del pasivo | J51: No existe en las Politicas Contables de la entidad un Capitulo sobre los cruces de informacion de las Cuentas por Pagar Desconocimiento de la obligatoriedad de incorporar cruces en las cuentas del pasivo | K51: Acción correctiva | L51: GF_AC1 | M51: Formulación del procedimiento Conciliaciones contables donde se cruza la información de incapacidades | N51: Procedimiento formulado | O51: 1 | P51: 46023 | Q51: 46112 | R51: =DAYS360(P51,Q51)/360*54 -> 13.5 | S51: 13. Gestión Financiera | U51: =+IFERROR(VLOOKUP($L51,ACTIVIDADES!$B$9:$X$493,10,0),"") -> 1 | V51: =+IFERROR(VLOOKUP($L51,ACTIVIDADES!$B$9:$X$493,11,0)," ") -> Como evidencia se cuenta con la Formulación del procedimiento Conciliaciones contables donde se cruza la información de incapacidades | W51: =+IFERROR(VLOOKUP($L51,ACTIVIDADES!$B$9:$X$493,12,0),"") -> https://dnbcgovco-my.sharepoint.com/:f:/g/personal/planeacion_dnbc_gov_co/IgAKPZEalRp3T7O44VwZjBLlARF86VpmllJA36VR9-2qDG8?e=W6XaGX | X51: =+IFERROR(VLOOKUP($L51,ACTIVIDADES!$B$9:$X$493,13,0),"") -> 46153 | Y51: =+IFERROR(VLOOKUP($L51,ACTIVIDADES!$B$9:$X$493,14,0),"") -> Se evidencia procedimiento formulado en la vigencia 2025 | Z51: =+IFERROR(VLOOKUP($L51,ACTIVIDADES!$B$9:$X$493,15,0),"") -> 1 | AA51: =+IFERROR(VLOOKUP($L51,ACTIVIDADES!$B$9:$X$493,16,0),"") -> CUMPLIDO | AB51: 46170 | AC51: 1 | AD51: Se evidencia procedimiento conciliaciones contables PC-GF-16 y formato PC-GF-16-01 vigencia 2025, lo que permite verificar el cumplimiento de la actividad dentro del plazo establecido | AE51: C. OPORTUNAMENTE | AF51: No aplica | AG51: ABIERTO | AH51: De acuerdo con el procedimiento "Formulación, monitoreo y seguimiento a planes de mejoramiento internos y externos, V06 del 20/055/2026", se realizará la evaluación de la efectividad, cuando pasado un (1) año de su cumplimiento (31//03/2026), Control Interno establecerá si, las acciones propuestas o planeadas eliminaron o subsanaron la causa que generó el hallazgo, o se han modificado los supuestos de hecho o de derecho que dieron origen al mismo.
A52: =+A51+1 -> 44 | B52: Auditoría interna | C52: 2020 | D52: Subdirección Administrativa y Financiera | F52: 2020_GF_H6 | G52: Las cuentas del Pasivo, no están siendo conciliadas con las diferentes areas al interior de la entidad, al igual que No existen procedimientos ni lineamientos para estos cruces de Información. De igual forma, requiere de socialización. | I52: A pesar de realizar conciliaciones entre las Areas y Financiera, no existe en las Politicas Contables de la entidad un Capitulo sobre los cruces de informacion de las Cuentas por Pagar por parte de los Supervisores de los Contratos. Desconocimiento de la obligatoriedad de incorporar conciliaciones en las cuentas del pasivo | J52: No existe en las Politicas Contables de la entidad un Capitulo sobre los cruces de informacion de las Cuentas por Pagar | K52: Acción correctiva | L52: GF_AC3 | M52: Socializar el procedimiento de los cruces de información entre las areas y el proceso de Gestión Financiera para las cuentas del pasivo. | N52: Socializacion de los procedimientos y documentos de Gestion Financiera. | O52: 1 | P52: 46113 | Q52: 46203 | R52: =DAYS360(P52,Q52)/360*54 -> 13.35 | S52: 13. Gestión Financiera | U52: =+IFERROR(VLOOKUP($L52,ACTIVIDADES!$B$9:$X$493,10,0),"") -> 1 | V52: =+IFERROR(VLOOKUP($L52,ACTIVIDADES!$B$9:$X$493,11,0)," ") -> Como evidencia dejamos donde se socializo el procedimiento de los cruces de información entre las areas y el proceso de Gestión Financiera para las cuentas del pasivo. | W52: =+IFERROR(VLOOKUP($L52,ACTIVIDADES!$B$9:$X$493,12,0),"") -> https://dnbcgovco-my.sharepoint.com/:f:/g/personal/planeacion_dnbc_gov_co/IgAKPZEalRp3T7O44VwZjBLlARF86VpmllJA36VR9-2qDG8?e=W6XaGX | X52: =+IFERROR(VLOOKUP($L52,ACTIVIDADES!$B$9:$X$493,13,0),"") -> 46153 | Y52: =+IFERROR(VLOOKUP($L52,ACTIVIDADES!$B$9:$X$493,14,0),"") -> Se incluye grabación de socialización de políticas contables | Z52: =+IFERROR(VLOOKUP($L52,ACTIVIDADES!$B$9:$X$493,15,0),"") -> 1 | AA52: =+IFERROR(VLOOKUP($L52,ACTIVIDADES!$B$9:$X$493,16,0),"") -> CUMPLIDO | AB52: 46170 | AC52: 1 | AD52: Mediante video de fecha 25/06/2025, se evidencia la socialización de la actualizacion de las politicas contables, lo que permite verificar el cumplimiento de la actividad dentro del plazo establecido | AE52: C. OPORTUNAMENTE | AF52: No aplica | AG52: ABIERTO | AH52: De acuerdo con el procedimiento "Formulación, monitoreo y seguimiento a planes de mejoramiento internos y externos, V06 del 20/055/2026", se realizará la evaluación de la efectividad, cuando pasado un (1) año de su cumplimiento (31//03/2026), Control Interno establecerá si, las acciones propuestas o planeadas eliminaron o subsanaron la causa que generó el hallazgo, o se han modificado los supuestos de hecho o de derecho que dieron origen al mismo.
A53: =+A52+1 -> 45 | B53: Auditoría interna | C53: 2020 | D53: Subdirección Administrativa y Financiera | F53: 2020_AD_H2 | G53: En la vigencia 2020 no se socializó el procedimiento del proceso de Gestión Administrativa PC-AD-01 Procedimiento Gestión de Bienes. | I53: Por contar con un sin numero de tareas no se comtemplo la realizacion de esta accion de mejora. | J53: Por contar con un sin numero de tareas no se comtemplo la realizacion de esta accion de mejora. | K53: Acción correctiva | L53: GA_AC06 | M53: Socializar el procedimiento del proceso de Gestión Administrativa PC-AD-01 Procedimiento Gestión de Bienes. | N53: Socializacion del procedimiento Gestión de Bienes | O53: 1 | P53: 46204 | Q53: 46295 | R53: =DAYS360(P53,Q53)/360*54 -> 13.35 | S53: 14. Gestión Administrativa | U53: =+IFERROR(VLOOKUP($L53,ACTIVIDADES!$B$9:$X$493,10,0),"") -> 0 | V53: =+IFERROR(VLOOKUP($L53,ACTIVIDADES!$B$9:$X$493,11,0)," ") -> Proceso de actualización | W53: =+IFERROR(VLOOKUP($L53,ACTIVIDADES!$B$9:$X$493,12,0),"") -> https://dnbcgovco-my.sharepoint.com/:f:/g/personal/planeacion_dnbc_gov_co/IgC2wtt6D-zSTY6U6sAF5yefASkR-EDUcnQOxPntpKqfjgU?e=GPU5XT | X53: =+IFERROR(VLOOKUP($L53,ACTIVIDADES!$B$9:$X$493,13,0),"") -> 46153 | Y53: =+IFERROR(VLOOKUP($L53,ACTIVIDADES!$B$9:$X$493,14,0),"") -> No se evidencia avance para el periodo | Z53: =+IFERROR(VLOOKUP($L53,ACTIVIDADES!$B$9:$X$493,15,0),"") -> 0 | AA53: =+IFERROR(VLOOKUP($L53,ACTIVIDADES!$B$9:$X$493,16,0),"") -> EJECUCIÓN | AB53: 46170 | AC53: 0 | AD53: No fue posible identificar evidencias para el presente período de análisis | AE53: SIN INICIAR | AF53: No aplica | AG53: No aplica | AH53: No aplica
A54: =+A53+1 -> 46 | B54: Auditoría interna | C54: 2020 | D54: Subdirección Administrativa y Financiera | F54: 2020_AD_H1 | G54: Al verificar el Inventario final al 31-12-2020, se evidencia un listado de bienes pero el mismo no está totalizado por cada una de las cuentas de la Propiedad, Planta y Equipo, al igual no cuenta con la respectiva firma del Almacenista ni el Subdirector Administrativo y Financiero. Con respecto a las cuentas del Pasivo, no se están conciliando los saldos con las diferentes areas al interior de la entidad, al igual que No existen procedimientos ni lineamientos para estos cruces de Información. | I54: A pesar que el Área de Almacén realiza semestralmente el inventario físico de los bienes de la entidad, este no está totalizado por cada Grupo que componen los bienes de P. P. y E. Desconocimientos de las directrices establecidas por la CGN | J54: El Área de Almacén realiza semestralmente el inventario físico de los bienes de la entidad, este no está totalizado por cada Grupo que componen los bienes de P. P. y E. Desconocimientos de las directrices establecidas por la CGN | K54: Acción correctiva | L54: GA_AC7 | M54: Actualizar el procedimiento para la realización del inventario físico de los bienes de la entidad, incluyendo el responsable de la elaboración, verificación y aprobación. | N54: Actualizacion del procedimiento para la realizacion del inventario de los bienes de la entidad. | O54: 1 | P54: 46143 | Q54: 46295 | R54: =DAYS360(P54,Q54)/360*54 -> 22.35 | S54: 14. Gestión Administrativa | U54: =+IFERROR(VLOOKUP($L54,ACTIVIDADES!$B$9:$X$493,10,0),"") -> 0 | V54: =+IFERROR(VLOOKUP($L54,ACTIVIDADES!$B$9:$X$493,11,0)," ") -> Proceso de actualización | W54: =+IFERROR(VLOOKUP($L54,ACTIVIDADES!$B$9:$X$493,12,0),"") -> https://dnbcgovco-my.sharepoint.com/:f:/g/personal/planeacion_dnbc_gov_co/IgDm4DHyXDA5Q5WGTU7tDkFLAc2M2mTSoezfwLKe_RnYYZ0?e=uJfhoo | X54: =+IFERROR(VLOOKUP($L54,ACTIVIDADES!$B$9:$X$493,13,0),"") -> 46153 | Y54: =+IFERROR(VLOOKUP($L54,ACTIVIDADES!$B$9:$X$493,14,0),"") -> No se evidencia avance para el periodo | Z54: =+IFERROR(VLOOKUP($L54,ACTIVIDADES!$B$9:$X$493,15,0),"") -> 0 | AA54: =+IFERROR(VLOOKUP($L54,ACTIVIDADES!$B$9:$X$493,16,0),"") -> EJECUCIÓN | AB54: 46170 | AC54: 0 | AD54: No fue posible identificar evidencias para el presente período de análisis | AE54: SIN INICIAR | AF54: No aplica | AG54: No aplica | AH54: No aplica
A55: =+A54+1 -> 47 | B55: Auditoría interna | C55: 2020 | D55: Subdirección Administrativa y Financiera | F55: 2020_AD_H1 | G55: Al verificar el Inventario final al 31-12-2020, se evidencia un listado de bienes pero el mismo no está totalizado por cada una de las cuentas de la Propiedad, Planta y Equipo, al igual no cuenta con la respectiva firma del Almacenista ni el Subdirector Administrativo y Financiero. Con respecto a las cuentas del Pasivo, no se están conciliando los saldos con las diferentes areas al interior de la entidad, al igual que No existen procedimientos ni lineamientos para estos cruces de Información. | I55: A pesar que el Área de Almacén realiza semestralmente el inventario físico de los bienes de la entidad, este no está totalizado por cada Grupo que componen los bienes de P. P. y E. Desconocimientos de las directrices establecidas por la CGN | J55: El Área de Almacén realiza semestralmente el inventario físico de los bienes de la entidad, este no está totalizado por cada Grupo que componen los bienes de P. P. y E. Desconocimientos de las directrices establecidas por la CGN | K55: Acción correctiva | L55: GA_AC8 | M55: Actualización del inventario físico semestral, con base los lineamientos establecidos en la entidad y la CGN. | N55: Realizar el inventario de los bienes de la entidad, conforme a los nuevos lineamientos establecidos.. | O55: 2 | P55: 46023 | Q55: 46387 | R55: =DAYS360(P55,Q55)/360*54 -> 54 | S55: 14. Gestión Administrativa | U55: =+IFERROR(VLOOKUP($L55,ACTIVIDADES!$B$9:$X$493,10,0),"") -> 0 | V55: =+IFERROR(VLOOKUP($L55,ACTIVIDADES!$B$9:$X$493,11,0)," ") -> Proceso de actualización | W55: =+IFERROR(VLOOKUP($L55,ACTIVIDADES!$B$9:$X$493,12,0),"") -> https://dnbcgovco-my.sharepoint.com/:f:/g/personal/planeacion_dnbc_gov_co/IgBveH1t7EmIR6GZSOaIIHmUAUc6KaLSFKfQX2lbG2hDEA0?e=ooFcYM | X55: =+IFERROR(VLOOKUP($L55,ACTIVIDADES!$B$9:$X$493,13,0),"") -> 46153 | Y55: =+IFERROR(VLOOKUP($L55,ACTIVIDADES!$B$9:$X$493,14,0),"") -> No se evidencia avance para el periodo | Z55: =+IFERROR(VLOOKUP($L55,ACTIVIDADES!$B$9:$X$493,15,0),"") -> 0 | AA55: =+IFERROR(VLOOKUP($L55,ACTIVIDADES!$B$9:$X$493,16,0),"") -> EJECUCIÓN | AB55: 46170 | AC55: 0 | AD55: No fue posible identificar evidencias para el presente período de análisis | AE55: SIN INICIAR | AF55: No aplica | AG55: No aplica | AH55: No aplica
A56: =+A55+1 -> 48 | B56: Auditoría interna | C56: 2020 | D56: Subdirección Administrativa y Financiera | F56: 2020_AD_H1 | G56: Al verificar el Inventario final al 31-12-2020, se evidencia un listado de bienes pero el mismo no está totalizado por cada una de las cuentas de la Propiedad, Planta y Equipo, al igual no cuenta con la respectiva firma del Almacenista ni el Subdirector Administrativo y Financiero. Con respecto a las cuentas del Pasivo, no se están conciliando los saldos con las diferentes areas al interior de la entidad, al igual que No existen procedimientos ni lineamientos para estos cruces de Información. | I56: A pesar que el Área de Almacén realiza semestralmente el inventario físico de los bienes de la entidad, este no está totalizado por cada Grupo que componen los bienes de P. P. y E. Desconocimientos de las directrices establecidas por la CGN | J56: El Área de Almacén realiza semestralmente el inventario físico de los bienes de la entidad, este no está totalizado por cada Grupo que componen los bienes de P. P. y E. Desconocimientos de las directrices establecidas por la CGN | K56: Acción correctiva | L56: GA_AC06 | M56: Socializar el procedimiento del proceso de Gestión Administrativa PC-AD-01 Procedimiento Gestión de Bienes. | N56: Socializacion del procedimiento Gestión de Bienes | O56: 1 | P56: 46204 | Q56: 46295 | R56: =DAYS360(P56,Q56)/360*54 -> 13.35 | S56: 14. Gestión Administrativa | U56: =+IFERROR(VLOOKUP($L56,ACTIVIDADES!$B$9:$X$493,10,0),"") -> 0 | V56: =+IFERROR(VLOOKUP($L56,ACTIVIDADES!$B$9:$X$493,11,0)," ") -> Proceso de actualización | W56: =+IFERROR(VLOOKUP($L56,ACTIVIDADES!$B$9:$X$493,12,0),"") -> https://dnbcgovco-my.sharepoint.com/:f:/g/personal/planeacion_dnbc_gov_co/IgC2wtt6D-zSTY6U6sAF5yefASkR-EDUcnQOxPntpKqfjgU?e=GPU5XT | X56: =+IFERROR(VLOOKUP($L56,ACTIVIDADES!$B$9:$X$493,13,0),"") -> 46153 | Y56: =+IFERROR(VLOOKUP($L56,ACTIVIDADES!$B$9:$X$493,14,0),"") -> No se evidencia avance para el periodo | Z56: =+IFERROR(VLOOKUP($L56,ACTIVIDADES!$B$9:$X$493,15,0),"") -> 0 | AA56: =+IFERROR(VLOOKUP($L56,ACTIVIDADES!$B$9:$X$493,16,0),"") -> EJECUCIÓN | AB56: 46170 | AC56: 0 | AD56: No fue posible identificar evidencias para el presente período de análisis | AE56: SIN INICIAR | AF56: No aplica | AG56: No aplica | AH56: No aplica
A57: =+A56+1 -> 49 | B57: Auditoría interna | C57: 2020 | D57: Subdirección Administrativa y Financiera | F57: 2020_AD_H1 | G57: Al verificar el Inventario final al 31-12-2020, se evidencia un listado de bienes pero el mismo no está totalizado por cada una de las cuentas de la Propiedad, Planta y Equipo, al igual no cuenta con la respectiva firma del Almacenista ni el Subdirector Administrativo y Financiero. Con respecto a las cuentas del Pasivo, no se están conciliando los saldos con las diferentes areas al interior de la entidad, al igual que No existen procedimientos ni lineamientos para estos cruces de Información. | I57: A pesar que el Área de Almacén realiza semestralmente el inventario físico de los bienes de la entidad, este no está totalizado por cada Grupo que componen los bienes de P. P. y E. Desconocimientos de las directrices establecidas por la CGN | J57: El Área de Almacén realiza semestralmente el inventario físico de los bienes de la entidad, este no está totalizado por cada Grupo que componen los bienes de P. P. y E. Desconocimientos de las directrices establecidas por la CGN | K57: Acción correctiva | L57: GF_AC1 | M57: Formulación del procedimiento Conciliaciones contables donde se cruza la información | N57: Procedimiento formulado | O57: 1 | P57: 46023 | Q57: 46112 | R57: =DAYS360(P57,Q57)/360*54 -> 13.5 | S57: 13. Gestión Financiera | U57: =+IFERROR(VLOOKUP($L57,ACTIVIDADES!$B$9:$X$493,10,0),"") -> 1 | V57: =+IFERROR(VLOOKUP($L57,ACTIVIDADES!$B$9:$X$493,11,0)," ") -> Como evidencia se cuenta con la Formulación del procedimiento Conciliaciones contables donde se cruza la información de incapacidades | W57: =+IFERROR(VLOOKUP($L57,ACTIVIDADES!$B$9:$X$493,12,0),"") -> https://dnbcgovco-my.sharepoint.com/:f:/g/personal/planeacion_dnbc_gov_co/IgAKPZEalRp3T7O44VwZjBLlARF86VpmllJA36VR9-2qDG8?e=W6XaGX | X57: =+IFERROR(VLOOKUP($L57,ACTIVIDADES!$B$9:$X$493,13,0),"") -> 46153 | Y57: =+IFERROR(VLOOKUP($L57,ACTIVIDADES!$B$9:$X$493,14,0),"") -> Se evidencia procedimiento formulado en la vigencia 2025 | Z57: =+IFERROR(VLOOKUP($L57,ACTIVIDADES!$B$9:$X$493,15,0),"") -> 1 | AA57: =+IFERROR(VLOOKUP($L57,ACTIVIDADES!$B$9:$X$493,16,0),"") -> CUMPLIDO | AB57: 46170 | AC57: 1 | AD57: Se evidencia procedimiento conciliaciones contables PC-GF-16 y formato PC-GF-16-01 vigencia 2025, lo que permite verificar el cumplimiento de la actividad dentro del plazo establecido | AE57: C. OPORTUNAMENTE | AF57: No aplica | AG57: ABIERTO | AH57: De acuerdo con el procedimiento "Formulación, monitoreo y seguimiento a planes de mejoramiento internos y externos, V06 del 20/055/2026", se realizará la evaluación de la efectividad, cuando pasado un (1) año de su cumplimiento (31//03/2026), Control Interno establecerá si, las acciones propuestas o planeadas eliminaron o subsanaron la causa que generó el hallazgo, o se han modificado los supuestos de hecho o de derecho que dieron origen al mismo.
A58: =+A57+1 -> 50 | B58: Auditoría interna | C58: 2020 | D58: Subdirección Administrativa y Financiera | F58: 2020_GF_H1 | G58: Cada una de las transacciones financieras están respaldadas con los soportes idóneos y requeridos para su registro. Sin embargo en lo que respecta a las constitución de las reservas presupuestales y las cuentas por pagar; se evidenció que en algunas la justificación técnica y juridica es insuficiente para sustentar el caso fortuito o fuerza mayor para la generación de las Reservas, adicionalmente no fueron suministrados la totalidad de los soportes documentales de la constitución de las reservas de funcionamiento que son (10), de las cuentas por pagar de inversión (7), y de las reservas de Inversión únicamente se anexaron (6) evidencias de las (12) constituidas. | H58: GESTIÓN PRESUPUESTAL Y EFICIENCIA DEL GASTO PÚBLICO | I58: A pesar de contar con un formato que justifique la constitucion de las Reservas presupuestales, no existe una politica que establezca los parametros requeridos para el seguimiento y formulacion de Reservas en la entidad. Por falta de seguimiento y control por parte de los procesos con respecto a las directrices a tener en cuenta en el cierre presupuestal | J58: A pesar de contar con un formato que justifique la constitucion de las Reservas presupuestales, no existe una politica que establezca los parametros requeridos para el seguimiento y formulacion de Reservas en la entidad. Por falta de seguimiento y control por parte de los procesos con respecto a las directrices a tener en cuenta en el cierre presupuestal | K58: Acción correctiva | L58: GF_AC4 | M58: Incorporar una política que establezca, las condiciones de la constitución del rezago presupuestal de la Entidad | N58: Actualizacion de la Resolucion 433 de 2017 | O58: 1 | P58: 44287 | Q58: 44439 | R58: =DAYS360(P58,Q58)/360*54 -> 22.5 | S58: 13. Gestión Financiera | U58: =+IFERROR(VLOOKUP($L58,ACTIVIDADES!$B$9:$X$493,10,0),"") -> 1 | V58: =+IFERROR(VLOOKUP($L58,ACTIVIDADES!$B$9:$X$493,11,0)," ") -> Como evidencia se deja Procedimiento constitucion de reservas presupuestales | W58: =+IFERROR(VLOOKUP($L58,ACTIVIDADES!$B$9:$X$493,12,0),"") -> https://dnbcgovco-my.sharepoint.com/:f:/g/personal/planeacion_dnbc_gov_co/IgAKPZEalRp3T7O44VwZjBLlARF86VpmllJA36VR9-2qDG8?e=W6XaGX | X58: =+IFERROR(VLOOKUP($L58,ACTIVIDADES!$B$9:$X$493,13,0),"") -> 46153 | Y58: =+IFERROR(VLOOKUP($L58,ACTIVIDADES!$B$9:$X$493,14,0),"") -> Se incluye procedimiento actualizado en la vigencia 2026 | Z58: =+IFERROR(VLOOKUP($L58,ACTIVIDADES!$B$9:$X$493,15,0),"") -> 1 | AA58: =+IFERROR(VLOOKUP($L58,ACTIVIDADES!$B$9:$X$493,16,0),"") -> CUMPLIDO | AB58: 46170 | AC58: 1 | AD58: Se evidencio la elaboracion del procedimiento de constitucion de reservas PC-GF-03 y formato PC-GF-03-01 con fecha 20/03/2026. | AE58: C. EXTRATEMPORANEAMENTE | AF58: No aplica | AG58: ABIERTO | AH58: De acuerdo con el procedimiento "Formulación, monitoreo y seguimiento a planes de mejoramiento internos y externos, V06 del 20/055/2026", se realizará la evaluación de la efectividad, cuando pasado un (1) año de su cumplimiento (31//03/2026), Control Interno establecerá si, las acciones propuestas o planeadas eliminaron o subsanaron la causa que generó el hallazgo, o se han modificado los supuestos de hecho o de derecho que dieron origen al mismo.
A59: =+A58+1 -> 51 | B59: Auditoría interna | C59: 2020 | D59: Subdirección Administrativa y Financiera | F59: 2020_GF_H1 | G59: Cada una de las transacciones financieras están respaldadas con los soportes idóneos y requeridos para su registro. Sin embargo en lo que respecta a las constitución de las reservas presupuestales y las cuentas por pagar; se evidenció que en algunas la justificación técnica y juridica es insuficiente para sustentar el caso fortuito o fuerza mayor para la generación de las Reservas, adicionalmente no fueron suministrados la totalidad de los soportes documentales de la constitución de las reservas de funcionamiento que son (10), de las cuentas por pagar de inversión (7), y de las reservas de Inversión únicamente se anexaron (6) evidencias de las (12) constituidas. | H59: GESTIÓN PRESUPUESTAL Y EFICIENCIA DEL GASTO PÚBLICO | I59: A pesar de contar con un formato que justifique la constitucion de las Reservas presupuestales, no existe una politica que establezca los parametros requeridos para el seguimiento y formulacion de Reservas en la entidad. Por falta de seguimiento y control por parte de los procesos con respecto a las directrices a tener en cuenta en el cierre presupuestal | J59: A pesar de contar con un formato que justifique la constitucion de las Reservas presupuestales, no existe una politica que establezca los parametros requeridos para el seguimiento y formulacion de Reservas en la entidad. Por falta de seguimiento y control por parte de los procesos con respecto a las directrices a tener en cuenta en el cierre presupuestal | K59: Acción correctiva | L59: GF_AC5 | M59: Modificar el formato de justificación para constituir la Reserva Presupuestal FO-GF-03-01, incorporando un acapite que establezca la razonabilidad del NO tramite de vigencias futuras. | N59: Formato actualizado de Justificación para constituir Reserva Presupuestal FO-GF-03-01. | O59: 1 | P59: 44287 | Q59: 44439 | R59: =DAYS360(P59,Q59)/360*54 -> 22.5 | S59: 13. Gestión Financiera | U59: =+IFERROR(VLOOKUP($L59,ACTIVIDADES!$B$9:$X$493,10,0),"") -> 1 | V59: =+IFERROR(VLOOKUP($L59,ACTIVIDADES!$B$9:$X$493,11,0)," ") -> Como evidencia se deja el Procedimiento constitucion de reservas presupuestales | W59: =+IFERROR(VLOOKUP($L59,ACTIVIDADES!$B$9:$X$493,12,0),"") -> https://dnbcgovco-my.sharepoint.com/:f:/g/personal/planeacion_dnbc_gov_co/IgAKPZEalRp3T7O44VwZjBLlARF86VpmllJA36VR9-2qDG8?e=W6XaGX | X59: =+IFERROR(VLOOKUP($L59,ACTIVIDADES!$B$9:$X$493,13,0),"") -> 46153 | Y59: =+IFERROR(VLOOKUP($L59,ACTIVIDADES!$B$9:$X$493,14,0),"") -> Se incluye formato con el acapite en mención | Z59: =+IFERROR(VLOOKUP($L59,ACTIVIDADES!$B$9:$X$493,15,0),"") -> 1 | AA59: =+IFERROR(VLOOKUP($L59,ACTIVIDADES!$B$9:$X$493,16,0),"") -> CUMPLIDO | AB59: 46170 | AC59: 1 | AD59: Se evidencia procedimiento PC-GF-16 y formato PC-GF-16-01 vigencia 2025, lo que permite verificar el cumplimiento de la actividad dentro del plazo establecido | AE59: C. OPORTUNAMENTE | AF59: No aplica | AG59: ABIERTO | AH59: De acuerdo con el procedimiento "Formulación, monitoreo y seguimiento a planes de mejoramiento internos y externos, V06 del 20/055/2026", se realizará la evaluación de la efectividad, cuando pasado un (1) año de su cumplimiento (31//03/2026), Control Interno establecerá si, las acciones propuestas o planeadas eliminaron o subsanaron la causa que generó el hallazgo, o se han modificado los supuestos de hecho o de derecho que dieron origen al mismo.
A60: =+A59+1 -> 52 | B60: Auditoría interna | C60: 2020 | D60: Subdirección Administrativa y Financiera | F60: 2020_GF_H2 | G60: Como resultado del seguimiento al Control Interno Contable, realizado por la Asesora de Control Interno de la DNBC, se generaron hechos económicos de actualización, los cuales no fueron tenidos en cuenta, como fue el caso de la política para la conciliación de saldos, Política para los flujos de información, ni un lineamiento sobre la identificación de los bienes fisicos en forma individualizada entre otros. | I60: Por contar con un sin numero de tareas no se comtemplo la realizacion de esta accion de mejora. | J60: Por contar con un sin numero de tareas no se comtemplo la realizacion de esta accion de mejora. | K60: Acción correctiva | L60: GF_AC1 | M60: Formulación del procedimiento Conciliaciones contables donde se cruza la información de incapacidades | N60: Procedimiento formulado | O60: 1 | P60: 46023 | Q60: 46112 | R60: =DAYS360(P60,Q60)/360*54 -> 13.5 | S60: 13. Gestión Financiera | U60: =+IFERROR(VLOOKUP($L60,ACTIVIDADES!$B$9:$X$493,10,0),"") -> 1 | V60: =+IFERROR(VLOOKUP($L60,ACTIVIDADES!$B$9:$X$493,11,0)," ") -> Como evidencia se cuenta con la Formulación del procedimiento Conciliaciones contables donde se cruza la información de incapacidades | W60: =+IFERROR(VLOOKUP($L60,ACTIVIDADES!$B$9:$X$493,12,0),"") -> https://dnbcgovco-my.sharepoint.com/:f:/g/personal/planeacion_dnbc_gov_co/IgAKPZEalRp3T7O44VwZjBLlARF86VpmllJA36VR9-2qDG8?e=W6XaGX | X60: =+IFERROR(VLOOKUP($L60,ACTIVIDADES!$B$9:$X$493,13,0),"") -> 46153 | Y60: =+IFERROR(VLOOKUP($L60,ACTIVIDADES!$B$9:$X$493,14,0),"") -> Se evidencia procedimiento formulado en la vigencia 2025 | Z60: =+IFERROR(VLOOKUP($L60,ACTIVIDADES!$B$9:$X$493,15,0),"") -> 1 | AA60: =+IFERROR(VLOOKUP($L60,ACTIVIDADES!$B$9:$X$493,16,0),"") -> CUMPLIDO | AB60: 46170 | AC60: 1 | AD60: Se evidencia procedimiento PC-GF-16 y formato PC-GF-16-01 vigencia 2025, lo que permite verificar el cumplimiento de la actividad dentro del plazo establecido | AE60: C. OPORTUNAMENTE | AF60: No aplica | AG60: ABIERTO | AH60: De acuerdo con el procedimiento "Formulación, monitoreo y seguimiento a planes de mejoramiento internos y externos, V06 del 20/055/2026", se realizará la evaluación de la efectividad, cuando pasado un (1) año de su cumplimiento (31//03/2026), Control Interno establecerá si, las acciones propuestas o planeadas eliminaron o subsanaron la causa que generó el hallazgo, o se han modificado los supuestos de hecho o de derecho que dieron origen al mismo.
A61: =+A60+1 -> 53 | B61: Auditoría interna | C61: 2020 | D61: Subdirección Administrativa y Financiera | F61: 2020_TH_H1 | G61: Dentro del Plan de Capacitación de la entidad, no se evidencia capacitación a los funcionarios del Area Financiera que apunten al mejoramiento de competencias y habilidades. De igual forma, es ncesria la respectiva verificación del cumplimiento del mismo. | I61: Por qué: El presupuesto asignado a la entidad para los Gastos de Capacitacion son insuficientes para la capacitacion del 100% de los funcionarios de la entidad. | J61: Falta de Presupuesto por parte de la entidad. | K61: Acción correctiva | L61: TH_AC3 | M61: Actualización del plan de capacitaciones con diagnostico de necesidades y ejecución | N61: Plan de capacitación actualizados y ejecutado | O61: 1 | P61: 46113 | Q61: 46387 | R61: =DAYS360(P61,Q61)/360*54 -> 40.5 | S61: 11. Gestión del Talento Humano | U61: =+IFERROR(VLOOKUP($L61,ACTIVIDADES!$B$9:$X$493,10,0),"") -> 0 | V61: =+IFERROR(VLOOKUP($L61,ACTIVIDADES!$B$9:$X$493,11,0)," ") -> 0 | W61: =+IFERROR(VLOOKUP($L61,ACTIVIDADES!$B$9:$X$493,12,0),"") -> 0 | X61: =+IFERROR(VLOOKUP($L61,ACTIVIDADES!$B$9:$X$493,13,0),"") -> 46153 | Y61: =+IFERROR(VLOOKUP($L61,ACTIVIDADES!$B$9:$X$493,14,0),"") -> No se evidencia seguimiento | Z61: =+IFERROR(VLOOKUP($L61,ACTIVIDADES!$B$9:$X$493,15,0),"") -> 0 | AA61: =+IFERROR(VLOOKUP($L61,ACTIVIDADES!$B$9:$X$493,16,0),"") -> EJECUCIÓN | AB61: 46157 | AC61: 0 | AD61: No fue posible identificar evidencias para el presente período de análisis | AE61: SIN INICIAR | AF61: No aplica | AG61: No aplica | AH61: No aplica
A62: =+A61+1 -> 54 | B62: Auditoría interna | C62: 2020 | D62: Subdirección Administrativa y Financiera | F62: 2020_GF_H4 | G62: En la revisión realizada a los usos presupuestales se evidenció, que no se tomaron los usos adecuados conforme al Manual de Clasificación Presupuestal, Anexo Técnico para el Aplicativo de medición de la Austeridad en el Gasto, y Proyecto PFM 2018, asi como al Catálogo Presupuestal del Gasto emitido por Ministerio de Hacienda y Crédito Público, con respecto al registro de los usos presupuestales; ya que se utilizaron Usos Presupuestales inadecuados así: - Se utilizó el Uso Presupuestal A-02-02-01-003-005-01 Pinturas y Barnices y Productos Relacionados; Colores Para La Pintura Artística; Tintas y no el A-02-02-01-004-004-09 Otras Maquinaria para usos especiales y sus partes y piezas el cual incluye…tinta, toner o cartuchos para impresoras, en la adquisición de los toner a la empresa SUMIMAS SAS por la suma de $21.244.156 en el mes de septiembre de 2020. -Se registró la suma de $281.300, en el uso Presupuestal A-02-02-02-006-009 SERVICIOS DE DISTRIBUCIÓN DE ELECTRICIDAD correspondiendo al Uso A-02-02-02-009-04 SERVICIOS DE ALCANTARILLADO en el mes de agosto de 2020. -Se utilizó el uso A-02-01-01-004-004-02 MÁQUINAS HERRAMIENTAS Y SUS PARTES, PIEZAS Y ACCESORIOS, en el contrato 219 cuyo objeto contractual era la Adquisicion elementos que conforman el Kit de Bioseguridad. Anexo 1 Registro de Usos Presupuestales | H62: GESTIÓN PRESUPUESTAL Y EFICIENCIA DEL GASTO PÚBLICO | I62: 1. Porque; Existió un error humano en el desarrollo del ejercicio del proceso 2. Porque; Error en el momento de realizar el compromiso por lo tanto se tomó de manera incorrecta el uso presupuestal. 3. Porque; Cuando se tomaron los controles ya se había registrado los usos presupuestales en el tercer trimestre de 2020. | J62: Error en el momento de realizar el compromiso por lo tanto se tomó de manera incorrecta el uso presupuestal | K62: Acción correctiva | L62: GF_AC6 | M62: Actualizar procedimiento de Gestión de Pagos incluyendo control de verificación de usos presupuestales y gestión de PAC | N62: Procedimiento actualizados | O62: 1 | P62: 46113 | Q62: 46203 | R62: =DAYS360(P62,Q62)/360*54 -> 13.35 | S62: 13. Gestión Financiera | U62: =+IFERROR(VLOOKUP($L62,ACTIVIDADES!$B$9:$X$493,10,0),"") -> 1 | V62: =+IFERROR(VLOOKUP($L62,ACTIVIDADES!$B$9:$X$493,11,0)," ") -> Se deja en evidencia el procedimiento de gestion de pagos | W62: =+IFERROR(VLOOKUP($L62,ACTIVIDADES!$B$9:$X$493,12,0),"") -> https://dnbcgovco-my.sharepoint.com/:f:/g/personal/planeacion_dnbc_gov_co/IgAKPZEalRp3T7O44VwZjBLlARF86VpmllJA36VR9-2qDG8?e=W6XaGX | X62: =+IFERROR(VLOOKUP($L62,ACTIVIDADES!$B$9:$X$493,13,0),"") -> 46153 | Y62: =+IFERROR(VLOOKUP($L62,ACTIVIDADES!$B$9:$X$493,14,0),"") -> Se incluye actualización de procedimiento junto a formatos del mismo | Z62: =+IFERROR(VLOOKUP($L62,ACTIVIDADES!$B$9:$X$493,15,0),"") -> 1 | AA62: =+IFERROR(VLOOKUP($L62,ACTIVIDADES!$B$9:$X$493,16,0),"") -> CUMPLIDO | AB62: 46170 | AC62: 1 | AD62: se evidencia formatos de procedimientos actualizados para la gestion de pagos PC-GF-17, FO-GF-17-01, FO-GF-02, FO-GF-03, FO-GF-04, FO-GF-05, FO-GF-06, FO-GF-07, con fecha 27/03/2026. lo que permite verificar el cumplimiento de la actividad dentro del plazo establecido | AE62: C. OPORTUNAMENTE | AF62: No aplica | AG62: ABIERTO | AH62: De acuerdo con el procedimiento "Formulación, monitoreo y seguimiento a planes de mejoramiento internos y externos, V06 del 20/055/2026", se realizará la evaluación de la efectividad, cuando pasado un (1) año de su cumplimiento (31//03/2026), Control Interno establecerá si, las acciones propuestas o planeadas eliminaron o subsanaron la causa que generó el hallazgo, o se han modificado los supuestos de hecho o de derecho que dieron origen al mismo.
A63: =+A62+1 -> 55 | B63: Auditoría interna | C63: 2020 | D63: Subdirección Administrativa y Financiera | F63: 2020_CO_H3 | G63: Se suscribieron los contratos No. 191 el 05 de mayo de 2020 a nombre de Lina María Chacón Lastro y el No. 177 el 21 de abril de 2020 a nombre de Diego Alejandro Posada Arango; pero los mismos, no fueron cancelados conforme a lo enunciado en la cláusula FORMA DE PAGO, que indica que son Pagos Mensuales, y no como fueron tramitados y cancelados, incumpliendo el compromiso contractual pactado. De igual Forma, no se dió cumplimiento a lo estipulado en el correo electrónico de fecha 07 de enero de 2020, emitido por el Coordinador del Grupo Financiero donde se dio a conocer el calendario PAC, para que los responsables de los procesos; asi como, los supervisores solicitaran los recursos de funcionamiento como de Inversión de manera Mensual y no se afectará el PAC como evidentemente ocurrió en el cuarto trimestre de 2020. De otro lado, el artículo 84 de la ley 1474 de 2011, Determina las Facultades y deberes de los supervisores y los interventores, como el “seguimiento al ejercicio del cumplimiento obligacional por la entidad contratante sobre las obligaciones a cargo del contratista”; supervisión no ejercida para estos contratos. | H63: COMPRAS Y CONTRATACIÓN PÚBLICA | I63: 1. Porque: Incumplimiento al a las Facultades y deberes de los supervisores con respecto al seguimiento de los contratos. 2. Por que: No se realiza seguimiento permanente por parte de los Supervisores a los Contratos a su cargo | J63: No se realiza seguimiento permanente por parte de los Supervisores a los Contratos a su cargo | K63: Acción correctiva | L63: GC_AC4 | M63: Realizar jornadas de socializacion sobre supervisión de contratos y construcción de formato de necesidades | N63: Socializaciones realizadas | O63: 4 | P63: 46023 | Q63: 46387 | R63: =DAYS360(P63,Q63)/360*54 -> 54 | S63: 15. Gestión Contractual | U63: =+IFERROR(VLOOKUP($L63,ACTIVIDADES!$B$9:$X$493,10,0),"") -> 0 | V63: =+IFERROR(VLOOKUP($L63,ACTIVIDADES!$B$9:$X$493,11,0)," ") -> Se informa que esta en etapa de elaboración | W63: =+IFERROR(VLOOKUP($L63,ACTIVIDADES!$B$9:$X$493,12,0),"") -> 0 | X63: =+IFERROR(VLOOKUP($L63,ACTIVIDADES!$B$9:$X$493,13,0),"") -> 46153 | Y63: =+IFERROR(VLOOKUP($L63,ACTIVIDADES!$B$9:$X$493,14,0),"") -> No ha dado inicio a la ejecución | Z63: =+IFERROR(VLOOKUP($L63,ACTIVIDADES!$B$9:$X$493,15,0),"") -> 0 | AA63: =+IFERROR(VLOOKUP($L63,ACTIVIDADES!$B$9:$X$493,16,0),"") -> EJECUCIÓN | AB63: 46157 | AC63: 0.25 | AD63: se evidencia por medio fotografico capacitacion de supervision e interventoria de contratos estatales de fecha 17/03/2023 lo que permite verificar el cumplimiento parcial de la actividad dentro del plazo establecido | AE63: EN EJECUCIÓN | AF63: No aplica | AG63: No aplica | AH63: No aplica
A64: =+A63+1 -> 56 | B64: Auditoría interna | C64: 2020 | D64: Subdirección Administrativa y Financiera | F64: 2020_CO_H3 | G64: Se suscribieron los contratos No. 191 el 05 de mayo de 2020 a nombre de Lina María Chacón Lastro y el No. 177 el 21 de abril de 2020 a nombre de Diego Alejandro Posada Arango; pero los mismos, no fueron cancelados conforme a lo enunciado en la cláusula FORMA DE PAGO, que indica que son Pagos Mensuales, y no como fueron tramitados y cancelados, incumpliendo el compromiso contractual pactado. De igual Forma, no se dió cumplimiento a lo estipulado en el correo electrónico de fecha 07 de enero de 2020, emitido por el Coordinador del Grupo Financiero donde se dio a conocer el calendario PAC, para que los responsables de los procesos; asi como, los supervisores solicitaran los recursos de funcionamiento como de Inversión de manera Mensual y no se afectará el PAC como evidentemente ocurrió en el cuarto trimestre de 2020. De otro lado, el artículo 84 de la ley 1474 de 2011, Determina las Facultades y deberes de los supervisores y los interventores, como el “seguimiento al ejercicio del cumplimiento obligacional por la entidad contratante sobre las obligaciones a cargo del contratista”; supervisión no ejercida para estos contratos. | H64: GESTIÓN PRESUPUESTAL Y EFICIENCIA DEL GASTO PÚBLICO | I64: 1. Porque: Incumplimiento al a las Facultades y deberes de los supervisores con respecto al seguimiento de los contratos. 2. Por que: No se realiza seguimiento permanente por parte de los Supervisores a los Contratos a su cargo | J64: No se realiza seguimiento permanente por parte de los Supervisores a los Contratos a su cargo | K64: Acción correctiva | L64: GF_AC6 | M64: Actualizar procedimiento de Gestión de Pagos incluyendo control de verificación de usos presupuestales y gestión de PAC | N64: Procedimiento actualizados | O64: 1 | P64: 46113 | Q64: 46203 | R64: =DAYS360(P64,Q64)/360*54 -> 13.35 | S64: 13. Gestión Financiera | U64: =+IFERROR(VLOOKUP($L64,ACTIVIDADES!$B$9:$X$493,10,0),"") -> 1 | V64: =+IFERROR(VLOOKUP($L64,ACTIVIDADES!$B$9:$X$493,11,0)," ") -> Se deja en evidencia el procedimiento de gestion de pagos | W64: =+IFERROR(VLOOKUP($L64,ACTIVIDADES!$B$9:$X$493,12,0),"") -> https://dnbcgovco-my.sharepoint.com/:f:/g/personal/planeacion_dnbc_gov_co/IgAKPZEalRp3T7O44VwZjBLlARF86VpmllJA36VR9-2qDG8?e=W6XaGX | X64: =+IFERROR(VLOOKUP($L64,ACTIVIDADES!$B$9:$X$493,13,0),"") -> 46153 | Y64: =+IFERROR(VLOOKUP($L64,ACTIVIDADES!$B$9:$X$493,14,0),"") -> Se incluye actualización de procedimiento junto a formatos del mismo | Z64: =+IFERROR(VLOOKUP($L64,ACTIVIDADES!$B$9:$X$493,15,0),"") -> 1 | AA64: =+IFERROR(VLOOKUP($L64,ACTIVIDADES!$B$9:$X$493,16,0),"") -> CUMPLIDO | AB64: 46170 | AC64: 1 | AD64: se evidencia formatos de procedimientos actualizados para la gestion de pagos PC-GF-17, FO-GF-17-01, FO-GF-02, FO-GF-03, FO-GF-04, FO-GF-05, FO-GF-06, FO-GF-07, con fecha 27/03/2026. lo que permite verificar el cumplimiento de la actividad dentro del plazo establecido | AE64: C. OPORTUNAMENTE | AF64: No aplica | AG64: ABIERTO | AH64: De acuerdo con el procedimiento "Formulación, monitoreo y seguimiento a planes de mejoramiento internos y externos, V06 del 20/055/2026", se realizará la evaluación de la efectividad, cuando pasado un (1) año de su cumplimiento (31//03/2026), Control Interno establecerá si, las acciones propuestas o planeadas eliminaron o subsanaron la causa que generó el hallazgo, o se han modificado los supuestos de hecho o de derecho que dieron origen al mismo.
A65: =+A64+1 -> 57 | B65: Auditoría interna | C65: 2020 | D65: Subdirección Administrativa y Financiera | F65: 2020_TH_H2 | G65: Se evidenció incumplimiento a lo señalado en la resolución 126 de 2020, en lo que respecta al artículo 4 literal (g) que señala: “El trámite de legalización y reconocimiento de viáticos o gastos de desplazamiento y permanencia se debe efectuar máximo dentro de los tres (3) hábiles siguientes al término de la comisión o desplazamiento ante el funcionario o contratista encargado de comisiones y viáticos…”, ya que las resoluciones de comisión No. 295, 389, 391, 400, 405 y 447 fueron legalizadas de manera extemporánea. | I65: 1. Por qué; para los funcionarios y contratistas tres (3) días no son suficientes para legalizar 2. Por qué; a pesar de la socialización del procedimiento de viáticos muchos desconocen los tiempos de legalización 3.Porque: No se toman las acciones a que haya lugar por el incumplimiento 4. por qué: Los funcionarios y contratistas hacen caso omiso a lo establecido en la resolución vigente para legalización de comisión | J65: A pesar de que existe un procedimiento para la legalizaciòn de viàticos, los funcionarios y contratistas hacen caso omiso al correo de legalización de comisión | K65: Acción correctiva | L65: TH_AC4 | M65: Informe de alertas sobre legalización de comisiones | N65: Informes realizados | O65: 12 | P65: 46023 | Q65: 46387 | R65: =DAYS360(P65,Q65)/360*54 -> 54 | S65: 11. Gestión del Talento Humano | T65: Viaticos | U65: =+IFERROR(VLOOKUP($L65,ACTIVIDADES!$B$9:$X$493,10,0),"") -> 0 | V65: =+IFERROR(VLOOKUP($L65,ACTIVIDADES!$B$9:$X$493,11,0)," ") -> 0 | W65: =+IFERROR(VLOOKUP($L65,ACTIVIDADES!$B$9:$X$493,12,0),"") -> 0 | X65: =+IFERROR(VLOOKUP($L65,ACTIVIDADES!$B$9:$X$493,13,0),"") -> 46153 | Y65: =+IFERROR(VLOOKUP($L65,ACTIVIDADES!$B$9:$X$493,14,0),"") -> No se evidencia seguimiento | Z65: =+IFERROR(VLOOKUP($L65,ACTIVIDADES!$B$9:$X$493,15,0),"") -> 0 | AA65: =+IFERROR(VLOOKUP($L65,ACTIVIDADES!$B$9:$X$493,16,0),"") -> EJECUCIÓN | AB65: 46157 | AC65: 0 | AD65: No fue posible identificar evidencias para el presente período de análisis | AE65: SIN INICIAR | AF65: No aplica | AG65: No aplica | AH65: No aplica
A66: =+A65+1 -> 58 | B66: Auditoría interna | C66: 2020 | D66: Subdirección Administrativa y Financiera | F66: 2020_TH_H2 | G66: Se evidenció incumplimiento a lo señalado en la resolución 126 de 2020, en lo que respecta al artículo 4 literal (g) que señala: “El trámite de legalización y reconocimiento de viáticos o gastos de desplazamiento y permanencia se debe efectuar máximo dentro de los tres (3) hábiles siguientes al término de la comisión o desplazamiento ante el funcionario o contratista encargado de comisiones y viáticos…”, ya que las resoluciones de comisión No. 295, 389, 391, 400, 405 y 447 fueron legalizadas de manera extemporánea. | H66: GESTIÓN PRESUPUESTAL Y EFICIENCIA DEL GASTO PÚBLICO | I66: 1. Por qué; para los funcionarios y contratistas tres (3) días no son suficientes para legalizar 2. Por qué; a pesar de la socialización del procedimiento de viáticos muchos desconocen los tiempos de legalización 3. por qué: Los funcionarios y contratistas hacen caso omiso a lo establecido en la resolución vigente para legalización de comisión. 4. Porque: No se da cumplimiento a la resolución 126 de 2020 y se continúa otorgando viáticos sin legalizar los anteriores. 5. Porque: No se toman las acciones a que haya lugar por el incumplimiento | J66: No se da cumplimiento a la resolución 126 de 2020 y se continùa otorgando viáticos sin legalizar los anteriores. Los funcionarios y contratistas hacen caso omiso al correo de legalización de comisión | K66: Acción correctiva | L66: TH_AC5 | M66: Dar aplicabilidad al Módulo de Gestión de Pago de Viaticos al interior (SIIF NACION II), por modalidad de Reconocimiento, es decir se reconocen los viaticos una vez se finaliza la comisión. | N66: Aplicabilidad Módulo de Gestión de Pago Viaticos | O66: 1 | P66: 44294 | Q66: 44347 | R66: =DAYS360(P66,Q66)/360*54 -> 7.95 | S66: 13. Gestión Financiera / 11. Gestión del Talento Humano | T66: Viaticos | U66: =+IFERROR(VLOOKUP($L66,ACTIVIDADES!$B$9:$X$493,10,0),"") -> 0 | V66: =+IFERROR(VLOOKUP($L66,ACTIVIDADES!$B$9:$X$493,11,0)," ") -> 0 | W66: =+IFERROR(VLOOKUP($L66,ACTIVIDADES!$B$9:$X$493,12,0),"") -> 0 | X66: =+IFERROR(VLOOKUP($L66,ACTIVIDADES!$B$9:$X$493,13,0),"") -> 46153 | Y66: =+IFERROR(VLOOKUP($L66,ACTIVIDADES!$B$9:$X$493,14,0),"") -> No se evidencia seguimiento | Z66: =+IFERROR(VLOOKUP($L66,ACTIVIDADES!$B$9:$X$493,15,0),"") -> 0 | AA66: =+IFERROR(VLOOKUP($L66,ACTIVIDADES!$B$9:$X$493,16,0),"") -> VENCIDO | AB66: 46157 | AC66: 0 | AD66: No fue posible identificar evidencias para el presente período de análisis | AE66: VENCIDA | AF66: No aplica | AG66: No aplica | AH66: No aplica
A67: =+A66+1 -> 59 | B67: Auditoría interna | C67: 2020 | D67: Subdirección Administrativa y Financiera | F67: 2020_AD_H3 | G67: Se evidencia que no se cuenta con el programa de mantenimiento preventivo de las instalaciones y vehículo de la entidad. Incumpliendo lo establecido en el parágrafo 2, artículo 2.2.4.6.24 Decreto 1072 de 2015 | I67: El area administrativa de mantenimiento no realizo la planeacion en base al programa de mantenimiento preventivo de las instalaciones y vehículo de la entidad. | J67: El area administrativa de mantenimiento no realizo la planeacion en base al programa de mantenimiento preventivo de las instalaciones y vehículo de la entidad. | K67: Acción correctiva | L67: GA_AC02 | M67: Elaborar manual o instructivo o procedimiento sobre las actividades que se deben desarrollar para el mantenimiento preventivo y correctivo de los bienes a cargo de la entidad | N67: Documento elaborado | O67: 1 | P67: 46143 | Q67: 46295 | R67: =DAYS360(P67,Q67)/360*54 -> 22.35 | S67: 14. Gestión Administrativa | U67: =+IFERROR(VLOOKUP($L67,ACTIVIDADES!$B$9:$X$493,10,0),"") -> 0 | V67: =+IFERROR(VLOOKUP($L67,ACTIVIDADES!$B$9:$X$493,11,0)," ") -> En proceso de elaboración | W67: =+IFERROR(VLOOKUP($L67,ACTIVIDADES!$B$9:$X$493,12,0),"") -> https://dnbcgovco-my.sharepoint.com/:f:/g/personal/planeacion_dnbc_gov_co/IgD_grekOtWqQqtlM5-uKNzKAXw_t2tystb5VgPWhpKqINg?e=7IgzFu | X67: =+IFERROR(VLOOKUP($L67,ACTIVIDADES!$B$9:$X$493,13,0),"") -> 46153 | Y67: =+IFERROR(VLOOKUP($L67,ACTIVIDADES!$B$9:$X$493,14,0),"") -> No se evidencia avance para el periodo | Z67: =+IFERROR(VLOOKUP($L67,ACTIVIDADES!$B$9:$X$493,15,0),"") -> 0 | AA67: =+IFERROR(VLOOKUP($L67,ACTIVIDADES!$B$9:$X$493,16,0),"") -> EJECUCIÓN | AB67: 46170 | AC67: 0 | AD67: No fue posible identificar evidencias para el presente período de análisis | AE67: SIN INICIAR | AF67: No aplica | AG67: No aplica | AH67: No aplica
A68: =+A67+1 -> 60 | B68: Auditoría interna | C68: 2020 | D68: Subdirección Administrativa y Financiera | F68: 2020_AD_H3 | G68: Se evidencia que no se cuenta con el programa de mantenimiento preventivo de las instalaciones y vehículo de la entidad. Incumpliendo lo establecido en el parágrafo 2, artículo 2.2.4.6.24 Decreto 1072 de 2015 | I68: El area administrativa de mantenimiento no realizo la planeacion en base al programa de mantenimiento preventivo de las instalaciones y vehículo de la entidad. | J68: El area administrativa de mantenimiento no realizo la planeacion en base al programa de mantenimiento preventivo de las instalaciones y vehículo de la entidad. | K68: Acción correctiva | L68: GA_AC03 | M68: Elaborar y Ejecutar plan o programa de mantenimiento exigidos por la norma. | N68: Plan o programa de mantenimiento ejecutado | O68: 1 | P68: 46143 | Q68: 46387 | R68: =DAYS360(P68,Q68)/360*54 -> 36 | S68: 14. Gestión Administrativa | U68: =+IFERROR(VLOOKUP($L68,ACTIVIDADES!$B$9:$X$493,10,0),"") -> 0 | V68: =+IFERROR(VLOOKUP($L68,ACTIVIDADES!$B$9:$X$493,11,0)," ") -> En proceso de elaboración | W68: =+IFERROR(VLOOKUP($L68,ACTIVIDADES!$B$9:$X$493,12,0),"") -> https://dnbcgovco-my.sharepoint.com/:f:/g/personal/planeacion_dnbc_gov_co/IgCHix03hdsORJdFzXwbKzzkAYCwKvT-WMSbymO7s_ZNdBo?e=tzOHt9 | X68: =+IFERROR(VLOOKUP($L68,ACTIVIDADES!$B$9:$X$493,13,0),"") -> 46153 | Y68: =+IFERROR(VLOOKUP($L68,ACTIVIDADES!$B$9:$X$493,14,0),"") -> No se evidencia avance para el periodo | Z68: =+IFERROR(VLOOKUP($L68,ACTIVIDADES!$B$9:$X$493,15,0),"") -> 0 | AA68: =+IFERROR(VLOOKUP($L68,ACTIVIDADES!$B$9:$X$493,16,0),"") -> EJECUCIÓN | AB68: 46170 | AC68: 0 | AD68: No fue posible identificar evidencias para el presente período de análisis | AE68: SIN INICIAR | AF68: No aplica | AG68: No aplica | AH68: No aplica
A69: =+A68+1 -> 61 | B69: Auditoría interna | C69: 2020 | D69: Subdirección Administrativa y Financiera | F69: 2020_CO_H2 | G69: Se evidenció diferencias en la información registrada en el SIGEP y la base de datos de Gestión Contractual, ya que comparando la base de datos de los contratos de prestación de servicios profesionales y de apoyo a la gestión con la información de las hojas de vida cargada, se encontró que noventa y tres (93) contratistas de la entidad en la vigencia 2020, no se encuentran en la base de datos de SIGEP, de otro lado, en el aplicativo SIGEP se encuentra el registro Juan Estaban Giraldo Suarez con CC 98716669, pero no en esta en la base de datos de Contratación. Si bien es cierto, el aplicativo durante la vigencia 2020 presentó fallas o estuvo temporalmente fuera de servicio, la entidad no tomó las medidas para asegurar que se actualizara dicha información por parte de los contratistas, incumpliendo lo establecido en el Decreto 2842 de 2010, Artículo 11 “La información registrada y su actualización debe ser verificada por el Jefe de Recursos Humanos o de Contratos o quienes hagan sus veces. Así como el artículo 7°. Responsabilidades de los representantes legales de las instituciones públicas que se integren al SIGEP y de los jefes de control interno. Las entidades y organismos a quienes se aplica el presente decreto son responsables de la operación, registro, actualización y gestión de la información de cada institución y del recurso humano a su servicio. | I69: 1. Porque: Durante el periodo 2020, el sistema SIGEP presentó fallas y estuvo fuera de servicio durante periodos significativos. 2. Porque: La lista de chequeo contiene dentro de la información requerida la validación de la hoja de vida del sistema SIGEP. pero no hay una validación de la vinculación en el SIGEP por parte de la entidad. 3. Porque: hay una Actualización y control deficitario por parte de la supervisión contractual frente a la vinculación y desvinculación del contratista en el sistema SIGEP . 4. Problemas de fiabilidad de la información SIGEP por fallas técnicas del mismo y activación y desactivación por parte de la entidad. | J69: Problemas de fiabilidad de la información SIGEP por fallas técnicas del mismo y activación y desactivación por parte de la entidad. | K69: Acción correctiva | L69: GC_AC5 | M69: Establecer en el procedimiento contractual actividades o notas donde se indique acciones a realizar para 1. asociar el contratista a la entidad en el SIGEP cuando se vaya a contractar y se elimine cuando se desvincule 2. Subsanar inconsistencias en registros SECOP 3. Inclusión de verificación de documentos y check list , incluyendo información sociodemografica para personas naturales4. AJustar actividad de acta de inicio indicando la necesidad de cargue en secop. | N69: Procedimiento actualizados | O69: 1 | P69: 46113 | Q69: 46387 | R69: =DAYS360(P69,Q69)/360*54 -> 40.5 | S69: 15. Gestión Contractual | T69: Se actualiza | U69: =+IFERROR(VLOOKUP($L69,ACTIVIDADES!$B$9:$X$493,10,0),"") -> 0 | V69: =+IFERROR(VLOOKUP($L69,ACTIVIDADES!$B$9:$X$493,11,0)," ") -> Se informa que esta en etapa de elaboración | W69: =+IFERROR(VLOOKUP($L69,ACTIVIDADES!$B$9:$X$493,12,0),"") -> 0 | X69: =+IFERROR(VLOOKUP($L69,ACTIVIDADES!$B$9:$X$493,13,0),"") -> 46153 | Y69: =+IFERROR(VLOOKUP($L69,ACTIVIDADES!$B$9:$X$493,14,0),"") -> No ha dado inicio a la ejecución | Z69: =+IFERROR(VLOOKUP($L69,ACTIVIDADES!$B$9:$X$493,15,0),"") -> 0 | AA69: =+IFERROR(VLOOKUP($L69,ACTIVIDADES!$B$9:$X$493,16,0),"") -> EJECUCIÓN | AB69: 46157 | AC69: 0 | AD69: No fue posible identificar evidencias para el presente período de análisis | AE69: SIN INICIAR | AF69: No aplica | AG69: No aplica | AH69: No aplica
A70: =+A69+1 -> 62 | B70: Auditoría interna | C70: 2021 | D70: Dirección General | E70: PC-PE-FSP-01- Formulación Seguimiento Plan Anual Adquisiciones | F70: 2021_CO_H6 | G70: Se constituyeron Reservas Presupuestales por Funcionamiento por la suma de $132.264.139.00 equivalente al 2.70% y para Inversión en $13.909.961.321 que corresponde al 27.22%, frente al presupuesto del año 2019, superando lo máximo permitido por el Gobierno Nacional conforme lo descrito en el Decreto 1068 de 2015 en su Artículo 2.8.1.7.3.5. | H70: GESTIÓN PRESUPUESTAL Y EFICIENCIA DEL GASTO PÚBLICO | I70: Porque la entidad no dispone del 100% de los recursos asignados, para cubrir el mínimo permitido en la constitución del Rezago, descrito en el Decreto 1068 de 2015. Porque los Supervisores de los contratos no efectuaron un seguimiento permanente a la ejecucion de los mismos. Debilidad en el seguimiento al PAA por parte de las areas interesadas Porque no hubo un adecuado principio de Planeación. | J70: Porque no hubo un adecuado principio de Planeación. | K70: Acción correctiva | L70: PE_A1 | M70: Realizar el Procedimiento para la generación del PAA | N70: Procedimiento Generado. | O70: 1 | P70: 44409 | Q70: 44438 | R70: =DAYS360(P70,Q70)/360*54 -> 4.35 | S70: 01. Planeación Estratégica | T70: Acción Cumplida Pendiente evaluación tercera Linea | U70: =+IFERROR(VLOOKUP($L70,ACTIVIDADES!$B$9:$X$493,10,0),"") -> 1 | V70: =+IFERROR(VLOOKUP($L70,ACTIVIDADES!$B$9:$X$493,11,0)," ") -> Se generó por parte del Planeación Estratégica, el procedimiento denominado Formulacion y seguimiento Plan Anual de Adquisiones, codigo: PC-PE-01 Version 1. El procedimiento Actualmente se encuentra en V3. | W70: =+IFERROR(VLOOKUP($L70,ACTIVIDADES!$B$9:$X$493,12,0),"") -> https://dnbcgovco-my.sharepoint.com/:b:/g/personal/planeacion_dnbc_gov_co/IQDNdvWv1y91Tp4Dh16MArLvAdjffmzNDv9k9_c3is0NPQs?e=nxlmmL | X70: =+IFERROR(VLOOKUP($L70,ACTIVIDADES!$B$9:$X$493,13,0),"") -> 46153 | Y70: =+IFERROR(VLOOKUP($L70,ACTIVIDADES!$B$9:$X$493,14,0),"") -> Se evidencia creación de procedimiento PC-PE-FSP-01 Formulación Seguimiento Plan Anual Adquisiciones y posteriores actualizaciones. | Z70: =+IFERROR(VLOOKUP($L70,ACTIVIDADES!$B$9:$X$493,15,0),"") -> 1 | AA70: =+IFERROR(VLOOKUP($L70,ACTIVIDADES!$B$9:$X$493,16,0),"") -> CUMPLIDO | AB70: 46178 | AC70: 1 | AD70: Se evidencia que se encuentra documentado el Procedimiento de Formulación y Seguimiento del Plan Anual de Adquisiciones (PAA), código PC-PE-FSP-01-V3, aprobado el 14 de junio de 2024.Se recomienda el fortalecimiento de los mecanismos de control asociados al seguimiento de la ejecución contractual y presupuestal, mediante la implementación de alertas tempranas, análisis de desviaciones y acciones oportunas que contribuyan a prevenir la materialización de rezagos presupuestales y la constitución de reservas por encima de los límites establecidos en la normatividad vigente. | AE70: C. OPORTUNAMENTE | AF70: No aplica | AG70: No aplica | AH70: No aplica
A71: =+A70+1 -> 63 | B71: Auditoría interna | C71: 2021 | D71: Dirección General | E71: PC-PE-FSP-01- Formulación Seguimiento Plan Anual Adquisiciones | F71: 2021_CO_H6 | G71: Se constituyeron Reservas Presupuestales por Funcionamiento por la suma de $132.264.139.00 equivalente al 2.70% y para Inversión en $13.909.961.321 que corresponde al 27.22%, frente al presupuesto del año 2019, superando lo máximo permitido por el Gobierno Nacional conforme lo descrito en el Decreto 1068 de 2015 en su Artículo 2.8.1.7.3.5. | H71: GESTIÓN PRESUPUESTAL Y EFICIENCIA DEL GASTO PÚBLICO | I71: Porque la entidad no dispone del 100% de los recursos asignados, para cubrir el mínimo permitido en la constitución del Rezago, descrito en el Decreto 1068 de 2015. Porque los Supervisores de los contratos no efectuaron un seguimiento permanente a la ejecucion de los mismos. Debilidad en el seguimiento al PAA por parte de las areas interesadas Porque no hubo un adecuado principio de Planeación. | J71: Porque no hubo un adecuado principio de Planeación. | K71: Acción correctiva | L71: PE_A2 | M71: Generar el PAA conforme a los lineamientos establecidos por Colombia Compra Eficiente, indicando los procesos que se adelantaran, responsables, fechas de inicio y finalización, cuantia, tipo de proceso, reponsables de generar estudios entre otros. | N71: PAA constituido | O71: 1 | P71: 44409 | Q71: 44742 | R71: =DAYS360(P71,Q71)/360*54 -> 49.35 | S71: 01. Planeación Estratégica | T71: Acción Cumplida Pendiente evaluación tercera Linea | U71: =+IFERROR(VLOOKUP($L71,ACTIVIDADES!$B$9:$X$493,10,0),"") -> 1 | V71: =+IFERROR(VLOOKUP($L71,ACTIVIDADES!$B$9:$X$493,11,0)," ") -> Durante la vigencia 2022 se realizaron ejercicios para la construcción de formatos que capturaran información acorde a lineamientos de CCE. En PAA 2026 fue publicado acorde con el formato construido | W71: =+IFERROR(VLOOKUP($L71,ACTIVIDADES!$B$9:$X$493,12,0),"") -> https://dnbc.gov.co/plan-anual-de-adquisiciones/ | X71: =+IFERROR(VLOOKUP($L71,ACTIVIDADES!$B$9:$X$493,13,0),"") -> 46153 | Y71: =+IFERROR(VLOOKUP($L71,ACTIVIDADES!$B$9:$X$493,14,0),"") -> Se evidencia publicación reciente de PAA | Z71: =+IFERROR(VLOOKUP($L71,ACTIVIDADES!$B$9:$X$493,15,0),"") -> 1 | AA71: =+IFERROR(VLOOKUP($L71,ACTIVIDADES!$B$9:$X$493,16,0),"") -> CUMPLIDO | AB71: 46178 | AC71: 1 | AD71: Se evidencia que el Plan Anual de Adquisiciones (PAA) cumple, en términos generales, con los lineamientos de Colombia Compra Eficiente, incorporando los códigos UNSPSC, las modalidades de selección y la articulación con el presupuesto institucional. No obstante, desde la tercera línea de defensa, se recomienda fortalecer la calidad de la información registrada mediante la validación de los datos de contacto de los responsables y la depuración de elementos no requeridos para el cargue en SECOP II, con el fin de prevenir inconsistencias y garantizar la correcta publicación del instrumento. | AE71: C. EXTRATEMPORANEAMENTE | AF71: No aplica | AG71: ABIERTO | AH71: De acuerdo con el procedimiento "Formulación, monitoreo y seguimiento a planes de mejoramiento internos y externos, V06 del 20/055/2026", se realizará la evaluación de la efectividad, cuando pasado un (1) año de su cumplimiento (31//03/2026), Control Interno establecerá si, las acciones propuestas o planeadas eliminaron o subsanaron la causa que generó el hallazgo, o se han modificado los supuestos de hecho o de derecho que dieron origen al mismo.
A72: =+A71+1 -> 64 | B72: Auditoría interna | C72: 2021 | D72: Dirección General | E72: PC-PE-FSP-01- Formulación Seguimiento Plan Anual Adquisiciones | F72: 2021_CO_H6 | G72: Se constituyeron Reservas Presupuestales por Funcionamiento por la suma de $132.264.139.00 equivalente al 2.70% y para Inversión en $13.909.961.321 que corresponde al 27.22%, frente al presupuesto del año 2019, superando lo máximo permitido por el Gobierno Nacional conforme lo descrito en el Decreto 1068 de 2015 en su Artículo 2.8.1.7.3.5. | H72: GESTIÓN PRESUPUESTAL Y EFICIENCIA DEL GASTO PÚBLICO | I72: Porque la entidad no dispone del 100% de los recursos asignados, para cubrir el mínimo permitido en la constitución del Rezago, descrito en el Decreto 1068 de 2015. Porque los Supervisores de los contratos no efectuaron un seguimiento permanente a la ejecucion de los mismos. Debilidad en el seguimiento al PAA por parte de las areas interesadas Porque no hubo un adecuado principio de Planeación. | J72: Porque no hubo un adecuado principio de Planeación. | K72: Acción correctiva | L72: PE_A3 | M72: Realizar seguimiento mensual al PAA, y presentarlo a la Alta Dirección para la respectiva toma de decisiones. | N72: Informes de seguimiento | O72: 12 | P72: 44409 | Q72: 44742 | R72: =DAYS360(P72,Q72)/360*54 -> 49.35 | S72: 01. Planeación Estratégica | T72: Acción Cumplida Pendiente evaluación tercera Linea | U72: =+IFERROR(VLOOKUP($L72,ACTIVIDADES!$B$9:$X$493,10,0),"") -> 1 | V72: =+IFERROR(VLOOKUP($L72,ACTIVIDADES!$B$9:$X$493,11,0)," ") -> Durante las vigencias 2022 y 2023 se presentaron informes de seguimiento al PAA en los comités de contratación. Esta actividad sigue contemplada en el procedimiento vigente | W72: =+IFERROR(VLOOKUP($L72,ACTIVIDADES!$B$9:$X$493,12,0),"") -> https://dnbcgovco-my.sharepoint.com/:b:/g/personal/planeacion_dnbc_gov_co/IQDNdvWv1y91Tp4Dh16MArLvAdjffmzNDv9k9_c3is0NPQs?e=nxlmmL | X72: =+IFERROR(VLOOKUP($L72,ACTIVIDADES!$B$9:$X$493,13,0),"") -> 46153 | Y72: =+IFERROR(VLOOKUP($L72,ACTIVIDADES!$B$9:$X$493,14,0),"") -> Se evidencia documentación de la actividad en el procedimiento. Se ha realizado seguimientos durante 2026 en matriz de gestión contractual | Z72: =+IFERROR(VLOOKUP($L72,ACTIVIDADES!$B$9:$X$493,15,0),"") -> 1 | AA72: =+IFERROR(VLOOKUP($L72,ACTIVIDADES!$B$9:$X$493,16,0),"") -> CUMPLIDO | AB72: 46178 | AC72: 1 | AD72: Se evidencia que la primera línea de defensa manifiesta que durante las vigencias 2022 y 2023 se presentaron ante el Comité de Contratación los informes de seguimiento al Plan Anual de Adquisiciones (PAA), con el propósito de exponer el avance de la ejecución contractual y presupuestal de la entidad. Asimismo, la segunda línea de defensa menciona que la primera relaciona como evidencia el Procedimiento de Formulación y Seguimiento del Plan Anual de Adquisiciones (PAA), código PC-PE-FSP-01-V3, aprobado el 14 de junio de 2024, e indica que los seguimientos se realizan mediante la matriz de gestión contractual; sin embargo, al verificar el enlace suministrado, únicamente fue posible evidenciar el procedimiento mencionado, sin encontrarse los informes de seguimiento, reportes de ejecución, alertas tempranas o demás soportes que permitan corroborar la ejecución de las actividades descritas. En consecuencia, se recomienda que en futuros seguimientos se incorporen como evidencia los informes mensuales del PAA, los análisis de ejecución contractual y presupuestal, así como las alertas generadas frente a posibles rezagos, con el fin de demostrar la gestión realizada, facilitar la toma oportuna de decisiones por parte de la Alta Dirección y contribuir al cumplimiento de las metas institucionales y a la reducción del riesgo de constitución de reservas presupuestales al cierre de la vigencia. | AE72: C. EXTRATEMPORANEAMENTE | AF72: No aplica | AG72: ABIERTO | AH72: De acuerdo con el procedimiento "Formulación, monitoreo y seguimiento a planes de mejoramiento internos y externos, V06 del 20/055/2026", se realizará la evaluación de la efectividad, cuando pasado un (1) año de su cumplimiento (31//03/2026), Control Interno establecerá si, las acciones propuestas o planeadas eliminaron o subsanaron la causa que generó el hallazgo, o se han modificado los supuestos de hecho o de derecho que dieron origen al mismo.
A73: =+A72+1 -> 65 | B73: Auditoría interna | C73: 2021 | D73: Dirección General | E73: PC-PE-FSP-01- Formulación Seguimiento Plan Anual Adquisiciones | F73: 2021_CO_H6 | G73: Se constituyeron Reservas Presupuestales por Funcionamiento por la suma de $132.264.139.00 equivalente al 2.70% y para Inversión en $13.909.961.321 que corresponde al 27.22%, frente al presupuesto del año 2019, superando lo máximo permitido por el Gobierno Nacional conforme lo descrito en el Decreto 1068 de 2015 en su Artículo 2.8.1.7.3.5. | H73: GESTIÓN PRESUPUESTAL Y EFICIENCIA DEL GASTO PÚBLICO | I73: Porque la entidad no dispone del 100% de los recursos asignados, para cubrir el mínimo permitido en la constitución del Rezago, descrito en el Decreto 1068 de 2015. Porque los Supervisores de los contratos no efectuaron un seguimiento permanente a la ejecucion de los mismos. Debilidad en el seguimiento al PAA por parte de las areas interesadas Porque no hubo un adecuado principio de Planeación. | J73: Porque no hubo un adecuado principio de Planeación. | K73: Acción correctiva | L73: PE_A4 | M73: Realizar el seguimiento de la ejecucion presupuestal de los gastos de funcionamiento (Semáforo) y los gastos de inversion (Cadena de Valor) en forma mensual y presentarlo a la Alta Direccion y a Gestión Contractual para realizar el seguimiento y evaluar los procesos contractuales que no se hallan adelantado y los que estan curso. | N73: Reportes de seguimientos de la ejecucion presupestal de los gastos de funcionamiento (Semáforo) y los gastos de inversion (Cadena de Valor), realizados y presentados a la Alta Direccion y a Gestión Contractual | O73: 12 | P73: 44409 | Q73: 44742 | R73: =DAYS360(P73,Q73)/360*54 -> 49.35 | S73: 01. Planeación Estratégica | T73: Acción Cumplida Pendiente evaluación tercera Linea | U73: =+IFERROR(VLOOKUP($L73,ACTIVIDADES!$B$9:$X$493,10,0),"") -> 1 | V73: =+IFERROR(VLOOKUP($L73,ACTIVIDADES!$B$9:$X$493,11,0)," ") -> Durante las vigencias 2022 y 2023 se presentaron informes de seguimiento al en los comités directivos. Esta actividad sigue realizandose y se ha realizado durante el primer trimestre de la vigencia 2026 | W73: =+IFERROR(VLOOKUP($L73,ACTIVIDADES!$B$9:$X$493,12,0),"") -> https://dnbcgovco-my.sharepoint.com/:f:/g/personal/planeacion_dnbc_gov_co/IgAwRNaujcVWS71Oq-WCF_AGAcRdBSypMFYYtevfmuGwQSg?e=uNwP8x | X73: =+IFERROR(VLOOKUP($L73,ACTIVIDADES!$B$9:$X$493,13,0),"") -> 46153 | Y73: =+IFERROR(VLOOKUP($L73,ACTIVIDADES!$B$9:$X$493,14,0),"") -> Se evidencian actas de comité directivo | Z73: =+IFERROR(VLOOKUP($L73,ACTIVIDADES!$B$9:$X$493,15,0),"") -> 1 | AA73: =+IFERROR(VLOOKUP($L73,ACTIVIDADES!$B$9:$X$493,16,0),"") -> CUMPLIDO | AB73: 46178 | AC73: 1 | AD73: Se evidencia la presentación de actas, correos de convocatoria y presentaciones del Comité Institucional de Gestión y Desempeño como soporte del seguimiento a la ejecución presupuestal de los gastos de funcionamiento e inversión y su socialización ante la Alta Dirección. No obstante, la evidencia aportada no permite verificar de manera integral el seguimiento al Plan Anual de Adquisiciones (PAA), el estado de los procesos contractuales programados, ni las acciones implementadas para prevenir posibles rezagos. En consecuencia, desde la tercera línea de defensa, se recomienda fortalecer el soporte documental de los seguimientos realizados, incorporando informes del PAA, análisis del avance contractual, alertas tempranas y las acciones adoptadas para el cierre de brechas identificadas. | AE73: C. EXTRATEMPORANEAMENTE | AF73: No aplica | AG73: ABIERTO | AH73: De acuerdo con el procedimiento "Formulación, monitoreo y seguimiento a planes de mejoramiento internos y externos, V06 del 20/055/2026", se realizará la evaluación de la efectividad, cuando pasado un (1) año de su cumplimiento (31//03/2026), Control Interno establecerá si, las acciones propuestas o planeadas eliminaron o subsanaron la causa que generó el hallazgo, o se han modificado los supuestos de hecho o de derecho que dieron origen al mismo.
A74: =+A73+1 -> 66 | B74: Auditoría interna | C74: 2021 | D74: Subdirección Administrativa y Financiera | F74: 2021_CO_H6 | G74: Se constituyeron Reservas Presupuestales por Funcionamiento por la suma de $132.264.139.00 equivalente al 2.70% y para Inversión en $13.909.961.321 que corresponde al 27.22%, frente al presupuesto del año 2019, superando lo máximo permitido por el Gobierno Nacional conforme lo descrito en el Decreto 1068 de 2015 en su Artículo 2.8.1.7.3.5. | I74: Porque la entidad no dispone del 100% de los recursos asignados, para cubrir el mínimo permitido en la constitución del Rezago, descrito en el Decreto 1068 de 2015. Porque los Supervisores de los contratos no efectuaron un seguimiento permanente a la ejecucion de los mismos. Debilidad en el seguimiento al PAA por parte de las areas interesadas Porque no hubo un adecuado principio de Planeación. | J74: Porque no hubo un adecuado principio de Planeación. | K74: Acción correctiva | L74: GC_AC1 | M74: Seguimiento al Plan de adquisiciones realizados y validación con el cargue de información con SECOP | N74: Seguimientos realizados | O74: 9 | P74: 46113 | Q74: 46387 | R74: =DAYS360(P74,Q74)/360*54 -> 40.5 | S74: 15. Gestión Contractual | T74: En mesa de trabajo se actualización | U74: =+IFERROR(VLOOKUP($L74,ACTIVIDADES!$B$9:$X$493,10,0),"") -> 1 | V74: =+IFERROR(VLOOKUP($L74,ACTIVIDADES!$B$9:$X$493,11,0)," ") -> Se informa que ya se realizaron los ajustes correspondientes en la página principal del sitio web de la Entidad, conforme a lo establecido en el Anexo 2 de la Resolución 1519 de 2020. En este sentido, se implementó la sección “Transparencia y acceso a la información pública”, así como la inclusión del footer (pie de página) GOV.CO y el nuevo menú de Atención y Servicios a la Ciudadanía y Participa. | W74: =+IFERROR(VLOOKUP($L74,ACTIVIDADES!$B$9:$X$493,12,0),"") -> https://dnbc.gov.co/transparencia-y-acceso-a-la-informacion-publica/ | X74: =+IFERROR(VLOOKUP($L74,ACTIVIDADES!$B$9:$X$493,13,0),"") -> 46153 | Y74: =+IFERROR(VLOOKUP($L74,ACTIVIDADES!$B$9:$X$493,14,0),"") -> Se adjunta pabtallazo de pagina web donde se evidencia la creación del portal de transparencia | Z74: =+IFERROR(VLOOKUP($L74,ACTIVIDADES!$B$9:$X$493,15,0),"") -> 1 | AA74: =+IFERROR(VLOOKUP($L74,ACTIVIDADES!$B$9:$X$493,16,0),"") -> CUMPLIDO | AB74: 46157 | AC74: 0 | AD74: Se evidencio que la accion formulada carece de soportes que permitan verificar el cumplimiento de la actividad, toda vez que los documentos reportados no incluyen segumientos al plan anual de adquisiciones. | AE74: SIN INICIAR | AF74: No aplica | AG74: ABIERTO | AH74: De acuerdo con el procedimiento "Formulación, monitoreo y seguimiento a planes de mejoramiento internos y externos, V06 del 20/055/2026", se realizará la evaluación de la efectividad, cuando pasado un (1) año de su cumplimiento (31//03/2026), Control Interno establecerá si, las acciones propuestas o planeadas eliminaron o subsanaron la causa que generó el hallazgo, o se han modificado los supuestos de hecho o de derecho que dieron origen al mismo.
A75: =+A74+1 -> 67 | B75: Auditoría interna | C75: 2021 | D75: Dirección General | F75: 2021_CO_H6 | G75: Se constituyeron Reservas Presupuestales por Funcionamiento por la suma de $132.264.139.00 equivalente al 2.70% y para Inversión en $13.909.961.321 que corresponde al 27.22%, frente al presupuesto del año 2019, superando lo máximo permitido por el Gobierno Nacional conforme lo descrito en el Decreto 1068 de 2015 en su Artículo 2.8.1.7.3.5. | I75: Porque la entidad no dispone del 100% de los recursos asignados, para cubrir el mínimo permitido en la constitución del Rezago, descrito en el Decreto 1068 de 2015. Porque los Supervisores de los contratos no efectuaron un seguimiento permanente a la ejecucion de los mismos. Debilidad en el seguimiento al PAA por parte de las areas interesadas Porque no hubo un adecuado principio de Planeación. | J75: Porque no hubo un adecuado principio de Planeación. | K75: Acción correctiva | L75: GJ_AC1 | M75: Constituir el Comité de Contratacion estableciendo funciones y reglamento | N75: Acto administrativo con la creacion del Comité de Contratacion | O75: 1 | P75: 44409 | Q75: 44439 | R75: =DAYS360(P75,Q75)/360*54 -> 4.5 | S75: 16. Gestión Jurídica | U75: =+IFERROR(VLOOKUP($L75,ACTIVIDADES!$B$9:$X$493,10,0),"") -> 0 | V75: =+IFERROR(VLOOKUP($L75,ACTIVIDADES!$B$9:$X$493,11,0)," ") -> 0 | W75: =+IFERROR(VLOOKUP($L75,ACTIVIDADES!$B$9:$X$493,12,0),"") -> 0 | X75: =+IFERROR(VLOOKUP($L75,ACTIVIDADES!$B$9:$X$493,13,0),"") -> 46153 | Y75: =+IFERROR(VLOOKUP($L75,ACTIVIDADES!$B$9:$X$493,14,0),"") -> No se realizó seguimiento | Z75: =+IFERROR(VLOOKUP($L75,ACTIVIDADES!$B$9:$X$493,15,0),"") -> 0 | AA75: =+IFERROR(VLOOKUP($L75,ACTIVIDADES!$B$9:$X$493,16,0),"") -> VENCIDO | AB75: 46157 | AC75: 0 | AD75: No fue posible identificar evidencias para el presente período de análisis | AE75: VENCIDA | AF75: No aplica | AG75: No aplica | AH75: No aplica
A76: =+A75+1 -> 68 | B76: Auditoría interna | C76: 2021 | D76: Subdirección Administrativa y Financiera | F76: 2021_DI_H2 | G76: Se evidenciaron falencias en lo que respecta a las solicitudes de PAC e informes mensuales, incumpliendo con las Directrices establecidas en el Correo Electrónico del 07 de enero emitido por el Proceso de Gestión Financiera, así como con lo indicado en el artículo 72 de la ley 38 de 1989 y con el decreto 359 de 1995; por cuanto: *Los Supervisores y responsables de las Áreas no solicitaron de manera mensual el PAC requerido para la cancelación de las obligaciones a su cargo de ninguno de los contratos que se constituyeron en el rezago Presupuestal *No se evidenciaron los Informes mensuales del PAC solicitado por la DNBC y el PAC aprobado por el MINHACIENDA, de ninguno de los contratos que se constituyeron en el rezago Presupuestal * En relación al PAC del Rezago Presupuestal, no fue actualizado contemplando los Otros Si modificatorios, ni los pagos que efectivamente se realizarían durante el cuarto trimestre de 2020, ya que fue remitida al Minhacienda una proyección del PAC de las Reservas a comienzos del mes de septiembre de 2020, es decir, no estaba ajustada a la Realidad de los compromisos a cancelar asi: contratos 260, 266, 282, 289, 290 de 2020 y orden de compra 56640 de 2020. | H76: GESTIÓN PRESUPUESTAL Y EFICIENCIA DEL GASTO PÚBLICO | I76: Porque los Supervisores de los contratos no efectuaron un seguimiento permanente a la ejecucion de los mismos. Porque no hubo un adecuado principio de Planeación. Desconocimiento de las responsabilidades por parte de los Supervisores de los Contratos. | J76: Desconocimiento de las responsabilidades por parte de los Supervisores de los Contratos | K76: Acción correctiva | L76: GF_AC7 | M76: Formulación de procedimiento de Programación y Seguimiento a la ejecución presupuestal | N76: Procedimiento formulado | O76: 1 | P76: 46023 | Q76: 46112 | R76: =DAYS360(P76,Q76)/360*54 -> 13.5 | S76: 13. Gestión Financiera / 01. Planeación Estratégica | U76: =+IFERROR(VLOOKUP($L76,ACTIVIDADES!$B$9:$X$493,10,0),"") -> 1 | V76: =+IFERROR(VLOOKUP($L76,ACTIVIDADES!$B$9:$X$493,11,0)," ") -> Como evidencia queda el proceso PC-PE-05 Programación y seguimiento presupuestal V1 | W76: =+IFERROR(VLOOKUP($L76,ACTIVIDADES!$B$9:$X$493,12,0),"") -> https://dnbcgovco-my.sharepoint.com/:f:/g/personal/planeacion_dnbc_gov_co/IgAKPZEalRp3T7O44VwZjBLlARF86VpmllJA36VR9-2qDG8?e=W6XaGX | X76: =+IFERROR(VLOOKUP($L76,ACTIVIDADES!$B$9:$X$493,13,0),"") -> 46153 | Y76: =+IFERROR(VLOOKUP($L76,ACTIVIDADES!$B$9:$X$493,14,0),"") -> Se formuló durante el primer trimestre el procedimiento PC-PE-05 Programación y seguimiento presupuestal V1 | Z76: =+IFERROR(VLOOKUP($L76,ACTIVIDADES!$B$9:$X$493,15,0),"") -> 1 | AA76: =+IFERROR(VLOOKUP($L76,ACTIVIDADES!$B$9:$X$493,16,0),"") -> CUMPLIDO | AB76: 46170 | AC76: 1 | AD76: Se evidencia la elaboracion del procedimiento de la programacion y seguimiento presupuestal PC-PE-05 de fecha 24/02/2026, lo que permite verificar el cumplimiento de la actividad dentro del plazo establecido | AE76: C. OPORTUNAMENTE | AF76: No aplica | AG76: ABIERTO | AH76: De acuerdo con el procedimiento "Formulación, monitoreo y seguimiento a planes de mejoramiento internos y externos, V06 del 20/055/2026", se realizará la evaluación de la efectividad, cuando pasado un (1) año de su cumplimiento (31//03/2026), Control Interno establecerá si, las acciones propuestas o planeadas eliminaron o subsanaron la causa que generó el hallazgo, o se han modificado los supuestos de hecho o de derecho que dieron origen al mismo.
